Workbook
Name Country: #REF!

Sheet Coverupd
D9: SME Performance Review 2025
B11: Table of Contents
B12: Summary Table | C12: Summary Table which illustrates the size and structure of the non-financial business economy in 2023
B13: Time Series | C13: Graphs summarising the development of SME indicators over time | H13: =Translateupd!B7 -> Greece
B14: Sectoral Distribution | C14: Graphs and tables on distribution of SMEs across sections (in comparison to EU27 average)
B15: Knowledge Intensity | C15: Data and graphs for SME indicators by knowledge-/technology-intensity of certain divisions
B16: High-Growth Enterprises | C16: Graphs on high-growth enterprises | H16: provided by COIN - JRC
B17: NoE 1DGT | C17: Data: Number of enterprises at section/1-digit level | H17: 31th December 2024
B18: NoE 2DGT | C18: Data: Number of enterprises at division/2-digit level
B19: EMP 1DGT | C19: Data: Number of persons employed at section/1-digit level
B20: EMP 2DGT | C20: Data: Number of persons employed at division/2-digit level
B21: VA 1DGT | C21: Data: Value added at section/1-digit level
B22: VA 2DGT | C22: Data: Value added at division/2-digit level
B23: VAinfl 1DGT | C23: Data: Value added adjusted for inflation at section/1-digit level
B24: VAinfl 2DGT | C24: Data: Value added adjusted for inflation at division/2-digit level
B25: HGE | C25: Data: High-growth enterprises
B26: Write-Up Calc | C26: Calculations: numbers referred to in the SBA Fact Sheets

Sheet Summary Tableupd
A1: This table summarises the economic structure and contrasts the relative importance of SMEs with the EU27 average (for the year 2024).
B5: Class size | C5: =[1]Translateupd!A3 -> Number of enterprises | F5: =[1]Translateupd!A4 -> Number of persons employed | I5: =[1]Translateupd!A5 -> Value added
C6: =Translateupd!B7 -> Greece | E6: EU | F6: =C6 -> Greece | H6: EU | I6: =C6 -> Greece | K6: EU
C7: =Translateupd!A24 -> Number | D7: =Translateupd!A25 -> Share | E7: =D7 -> Share | F7: Number | G7: =D7 -> Share | H7: =D7 -> Share | I7: Billion € | J7: =D7 -> Share | K7: =D7 -> Share
B8: =Translateupd!A29 -> Micro | C8: ='NoE 1DGT'!T11 -> 774137 | D8: =C8/C13 -> 0.94485651 | E8: 0.93647292 | F8: ='EMP 1DGT'!T11 -> 1425683 | G8: =F8/F13 -> 0.46793168 | H8: 0.30139036 | I8: ='VA 1DGT'!T11/1000 -> 20.433249 | J8: =I8/I13 -> 0.2476918 | K8: 0.20064874
B9: =Translateupd!A30 -> Small | C9: ='NoE 1DGT'!T12 -> 40158 | D9: =C9/C13 -> 0.049013996 | E9: 0.053657668 | F9: ='EMP 1DGT'!T12 -> 731950 | G9: =F9/F13 -> 0.24023755 | H9: 0.19509592 | I9: ='VA 1DGT'!T12/1000 -> 15.808097 | J9: =I9/I13 -> 0.19162572 | K9: 0.1661841
B10: =Translateupd!A31 -> Medium-sized | C10: ='NoE 1DGT'!T13 -> 4452 | D10: =C10/C13 -> 0.0054337942 | E10: 0.0081749163 | F10: ='EMP 1DGT'!T13 -> 421651 | G10: =F10/F13 -> 0.13839252 | H10: 0.1549673 | I10: ='VA 1DGT'!T13/1000 -> 15.603898 | J10: =I10/I13 -> 0.18915042 | K10: 0.16873199
B11: =Translateupd!A32 -> SMEs | C11: =SUM(C8:C10) -> 818747 | D11: =C11/C13 -> 0.9993043 | E11: 0.9983055 | F11: =SUM(F8:F10) -> 2579284 | G11: =F11/F13 -> 0.84656174 | H11: 0.65145357 | I11: =SUM(I8:I10) -> 51.845243 | J11: =I11/I13 -> 0.62846794 | K11: 0.53556483
B12: =Translateupd!A33 -> Large | C12: ='NoE 1DGT'!T14 -> 570 | D12: =C12/C13 -> 0.00069570142 | E12: 0.0016944997 | F12: ='EMP 1DGT'!T14 -> 467492 | G12: =F12/F13 -> 0.15343826 | H12: 0.34854643 | I12: ='VA 1DGT'!T14/1000 -> 30.649408 | J12: =I12/I13 -> 0.37153206 | K12: 0.46443517
B13: =Translateupd!A34 -> Total | C13: =C11+C12 -> 819317 | D13: =D8+D9+D10+D12 -> 1 | E13: 1 | F13: =F11+F12 -> 3046776 | G13: =G8+G9+G10+G12 -> 1 | H13: 1 | I13: =I11+I12 -> 82.49465 | J13: =J8+J9+J10+J12 -> 1 | K13: 1
B14: =Translateupd!A36 -> These are estimates for 2024 produced by JRC, based on 2008-22 figures from the Structural Business Statistics Database as well as provisional data for 2023-2024 from the Structural Business Statistics Database (2023 figures for certain indicators), the National Accounts database and the Short Term Business Statistics Database (all Eurostat). The data cover the 'non-financial business economy', which includes industry, construction, trade, and services (NACE Rev. 2 sections B to J, L, M, N & S95), but not enterprises in agriculture, forestry and fisheries and the largely non-market service sectors such as education and health. The following size-class definitions are applied: micro firms (0-9 persons employed), small firms (10-49 persons employed), medium-sized firms (50-249 persons employed), and large firms (250+ persons employed). The advantage of using Eurostat data is that the statistics are harmonised and comparable across countries. The disadvantage is that for some countries the data may be different from those published by national authorities.
B15: Please note that Value Added nowcasts / forecasts are not adjusted for inflation
B16: Estimations for sectors K, P, Q and R were impossible due to lack of previous data

Sheet Time Series
A1: This sheet containts various graphs for three SME indicators. The graphs plot the development over time (2008=100). In each graph, the solid lines turn into dashed lines as data from 2024 / 2023 onwards is mainly derived by now-casts and forecasts, respectively.
A2: The six graphs in the top row contrast the national development with the EU27 trend. The remaining graphs provide a more disaggregated picture to allow for comparisons across size-classes and sections.
W6: Break in time series: 2018
W7: * NACE sectors K, P, Q & R are omitted due to limited coverage (only 2021 - 2023)
W43: LEGEND
W44: Section B | X44: Mining and quarrying
W45: Section C | X45: Manufacturing
W46: Section D | X46: Electricity, gas, steam and air conditioning supply
W47: Section E | X47: Water supply; sewerage, waste management and remediation activities
W48: Section F | X48: Construction
W49: Section G | X49: Wholesale and retail trade; repair of motorvehicles and motorcycles
W50: Section H | X50: Transportation and storage
W51: Section I | X51: Accommodation and food services
W52: Section J | X52: Information and communication
W53: Section L | X53: Real estate activities
W54: Section M | X54: Professional, scientific and technical activities
W55: Section N | X55: Administrative and support services

Sheet Sectoral Distribution
A1: The graphs on this sheet illustrate the distribution of SMEs over different sectors.
B4: Number of SMEs by sectors, 2024 estimates
C5: =Translateupd!B7 -> Greece | E5: EU27
C6: No | D6: % | E6: No | F6: %
B7: Non-financial business economy | C7: =SUM(C8:C19) -> 812068 | D7: =SUM(D8:D19) -> 1 | E7: 25934811 | F7: 1
B8: Mining & quarrying | C8: ='NoE 1DGT'!T22 -> 614 | D8: =C8/$C$7 -> 0.00075609432 | E8: 17374 | F8: 0.00066991042
B9: Manufacturing | C9: ='NoE 1DGT'!T28 -> 58175 | D9: =C9/$C$7 -> 0.071638089 | E9: 2133645 | F9: 0.082269541
B10: Electricity, gas | C10: ='NoE 1DGT'!T34 -> 13738 | D10: =C10/$C$7 -> 0.016917302 | E10: 208054 | F10: 0.0080221907
B11: Water supply, sewerage, waste management | C11: ='NoE 1DGT'!T40 -> 2272 | D11: =C11/$C$7 -> 0.0027977953 | E11: 83147 | F11: 0.0032059998
B12: Construction | C12: ='NoE 1DGT'!T46 -> 81289 | D12: =C12/$C$7 -> 0.10010122 | E12: 3994562 | F12: 0.15402318
B13: Distributive trades | C13: ='NoE 1DGT'!T52 -> 257016 | D13: =C13/$C$7 -> 0.31649566 | E13: 5818158 | F13: 0.22433778
B14: Transportation & storage | C14: ='NoE 1DGT'!T58 -> 73669 | D14: =C14/$C$7 -> 0.090717772 | E14: 1464717 | F14: 0.056476872
B15: Accommodation & food services | C15: ='NoE 1DGT'!T64 -> 96221 | D15: =C15/$C$7 -> 0.11848885 | E15: 2023030 | F15: 0.078004424
B16: Information & communication | C16: ='NoE 1DGT'!T70 -> 25560 | D16: =C16/$C$7 -> 0.031475197 | E16: 1488829 | F16: 0.057406588
B17: Real estate | C17: ='NoE 1DGT'!T82 -> 15079 | D17: =C17/$C$7 -> 0.018568642 | E17: 1555269 | F17: 0.059968395
B18: Professional, scientific & technical activities | C18: ='NoE 1DGT'!T88 -> 157091 | D18: =C18/$C$7 -> 0.19344562 | E18: 5214360 | F18: 0.20105641
B19: Administrative & support services | C19: ='NoE 1DGT'!T94 -> 31344 | D19: =C19/$C$7 -> 0.038597753 | E19: 1933666 | F19: 0.074558708
B21: Manufacturing | C21: =C9 -> 58175 | D21: =C21/$C$7 -> 0.071638089 | E21: 2133645 | F21: 0.082269541
B22: Construction | C22: =C12 -> 81289 | D22: =C22/$C$7 -> 0.10010122 | E22: 3994562 | F22: 0.15402318
B23: Trade | C23: =C13 -> 257016 | D23: =C23/$C$7 -> 0.31649566 | E23: 5818158 | F23: 0.22433778
B24: Services | C24: =C14+C15+C16+C17+C18+C19 -> 398964 | D24: =C24/$C$7 -> 0.49129383 | E24: 13679871 | F24: 0.5274714
B27: Number of persons employed in SMEs by sectors, 2024 estimates
C28: =Translateupd!B7 -> Greece | E28: EU27
C29: No | D29: % | E29: No | F29: %
B30: Non-financial business economy | C30: =SUM(C31:C42) -> 2568323 | D30: =SUM(D31:D42) -> 1 | E30: 89474650 | F30: 1
B31: Mining & quarrying | C31: ='EMP 1DGT'!T22 -> 3385 | D31: =C31/$C$30 -> 0.0013179806 | E31: 165681 | F31: 0.0018517088
B32: Manufacturing | C32: ='EMP 1DGT'!T28 -> 298552 | D32: =C32/$C$30 -> 0.11624395 | E32: 15556431 | F32: 0.17386412
B33: Electricity, gas | C33: ='EMP 1DGT'!T34 -> 21910 | D33: =C33/$C$30 -> 0.0085308585 | E33: 447605 | F33: 0.0050025901
B34: Water supply, sewerage, waste management | C34: ='EMP 1DGT'!T40 -> 14246 | D34: =C34/$C$30 -> 0.0055468101 | E34: 771890 | F34: 0.0086269128
B35: Construction | C35: ='EMP 1DGT'!T46 -> 196165 | D35: =C35/$C$30 -> 0.076378633 | E35: 12474986 | F35: 0.13942481
B36: Distributive trades | C36: ='EMP 1DGT'!T52 -> 801080 | D36: =C36/$C$30 -> 0.31190781 | E36: 20518636 | F36: 0.22932346
B37: Transportation & storage | C37: ='EMP 1DGT'!T58 -> 169216 | D37: =C37/$C$30 -> 0.065885794 | E37: 5802598 | F37: 0.064851866
B38: Accommodation & food services | C38: ='EMP 1DGT'!T64 -> 560238 | D38: =C38/$C$30 -> 0.21813378 | E38: 9791053 | F38: 0.10942823
B39: Information & communication | C39: ='EMP 1DGT'!T70 -> 78341 | D39: =C39/$C$30 -> 0.030502783 | E39: 4350093 | F39: 0.048618162
B40: Real estate | C40: ='EMP 1DGT'!T82 -> 30616 | D40: =C40/$C$30 -> 0.011920619 | E40: 2431678 | F40: 0.027177284
B41: Professional, scientific & technical activities | C41: ='EMP 1DGT'!T88 -> 259744 | D41: =C41/$C$30 -> 0.1011337 | E41: 10376625 | F41: 0.11597279
B42: Administrative & support services | C42: ='EMP 1DGT'!T94 -> 134830 | D42: =C42/$C$30 -> 0.052497291 | E42: 6787374 | F42: 0.075858067
B44: Manufacturing | C44: =C32 -> 298552 | D44: =C44/$C$30 -> 0.11624395 | E44: 15556431 | F44: 0.17386412
B45: Construction | C45: =C35 -> 196165 | D45: =C45/$C$30 -> 0.076378633 | E45: 12474986 | F45: 0.13942481
B46: Trade | C46: =C36 -> 801080 | D46: =C46/$C$30 -> 0.31190781 | E46: 20518636 | F46: 0.22932346
B47: Services | C47: =C37+C38+C39+C40+C41+C42 -> 1232985 | D47: =C47/$C$30 -> 0.48007396 | E47: 39539421 | F47: 0.44190641
B51: Value added of SMEs by sectors (in mil. Euros), 2024 estimates
C52: =Translateupd!B7 -> Greece | E52: EU27
C53: Mil. Euros | D53: % | E53: Mil. Euros | F53: %
B54: Non-financial business economy | C54: =SUM(C55:C66) -> 51759.572 | D54: =SUM(D55:D66) -> 1 | E54: 4839756.6 | F54: 1
B55: Mining & quarrying | C55: ='VA 1DGT'!T22 -> 95.082746 | D55: =C55/$C$54 -> 0.001837008 | E55: 25376.921 | F55: 0.0052434292
B56: Manufacturing | C56: ='VA 1DGT'!T28 -> 7314.7637 | D56: =C56/$C$54 -> 0.14132195 | E56: 849499.14 | F56: 0.17552518
B57: Electricity, gas | C57: ='VA 1DGT'!T34 -> 1085.6841 | D57: =C57/$C$54 -> 0.020975523 | E57: 118523.1 | F57: 0.024489476
B58: Water supply, sewerage, waste management | C58: ='VA 1DGT'!T40 -> 273.21087 | D58: =C58/$C$54 -> 0.0052784609 | E58: 56738.429 | F58: 0.011723405
B59: Construction | C59: ='VA 1DGT'!T46 -> 3748.3067 | D59: =C59/$C$54 -> 0.072417654 | E59: 621563.72 | F59: 0.12842872
B60: Distributive trades | C60: ='VA 1DGT'!T52 -> 14007.982 | D60: =C60/$C$54 -> 0.27063559 | E60: 1079622.4 | F60: 0.22307371
B61: Transportation & storage | C61: ='VA 1DGT'!T58 -> 5472.0153 | D61: =C61/$C$54 -> 0.10571987 | E61: 301133.85 | F61: 0.062220866
B62: Accommodation & food services | C62: ='VA 1DGT'!T64 -> 5345.4286 | D62: =C62/$C$54 -> 0.1032742 | E62: 253431.94 | F62: 0.052364606
B63: Information & communication | C63: ='VA 1DGT'!T70 -> 2818.8507 | D63: =C63/$C$54 -> 0.054460471 | E63: 322774.94 | F63: 0.066692392
B64: Real estate | C64: ='VA 1DGT'!T82 -> 1835.5652 | D64: =C64/$C$54 -> 0.035463299 | E64: 269312.14 | F64: 0.055645803
B65: Professional, scientific & technical activities | C65: ='VA 1DGT'!T88 -> 6318.2203 | D65: =C65/$C$54 -> 0.12206864 | E65: 610705.3 | F65: 0.12618513
B66: Administrative & support services | C66: ='VA 1DGT'!T94 -> 3444.4612 | D66: =C66/$C$54 -> 0.066547328 | E66: 331074.64 | F66: 0.068407291
B68: Manufacturing | C68: =C56 -> 7314.7637 | D68: =C68/$C$54 -> 0.14132195 | E68: 849499.14 | F68: 0.17552518
B69: Construction | C69: =C59 -> 3748.3067 | D69: =C69/$C$54 -> 0.072417654 | E69: 621563.72 | F69: 0.12842872
B70: Trade | C70: =C60 -> 14007.982 | D70: =C70/$C$54 -> 0.27063559 | E70: 1079622.4 | F70: 0.22307371
B71: Services | C71: =C61+C62+C63+C64+C65+C66 -> 25234.541 | D71: =C71/$C$54 -> 0.48753381 | E71: 2088432.8 | F71: 0.43151609

Sheet Knowledge Intensity
A1: This sheet provides an overview on the development of different classes of technology-/knowledge-intensive SMEs. See legend below for the classification.
B4: Number of enterprises
B5: Manufacturing industries | C5: 2008 | D5: 2009 | E5: 2010 | F5: 2011 | G5: 2012 | H5: 2013 | I5: 2014 | J5: 2015 | K5: 2016 | L5: 2017 | M5: 2018 | N5: 2019 | O5: 2020 | P5: 2021 | Q5: 2022 | R5: 2023 | S5: 2024 | T5: 2025 | AG5: 2008 | AH5: 2009 | AI5: 2010 | AJ5: 2011 | AK5: 2012 | AL5: 2013 | AM5: 2014 | AN5: 2015 | AO5: 2016 | AP5: 2017 | AQ5: 2018 | AR5: 2019 | AS5: 2020 | AT5: 2021 | AU5: 2022 | AV5: 2023 | AW5: 2024 | AX5: 2025
B6: High-technology | C6: ='NoE 2DGT'!D$113+'NoE 2DGT'!D$143 -> 628 | D6: ='NoE 2DGT'!E$113+'NoE 2DGT'!E$143 -> 534 | E6: ='NoE 2DGT'!F$113+'NoE 2DGT'!F$143 -> 510 | F6: ='NoE 2DGT'!G$113+'NoE 2DGT'!G$143 -> 532 | G6: ='NoE 2DGT'!H$113+'NoE 2DGT'!H$143 -> 441 | H6: ='NoE 2DGT'!I$113+'NoE 2DGT'!I$143 -> 373 | I6: ='NoE 2DGT'!J$113+'NoE 2DGT'!J$143 -> 587 | J6: ='NoE 2DGT'!K$113+'NoE 2DGT'!K$143 -> 523 | ... T6: ='NoE 2DGT'!U$113+'NoE 2DGT'!U$143 -> 536 | AG6: =100 -> 100 | AH6: =D6*100/$C6 -> 85.031847 | AI6: =E6*100/$C6 -> 81.210191 | AJ6: =F6*100/$C6 -> 84.713376 | AK6: =G6*100/$C6 -> 70.22293 | AL6: =H6*100/$C6 -> 59.394904 | AM6: =I6*100/$C6 -> 93.471338 | AN6: =J6*100/$C6 -> 83.280255 | AO6: =K6*100/$C6 -> 84.394904 | ... AX6: =T6*100/$C6 -> 85.350318 | AZ6: =MIN(AG6:AX22) -> 59.394904
B7: Medium-high-technology | C7: ='NoE 2DGT'!D$107+'NoE 2DGT'!D$149+'NoE 2DGT'!D$155+'NoE 2DGT'!D$161+'NoE 2DGT'!D$167 -> 5932 | D7: ='NoE 2DGT'!E$107+'NoE 2DGT'!E$149+'NoE 2DGT'!E$155+'NoE 2DGT'!E$161+'NoE 2DGT'!E$167 -> 5751 | E7: ='NoE 2DGT'!F$107+'NoE 2DGT'!F$149+'NoE 2DGT'!F$155+'NoE 2DGT'!F$161+'NoE 2DGT'!F$167 -> 5500 | F7: ='NoE 2DGT'!G$107+'NoE 2DGT'!G$149+'NoE 2DGT'!G$155+'NoE 2DGT'!G$161+'NoE 2DGT'!G$167 -> 5314 | G7: ='NoE 2DGT'!H$107+'NoE 2DGT'!H$149+'NoE 2DGT'!H$155+'NoE 2DGT'!H$161+'NoE 2DGT'!H$167 -> 4375 | H7: ='NoE 2DGT'!I$107+'NoE 2DGT'!I$149+'NoE 2DGT'!I$155+'NoE 2DGT'!I$161+'NoE 2DGT'!I$167 -> 3663 | I7: ='NoE 2DGT'!J$107+'NoE 2DGT'!J$149+'NoE 2DGT'!J$155+'NoE 2DGT'!J$161+'NoE 2DGT'!J$167 -> 4883 | J7: ='NoE 2DGT'!K$107+'NoE 2DGT'!K$149+'NoE 2DGT'!K$155+'NoE 2DGT'!K$161+'NoE 2DGT'!K$167 -> 4656 | ... T7: ='NoE 2DGT'!U$107+'NoE 2DGT'!U$149+'NoE 2DGT'!U$155+'NoE 2DGT'!U$161+'NoE 2DGT'!U$167 -> 4540 | AG7: =100 -> 100 | AH7: =D7*100/$C7 -> 96.948753 | AI7: =E7*100/$C7 -> 92.717465 | AJ7: =F7*100/$C7 -> 89.581929 | AK7: =G7*100/$C7 -> 73.752529 | AL7: =H7*100/$C7 -> 61.749831 | AM7: =I7*100/$C7 -> 82.316251 | AN7: =J7*100/$C7 -> 78.489548 | AO7: =K7*100/$C7 -> 77.090357 | ... AX7: =T7*100/$C7 -> 76.534053 | AZ7: =MAX(AG6:AX22) -> 1437.2881
B8: Medium-low-technology | C8: ='NoE 2DGT'!D$101+'NoE 2DGT'!D$119+'NoE 2DGT'!D$125+'NoE 2DGT'!D$131+'NoE 2DGT'!D$137+'NoE 2DGT'!D$185 -> 24861 | D8: ='NoE 2DGT'!E$101+'NoE 2DGT'!E$119+'NoE 2DGT'!E$125+'NoE 2DGT'!E$131+'NoE 2DGT'!E$137+'NoE 2DGT'!E$185 -> 23512 | E8: ='NoE 2DGT'!F$101+'NoE 2DGT'!F$119+'NoE 2DGT'!F$125+'NoE 2DGT'!F$131+'NoE 2DGT'!F$137+'NoE 2DGT'!F$185 -> 22396 | F8: ='NoE 2DGT'!G$101+'NoE 2DGT'!G$119+'NoE 2DGT'!G$125+'NoE 2DGT'!G$131+'NoE 2DGT'!G$137+'NoE 2DGT'!G$185 -> 21906 | G8: ='NoE 2DGT'!H$101+'NoE 2DGT'!H$119+'NoE 2DGT'!H$125+'NoE 2DGT'!H$131+'NoE 2DGT'!H$137+'NoE 2DGT'!H$185 -> 18907 | H8: ='NoE 2DGT'!I$101+'NoE 2DGT'!I$119+'NoE 2DGT'!I$125+'NoE 2DGT'!I$131+'NoE 2DGT'!I$137+'NoE 2DGT'!I$185 -> 16515 | I8: ='NoE 2DGT'!J$101+'NoE 2DGT'!J$119+'NoE 2DGT'!J$125+'NoE 2DGT'!J$131+'NoE 2DGT'!J$137+'NoE 2DGT'!J$185 -> 19714 | J8: ='NoE 2DGT'!K$101+'NoE 2DGT'!K$119+'NoE 2DGT'!K$125+'NoE 2DGT'!K$131+'NoE 2DGT'!K$137+'NoE 2DGT'!K$185 -> 18048 | ... T8: ='NoE 2DGT'!U$101+'NoE 2DGT'!U$119+'NoE 2DGT'!U$125+'NoE 2DGT'!U$131+'NoE 2DGT'!U$137+'NoE 2DGT'!U$185 -> 18054 | AG8: =100 -> 100 | AH8: =D8*100/$C8 -> 94.57383 | AI8: =E8*100/$C8 -> 90.084872 | AJ8: =F8*100/$C8 -> 88.113913 | AK8: =G8*100/$C8 -> 76.050843 | AL8: =H8*100/$C8 -> 66.429347 | AM8: =I8*100/$C8 -> 79.296891 | AN8: =J8*100/$C8 -> 72.595632 | AO8: =K8*100/$C8 -> 72.3382 | ... AX8: =T8*100/$C8 -> 72.619766
B9: Low-technology | C9: ='NoE 2DGT'!D$47+'NoE 2DGT'!D$53+'NoE 2DGT'!D$59+'NoE 2DGT'!D$65+'NoE 2DGT'!D$71+'NoE 2DGT'!D$77+'NoE 2DGT'!D$83+'NoE 2DGT'!D$89+'NoE 2DGT'!D$95+'NoE 2DGT'!D$173+'NoE 2DGT'!D$179 -> 53442 | D9: ='NoE 2DGT'!E$47+'NoE 2DGT'!E$53+'NoE 2DGT'!E$59+'NoE 2DGT'!E$65+'NoE 2DGT'!E$71+'NoE 2DGT'!E$77+'NoE 2DGT'!E$83+'NoE 2DGT'!E$89+'NoE 2DGT'!E$95+'NoE 2DGT'!E$173+'NoE 2DGT'!E$179 -> 53629 | E9: ='NoE 2DGT'!F$47+'NoE 2DGT'!F$53+'NoE 2DGT'!F$59+'NoE 2DGT'!F$65+'NoE 2DGT'!F$71+'NoE 2DGT'!F$77+'NoE 2DGT'!F$83+'NoE 2DGT'!F$89+'NoE 2DGT'!F$95+'NoE 2DGT'!F$173+'NoE 2DGT'!F$179 -> 50799 | F9: ='NoE 2DGT'!G$47+'NoE 2DGT'!G$53+'NoE 2DGT'!G$59+'NoE 2DGT'!G$65+'NoE 2DGT'!G$71+'NoE 2DGT'!G$77+'NoE 2DGT'!G$83+'NoE 2DGT'!G$89+'NoE 2DGT'!G$95+'NoE 2DGT'!G$173+'NoE 2DGT'!G$179 -> 46194 | G9: ='NoE 2DGT'!H$47+'NoE 2DGT'!H$53+'NoE 2DGT'!H$59+'NoE 2DGT'!H$65+'NoE 2DGT'!H$71+'NoE 2DGT'!H$77+'NoE 2DGT'!H$83+'NoE 2DGT'!H$89+'NoE 2DGT'!H$95+'NoE 2DGT'!H$173+'NoE 2DGT'!H$179 -> 40746 | H9: ='NoE 2DGT'!I$47+'NoE 2DGT'!I$53+'NoE 2DGT'!I$59+'NoE 2DGT'!I$65+'NoE 2DGT'!I$71+'NoE 2DGT'!I$77+'NoE 2DGT'!I$83+'NoE 2DGT'!I$89+'NoE 2DGT'!I$95+'NoE 2DGT'!I$173+'NoE 2DGT'!I$179 -> 37069 | I9: ='NoE 2DGT'!J$47+'NoE 2DGT'!J$53+'NoE 2DGT'!J$59+'NoE 2DGT'!J$65+'NoE 2DGT'!J$71+'NoE 2DGT'!J$77+'NoE 2DGT'!J$83+'NoE 2DGT'!J$89+'NoE 2DGT'!J$95+'NoE 2DGT'!J$173+'NoE 2DGT'!J$179 -> 40725 | J9: ='NoE 2DGT'!K$47+'NoE 2DGT'!K$53+'NoE 2DGT'!K$59+'NoE 2DGT'!K$65+'NoE 2DGT'!K$71+'NoE 2DGT'!K$77+'NoE 2DGT'!K$83+'NoE 2DGT'!K$89+'NoE 2DGT'!K$95+'NoE 2DGT'!K$173+'NoE 2DGT'!K$179 -> 38488 | ... T9: ='NoE 2DGT'!U$47+'NoE 2DGT'!U$53+'NoE 2DGT'!U$59+'NoE 2DGT'!U$65+'NoE 2DGT'!U$71+'NoE 2DGT'!U$77+'NoE 2DGT'!U$83+'NoE 2DGT'!U$89+'NoE 2DGT'!U$95+'NoE 2DGT'!U$173+'NoE 2DGT'!U$179 -> 35915 | AG9: =100 -> 100 | AH9: =D9*100/$C9 -> 100.34991 | AI9: =E9*100/$C9 -> 95.054452 | AJ9: =F9*100/$C9 -> 86.437633 | AK9: =G9*100/$C9 -> 76.243404 | AL9: =H9*100/$C9 -> 69.363048 | AM9: =I9*100/$C9 -> 76.204109 | AN9: =J9*100/$C9 -> 72.018263 | AO9: =K9*100/$C9 -> 72.353205 | ... AX9: =T9*100/$C9 -> 67.203697
B10: Total manufacturing | C10: =SUM(C6:C9) -> 84863 | D10: =SUM(D6:D9) -> 83426 | E10: =SUM(E6:E9) -> 79205 | F10: =SUM(F6:F9) -> 73946 | G10: =SUM(G6:G9) -> 64469 | H10: =SUM(H6:H9) -> 57620 | I10: =SUM(I6:I9) -> 65909 | J10: =SUM(J6:J9) -> 61715 | ... T10: =SUM(T6:T9) -> 59045 | AG10: =100 -> 100 | AH10: =D10*100/$C10 -> 98.306683 | AI10: =E10*100/$C10 -> 93.332783 | AJ10: =F10*100/$C10 -> 87.135736 | AK10: =G10*100/$C10 -> 75.968325 | AL10: =H10*100/$C10 -> 67.89767 | AM10: =I10*100/$C10 -> 77.665178 | AN10: =J10*100/$C10 -> 72.723095 | AO10: =K10*100/$C10 -> 72.769051 | ... AX10: =T10*100/$C10 -> 69.576847
B12: Knowledge-based services | C12: 2008 | D12: 2009 | E12: 2010 | F12: 2011 | G12: 2012 | H12: 2013 | I12: 2014 | J12: 2015 | K12: 2016 | L12: 2017 | M12: 2018 | N12: 2019 | O12: 2020 | P12: 2021 | Q12: 2022 | R12: 2023 | S12: 2024 | T12: 2025
B13: Knowledge-intensive services, of which | C13: =SUM(C14:C16) -> 139727 | D13: =SUM(D14:D16) -> 141816 | E13: =SUM(E14:E16) -> 137747 | F13: =SUM(F14:F16) -> 132553 | G13: =SUM(G14:G16) -> 128860 | H13: =SUM(H14:H16) -> 122352 | I13: =SUM(I14:I16) -> 186687 | J13: =SUM(J14:J16) -> 176618 | ... T13: =SUM(T14:T16) -> 194674 | AG13: =100 -> 100 | AH13: =D13*100/$C13 -> 101.49506 | AI13: =E13*100/$C13 -> 98.582951 | AJ13: =F13*100/$C13 -> 94.865702 | AK13: =G13*100/$C13 -> 92.222691 | AL13: =H13*100/$C13 -> 87.565038 | AM13: =I13*100/$C13 -> 133.60839 | AN13: =J13*100/$C13 -> 126.4022 | AO13: =K13*100/$C13 -> 125.83252 | ... AX13: =T13*100/$C13 -> 139.32454
B14: Market services | C14: ='NoE 2DGT'!D$263+'NoE 2DGT'!D$269+'NoE 2DGT'!D$359+'NoE 2DGT'!D$365+'NoE 2DGT'!D$371+'NoE 2DGT'!D$383+'NoE 2DGT'!D$389+'NoE 2DGT'!D$407+'NoE 2DGT'!D$419 -> 121525 | D14: ='NoE 2DGT'!E$263+'NoE 2DGT'!E$269+'NoE 2DGT'!E$359+'NoE 2DGT'!E$365+'NoE 2DGT'!E$371+'NoE 2DGT'!E$383+'NoE 2DGT'!E$389+'NoE 2DGT'!E$407+'NoE 2DGT'!E$419 -> 123726 | E14: ='NoE 2DGT'!F$263+'NoE 2DGT'!F$269+'NoE 2DGT'!F$359+'NoE 2DGT'!F$365+'NoE 2DGT'!F$371+'NoE 2DGT'!F$383+'NoE 2DGT'!F$389+'NoE 2DGT'!F$407+'NoE 2DGT'!F$419 -> 120599 | F14: ='NoE 2DGT'!G$263+'NoE 2DGT'!G$269+'NoE 2DGT'!G$359+'NoE 2DGT'!G$365+'NoE 2DGT'!G$371+'NoE 2DGT'!G$383+'NoE 2DGT'!G$389+'NoE 2DGT'!G$407+'NoE 2DGT'!G$419 -> 115678 | G14: ='NoE 2DGT'!H$263+'NoE 2DGT'!H$269+'NoE 2DGT'!H$359+'NoE 2DGT'!H$365+'NoE 2DGT'!H$371+'NoE 2DGT'!H$383+'NoE 2DGT'!H$389+'NoE 2DGT'!H$407+'NoE 2DGT'!H$419 -> 112057 | H14: ='NoE 2DGT'!I$263+'NoE 2DGT'!I$269+'NoE 2DGT'!I$359+'NoE 2DGT'!I$365+'NoE 2DGT'!I$371+'NoE 2DGT'!I$383+'NoE 2DGT'!I$389+'NoE 2DGT'!I$407+'NoE 2DGT'!I$419 -> 105512 | I14: ='NoE 2DGT'!J$263+'NoE 2DGT'!J$269+'NoE 2DGT'!J$359+'NoE 2DGT'!J$365+'NoE 2DGT'!J$371+'NoE 2DGT'!J$383+'NoE 2DGT'!J$389+'NoE 2DGT'!J$407+'NoE 2DGT'!J$419 -> 157683 | J14: ='NoE 2DGT'!K$263+'NoE 2DGT'!K$269+'NoE 2DGT'!K$359+'NoE 2DGT'!K$365+'NoE 2DGT'!K$371+'NoE 2DGT'!K$383+'NoE 2DGT'!K$389+'NoE 2DGT'!K$407+'NoE 2DGT'!K$419 -> 148174 | ... T14: ='NoE 2DGT'!U$263+'NoE 2DGT'!U$269+'NoE 2DGT'!U$359+'NoE 2DGT'!U$365+'NoE 2DGT'!U$371+'NoE 2DGT'!U$383+'NoE 2DGT'!U$389+'NoE 2DGT'!U$407+'NoE 2DGT'!U$419 -> 157466 | AG14: =100 -> 100 | AH14: =D14*100/$C14 -> 101.81115 | AI14: =E14*100/$C14 -> 99.238017 | AJ14: =F14*100/$C14 -> 95.188644 | AK14: =G14*100/$C14 -> 92.20901 | AL14: =H14*100/$C14 -> 86.823287 | AM14: =I14*100/$C14 -> 129.75355 | AN14: =J14*100/$C14 -> 121.92882 | AO14: =K14*100/$C14 -> 122.77967 | ... AX14: =T14*100/$C14 -> 129.57498
B15: High-tech | C15: ='NoE 2DGT'!D$305+'NoE 2DGT'!D$311+'NoE 2DGT'!D$317+'NoE 2DGT'!D$323+'NoE 2DGT'!D$329+'NoE 2DGT'!D$377 -> 13538 | D15: ='NoE 2DGT'!E$305+'NoE 2DGT'!E$311+'NoE 2DGT'!E$317+'NoE 2DGT'!E$323+'NoE 2DGT'!E$329+'NoE 2DGT'!E$377 -> 13417 | E15: ='NoE 2DGT'!F$305+'NoE 2DGT'!F$311+'NoE 2DGT'!F$317+'NoE 2DGT'!F$323+'NoE 2DGT'!F$329+'NoE 2DGT'!F$377 -> 12705 | F15: ='NoE 2DGT'!G$305+'NoE 2DGT'!G$311+'NoE 2DGT'!G$317+'NoE 2DGT'!G$323+'NoE 2DGT'!G$329+'NoE 2DGT'!G$377 -> 12442 | G15: ='NoE 2DGT'!H$305+'NoE 2DGT'!H$311+'NoE 2DGT'!H$317+'NoE 2DGT'!H$323+'NoE 2DGT'!H$329+'NoE 2DGT'!H$377 -> 12283 | H15: ='NoE 2DGT'!I$305+'NoE 2DGT'!I$311+'NoE 2DGT'!I$317+'NoE 2DGT'!I$323+'NoE 2DGT'!I$329+'NoE 2DGT'!I$377 -> 12364 | I15: ='NoE 2DGT'!J$305+'NoE 2DGT'!J$311+'NoE 2DGT'!J$317+'NoE 2DGT'!J$323+'NoE 2DGT'!J$329+'NoE 2DGT'!J$377 -> 24655 | J15: ='NoE 2DGT'!K$305+'NoE 2DGT'!K$311+'NoE 2DGT'!K$317+'NoE 2DGT'!K$323+'NoE 2DGT'!K$329+'NoE 2DGT'!K$377 -> 24289 | ... T15: ='NoE 2DGT'!U$305+'NoE 2DGT'!U$311+'NoE 2DGT'!U$317+'NoE 2DGT'!U$323+'NoE 2DGT'!U$329+'NoE 2DGT'!U$377 -> 32907 | AG15: =100 -> 100 | AH15: =D15*100/$C15 -> 99.10622 | AI15: =E15*100/$C15 -> 93.846949 | AJ15: =F15*100/$C15 -> 91.904269 | AK15: =G15*100/$C15 -> 90.729798 | AL15: =H15*100/$C15 -> 91.328113 | AM15: =I15*100/$C15 -> 182.117 | AN15: =J15*100/$C15 -> 179.4135 | AO15: =K15*100/$C15 -> 166.18407 | ... AX15: =T15*100/$C15 -> 243.07135
B16: Other | C16: ='NoE 2DGT'!D$299+'NoE 2DGT'!D$395 -> 4664 | D16: ='NoE 2DGT'!E$299+'NoE 2DGT'!E$395 -> 4673 | E16: ='NoE 2DGT'!F$299+'NoE 2DGT'!F$395 -> 4443 | F16: ='NoE 2DGT'!G$299+'NoE 2DGT'!G$395 -> 4433 | G16: ='NoE 2DGT'!H$299+'NoE 2DGT'!H$395 -> 4520 | H16: ='NoE 2DGT'!I$299+'NoE 2DGT'!I$395 -> 4476 | I16: ='NoE 2DGT'!J$299+'NoE 2DGT'!J$395 -> 4349 | J16: ='NoE 2DGT'!K$299+'NoE 2DGT'!K$395 -> 4155 | ... T16: ='NoE 2DGT'!U$299+'NoE 2DGT'!U$395 -> 4301 | AG16: =100 -> 100 | AH16: =D16*100/$C16 -> 100.19297 | AI16: =E16*100/$C16 -> 95.261578 | AJ16: =F16*100/$C16 -> 95.04717 | AK16: =G16*100/$C16 -> 96.912521 | AL16: =H16*100/$C16 -> 95.969125 | AM16: =I16*100/$C16 -> 93.246141 | AN16: =J16*100/$C16 -> 89.086621 | AO16: =K16*100/$C16 -> 88.250429 | ... AX16: =T16*100/$C16 -> 92.216981
B17: Less knowledge-intensive services, of which | C17: =SUM(C18:C19) -> 496090 | D17: =SUM(D18:D19) -> 483774 | E17: =SUM(E18:E19) -> 472633 | F17: =SUM(F18:F19) -> 442553 | G17: =SUM(G18:G19) -> 438066 | H17: =SUM(H18:H19) -> 426187 | I17: =SUM(I18:I19) -> 481159 | J17: =SUM(J18:J19) -> 460113 | ... T17: =SUM(T18:T19) -> 485209 | AG17: =100 -> 100 | AH17: =D17*100/$C17 -> 97.517386 | AI17: =E17*100/$C17 -> 95.271624 | AJ17: =F17*100/$C17 -> 89.208208 | AK17: =G17*100/$C17 -> 88.303735 | AL17: =H17*100/$C17 -> 85.90921 | AM17: =I17*100/$C17 -> 96.990264 | AN17: =J17*100/$C17 -> 92.747888 | AO17: =K17*100/$C17 -> 93.158499 | ... AX17: =T17*100/$C17 -> 97.806648
B18: Market services | C18: ='NoE 2DGT'!D$239+'NoE 2DGT'!D$245+'NoE 2DGT'!D$251+'NoE 2DGT'!D$257+'NoE 2DGT'!D$275+'NoE 2DGT'!D$287+'NoE 2DGT'!D$293+'NoE 2DGT'!D$353+'NoE 2DGT'!D$401+'NoE 2DGT'!D$413+'NoE 2DGT'!D$425+'NoE 2DGT'!D$431 -> 495736 | D18: ='NoE 2DGT'!E$239+'NoE 2DGT'!E$245+'NoE 2DGT'!E$251+'NoE 2DGT'!E$257+'NoE 2DGT'!E$275+'NoE 2DGT'!E$287+'NoE 2DGT'!E$293+'NoE 2DGT'!E$353+'NoE 2DGT'!E$401+'NoE 2DGT'!E$413+'NoE 2DGT'!E$425+'NoE 2DGT'!E$431 -> 483413 | E18: ='NoE 2DGT'!F$239+'NoE 2DGT'!F$245+'NoE 2DGT'!F$251+'NoE 2DGT'!F$257+'NoE 2DGT'!F$275+'NoE 2DGT'!F$287+'NoE 2DGT'!F$293+'NoE 2DGT'!F$353+'NoE 2DGT'!F$401+'NoE 2DGT'!F$413+'NoE 2DGT'!F$425+'NoE 2DGT'!F$431 -> 472279 | F18: ='NoE 2DGT'!G$239+'NoE 2DGT'!G$245+'NoE 2DGT'!G$251+'NoE 2DGT'!G$257+'NoE 2DGT'!G$275+'NoE 2DGT'!G$287+'NoE 2DGT'!G$293+'NoE 2DGT'!G$353+'NoE 2DGT'!G$401+'NoE 2DGT'!G$413+'NoE 2DGT'!G$425+'NoE 2DGT'!G$431 -> 442199 | G18: ='NoE 2DGT'!H$239+'NoE 2DGT'!H$245+'NoE 2DGT'!H$251+'NoE 2DGT'!H$257+'NoE 2DGT'!H$275+'NoE 2DGT'!H$287+'NoE 2DGT'!H$293+'NoE 2DGT'!H$353+'NoE 2DGT'!H$401+'NoE 2DGT'!H$413+'NoE 2DGT'!H$425+'NoE 2DGT'!H$431 -> 437714 | H18: ='NoE 2DGT'!I$239+'NoE 2DGT'!I$245+'NoE 2DGT'!I$251+'NoE 2DGT'!I$257+'NoE 2DGT'!I$275+'NoE 2DGT'!I$287+'NoE 2DGT'!I$293+'NoE 2DGT'!I$353+'NoE 2DGT'!I$401+'NoE 2DGT'!I$413+'NoE 2DGT'!I$425+'NoE 2DGT'!I$431 -> 425794 | I18: ='NoE 2DGT'!J$239+'NoE 2DGT'!J$245+'NoE 2DGT'!J$251+'NoE 2DGT'!J$257+'NoE 2DGT'!J$275+'NoE 2DGT'!J$287+'NoE 2DGT'!J$293+'NoE 2DGT'!J$353+'NoE 2DGT'!J$401+'NoE 2DGT'!J$413+'NoE 2DGT'!J$425+'NoE 2DGT'!J$431 -> 479916 | J18: ='NoE 2DGT'!K$239+'NoE 2DGT'!K$245+'NoE 2DGT'!K$251+'NoE 2DGT'!K$257+'NoE 2DGT'!K$275+'NoE 2DGT'!K$287+'NoE 2DGT'!K$293+'NoE 2DGT'!K$353+'NoE 2DGT'!K$401+'NoE 2DGT'!K$413+'NoE 2DGT'!K$425+'NoE 2DGT'!K$431 -> 458945 | ... T18: ='NoE 2DGT'!U$239+'NoE 2DGT'!U$245+'NoE 2DGT'!U$251+'NoE 2DGT'!U$257+'NoE 2DGT'!U$275+'NoE 2DGT'!U$287+'NoE 2DGT'!U$293+'NoE 2DGT'!U$353+'NoE 2DGT'!U$401+'NoE 2DGT'!U$413+'NoE 2DGT'!U$425+'NoE 2DGT'!U$431 -> 480121 | AG18: =100 -> 100 | AH18: =D18*100/$C18 -> 97.514201 | AI18: =E18*100/$C18 -> 95.268248 | AJ18: =F18*100/$C18 -> 89.200502 | AK18: =G18*100/$C18 -> 88.295786 | AL18: =H18*100/$C18 -> 85.891281 | AM18: =I18*100/$C18 -> 96.808785 | AN18: =J18*100/$C18 -> 92.57851 | AO18: =K18*100/$C18 -> 92.991633 | ... AX18: =T18*100/$C18 -> 96.850138
B19: Other services | C19: ='NoE 2DGT'!D$281 -> 354 | D19: ='NoE 2DGT'!E$281 -> 361 | E19: ='NoE 2DGT'!F$281 -> 354 | F19: ='NoE 2DGT'!G$281 -> 354 | G19: ='NoE 2DGT'!H$281 -> 352 | H19: ='NoE 2DGT'!I$281 -> 393 | I19: ='NoE 2DGT'!J$281 -> 1243 | J19: ='NoE 2DGT'!K$281 -> 1168 | ... T19: ='NoE 2DGT'!U$281 -> 5088 | AG19: =100 -> 100 | AH19: =D19*100/$C19 -> 101.9774 | AI19: =E19*100/$C19 -> 100 | AJ19: =F19*100/$C19 -> 100 | AK19: =G19*100/$C19 -> 99.435028 | AL19: =H19*100/$C19 -> 111.01695 | AM19: =I19*100/$C19 -> 351.12994 | AN19: =J19*100/$C19 -> 329.9435 | AO19: =K19*100/$C19 -> 326.83616 | ... AX19: =T19*100/$C19 -> 1437.2881
B20: Total services | C20: =C13+C17 -> 635817 | D20: =D13+D17 -> 625590 | E20: =E13+E17 -> 610380 | F20: =F13+F17 -> 575106 | G20: =G13+G17 -> 566926 | H20: =H13+H17 -> 548539 | I20: =I13+I17 -> 667846 | J20: =J13+J17 -> 636731 | ... T20: =T13+T17 -> 679883 | AG20: =100 -> 100 | AH20: =D20*100/$C20 -> 98.391518 | AI20: =E20*100/$C20 -> 95.999321 | AJ20: =F20*100/$C20 -> 90.451498 | AK20: =G20*100/$C20 -> 89.164964 | AL20: =H20*100/$C20 -> 86.273094 | AM20: =I20*100/$C20 -> 105.03746 | AN20: =J20*100/$C20 -> 100.14375 | AO20: =K20*100/$C20 -> 100.33893 | ... AX20: =T20*100/$C20 -> 106.93061
B22: TOTAL manufacturing + services | C22: =C10+C20 -> 720680 | D22: =D10+D20 -> 709016 | E22: =E10+E20 -> 689585 | F22: =F10+F20 -> 649052 | G22: =G10+G20 -> 631395 | H22: =H10+H20 -> 606159 | I22: =I10+I20 -> 733755 | J22: =J10+J20 -> 698446 | ... T22: =T10+T20 -> 738928 | AG22: =100 -> 100 | AH22: =D22*100/$C22 -> 98.381529 | AI22: =E22*100/$C22 -> 95.685325 | AJ22: =F22*100/$C22 -> 90.061053 | AK22: =G22*100/$C22 -> 87.611006 | AL22: =H22*100/$C22 -> 84.109313 | AM22: =I22*100/$C22 -> 101.81426 | AN22: =J22*100/$C22 -> 96.914858 | AO22: =K22*100/$C22 -> 97.092468 | ... AX22: =T22*100/$C22 -> 102.53205
B24: High-tech manufacturing and knowledge-intensive services | C24: =(C6+C7+C13)/C22 -> 0.20298468 | D24: =(D6+D7+D13)/D22 -> 0.20888245 | E24: =(E6+E7+E13)/E22 -> 0.20846886 | F24: =(F6+F7+F13)/F22 -> 0.21323253 | G24: =(G6+G7+G13)/G22 -> 0.21171533 | H24: =(H6+H7+H13)/H22 -> 0.20850635 | I24: =(I6+I7+I13)/I22 -> 0.26188169 | J24: =(J6+J7+J13)/J22 -> 0.26028784 | ... T24: =(T6+T7+T13)/T22 -> 0.27032404
B25: Low tech manufacturing and less knowledge-intensive services | C25: =(C8+C9+C17)/C22 -> 0.79701532 | D25: =(D8+D9+D17)/D22 -> 0.79111755 | E25: =(E8+E9+E17)/E22 -> 0.79153114 | F25: =(F8+F9+F17)/F22 -> 0.78676747 | G25: =(G8+G9+G17)/G22 -> 0.78828467 | H25: =(H8+H9+H17)/H22 -> 0.79149365 | I25: =(I8+I9+I17)/I22 -> 0.73811831 | J25: =(J8+J9+J17)/J22 -> 0.73971216 | ... T25: =(T8+T9+T17)/T22 -> 0.72967596
B27: Number of persons employed
B28: Manufacturing industries | C28: 2008 | D28: 2009 | E28: 2010 | F28: 2011 | G28: 2012 | H28: 2013 | I28: 2014 | J28: 2015 | K28: 2016 | L28: 2017 | M28: 2018 | N28: 2019 | O28: 2020 | P28: 2021 | Q28: 2022 | R28: 2023 | S28: 2024 | T28: 2025 | AG28: 2008 | AH28: 2009 | AI28: 2010 | AJ28: 2011 | AK28: 2012 | AL28: 2013 | AM28: 2014 | AN28: 2015 | AO28: 2016 | AP28: 2017 | AQ28: 2018 | AR28: 2019 | AS28: 2020 | AT28: 2021 | AU28: 2022 | AV28: 2023 | AW28: 2024 | AX28: 2025
B29: High-technology | C29: ='EMP 2DGT'!D$113+'EMP 2DGT'!D$143 -> 7272 | D29: ='EMP 2DGT'!E$113+'EMP 2DGT'!E$143 -> 6774 | E29: ='EMP 2DGT'!F$113+'EMP 2DGT'!F$143 -> 6595 | F29: ='EMP 2DGT'!G$113+'EMP 2DGT'!G$143 -> 5463 | G29: ='EMP 2DGT'!H$113+'EMP 2DGT'!H$143 -> 5249 | H29: ='EMP 2DGT'!I$113+'EMP 2DGT'!I$143 -> 9356 | I29: ='EMP 2DGT'!J$113+'EMP 2DGT'!J$143 -> 5925 | J29: ='EMP 2DGT'!K$113+'EMP 2DGT'!K$143 -> 6111 | ... T29: ='EMP 2DGT'!U$113+'EMP 2DGT'!U$143 -> 5941 | AG29: =100 -> 100 | AH29: =D29*100/$C29 -> 93.151815 | AI29: =E29*100/$C29 -> 90.690319 | AJ29: =F29*100/$C29 -> 75.123762 | AK29: =G29*100/$C29 -> 72.180968 | AL29: =H29*100/$C29 -> 128.65787 | AM29: =I29*100/$C29 -> 81.476898 | AN29: =J29*100/$C29 -> 84.034653 | AO29: =K29*100/$C29 -> 79.09791 | ... AX29: =T29*100/$C29 -> 81.69692 | AZ29: =MIN(AG29:AX45) -> 44.456471
B30: Medium-high-technology | C30: ='EMP 2DGT'!D$107+'EMP 2DGT'!D$149+'EMP 2DGT'!D$155+'EMP 2DGT'!D$161+'EMP 2DGT'!D$167 -> 41688 | D30: ='EMP 2DGT'!E$107+'EMP 2DGT'!E$149+'EMP 2DGT'!E$155+'EMP 2DGT'!E$161+'EMP 2DGT'!E$167 -> 40616 | E30: ='EMP 2DGT'!F$107+'EMP 2DGT'!F$149+'EMP 2DGT'!F$155+'EMP 2DGT'!F$161+'EMP 2DGT'!F$167 -> 38327 | F30: ='EMP 2DGT'!G$107+'EMP 2DGT'!G$149+'EMP 2DGT'!G$155+'EMP 2DGT'!G$161+'EMP 2DGT'!G$167 -> 35069 | G30: ='EMP 2DGT'!H$107+'EMP 2DGT'!H$149+'EMP 2DGT'!H$155+'EMP 2DGT'!H$161+'EMP 2DGT'!H$167 -> 31177 | H30: ='EMP 2DGT'!I$107+'EMP 2DGT'!I$149+'EMP 2DGT'!I$155+'EMP 2DGT'!I$161+'EMP 2DGT'!I$167 -> 28677 | I30: ='EMP 2DGT'!J$107+'EMP 2DGT'!J$149+'EMP 2DGT'!J$155+'EMP 2DGT'!J$161+'EMP 2DGT'!J$167 -> 28508 | J30: ='EMP 2DGT'!K$107+'EMP 2DGT'!K$149+'EMP 2DGT'!K$155+'EMP 2DGT'!K$161+'EMP 2DGT'!K$167 -> 25637 | ... T30: ='EMP 2DGT'!U$107+'EMP 2DGT'!U$149+'EMP 2DGT'!U$155+'EMP 2DGT'!U$161+'EMP 2DGT'!U$167 -> 30417 | AG30: =100 -> 100 | AH30: =D30*100/$C30 -> 97.428517 | AI30: =E30*100/$C30 -> 91.937728 | AJ30: =F30*100/$C30 -> 84.122529 | AK30: =G30*100/$C30 -> 74.786509 | AL30: =H30*100/$C30 -> 68.78958 | AM30: =I30*100/$C30 -> 68.384187 | AN30: =J30*100/$C30 -> 61.497313 | AO30: =K30*100/$C30 -> 62.346479 | ... AX30: =T30*100/$C30 -> 72.963443 | AZ30: =MAX(AG29:AX45) -> 712.21675
B31: Medium-low-technology | C31: ='EMP 2DGT'!D$101+'EMP 2DGT'!D$119+'EMP 2DGT'!D$125+'EMP 2DGT'!D$131+'EMP 2DGT'!D$137+'EMP 2DGT'!D$185 -> 105456 | D31: ='EMP 2DGT'!E$101+'EMP 2DGT'!E$119+'EMP 2DGT'!E$125+'EMP 2DGT'!E$131+'EMP 2DGT'!E$137+'EMP 2DGT'!E$185 -> 102860 | E31: ='EMP 2DGT'!F$101+'EMP 2DGT'!F$119+'EMP 2DGT'!F$125+'EMP 2DGT'!F$131+'EMP 2DGT'!F$137+'EMP 2DGT'!F$185 -> 93882 | F31: ='EMP 2DGT'!G$101+'EMP 2DGT'!G$119+'EMP 2DGT'!G$125+'EMP 2DGT'!G$131+'EMP 2DGT'!G$137+'EMP 2DGT'!G$185 -> 82222 | G31: ='EMP 2DGT'!H$101+'EMP 2DGT'!H$119+'EMP 2DGT'!H$125+'EMP 2DGT'!H$131+'EMP 2DGT'!H$137+'EMP 2DGT'!H$185 -> 75342 | H31: ='EMP 2DGT'!I$101+'EMP 2DGT'!I$119+'EMP 2DGT'!I$125+'EMP 2DGT'!I$131+'EMP 2DGT'!I$137+'EMP 2DGT'!I$185 -> 68568 | I31: ='EMP 2DGT'!J$101+'EMP 2DGT'!J$119+'EMP 2DGT'!J$125+'EMP 2DGT'!J$131+'EMP 2DGT'!J$137+'EMP 2DGT'!J$185 -> 67827 | J31: ='EMP 2DGT'!K$101+'EMP 2DGT'!K$119+'EMP 2DGT'!K$125+'EMP 2DGT'!K$131+'EMP 2DGT'!K$137+'EMP 2DGT'!K$185 -> 59312 | ... T31: ='EMP 2DGT'!U$101+'EMP 2DGT'!U$119+'EMP 2DGT'!U$125+'EMP 2DGT'!U$131+'EMP 2DGT'!U$137+'EMP 2DGT'!U$185 -> 83805 | AG31: =100 -> 100 | AH31: =D31*100/$C31 -> 97.53831 | AI31: =E31*100/$C31 -> 89.024807 | AJ31: =F31*100/$C31 -> 77.968063 | AK31: =G31*100/$C31 -> 71.444015 | AL31: =H31*100/$C31 -> 65.020482 | AM31: =I31*100/$C31 -> 64.31782 | AN31: =J31*100/$C31 -> 56.243362 | AO31: =K31*100/$C31 -> 60.338909 | ... AX31: =T31*100/$C31 -> 79.469162
B32: Low-technology | C32: ='EMP 2DGT'!D$47+'EMP 2DGT'!D$53+'EMP 2DGT'!D$59+'EMP 2DGT'!D$65+'EMP 2DGT'!D$71+'EMP 2DGT'!D$77+'EMP 2DGT'!D$83+'EMP 2DGT'!D$89+'EMP 2DGT'!D$95+'EMP 2DGT'!D$173+'EMP 2DGT'!D$179 -> 192853 | D32: ='EMP 2DGT'!E$47+'EMP 2DGT'!E$53+'EMP 2DGT'!E$59+'EMP 2DGT'!E$65+'EMP 2DGT'!E$71+'EMP 2DGT'!E$77+'EMP 2DGT'!E$83+'EMP 2DGT'!E$89+'EMP 2DGT'!E$95+'EMP 2DGT'!E$173+'EMP 2DGT'!E$179 -> 173198 | E32: ='EMP 2DGT'!F$47+'EMP 2DGT'!F$53+'EMP 2DGT'!F$59+'EMP 2DGT'!F$65+'EMP 2DGT'!F$71+'EMP 2DGT'!F$77+'EMP 2DGT'!F$83+'EMP 2DGT'!F$89+'EMP 2DGT'!F$95+'EMP 2DGT'!F$173+'EMP 2DGT'!F$179 -> 164537 | F32: ='EMP 2DGT'!G$47+'EMP 2DGT'!G$53+'EMP 2DGT'!G$59+'EMP 2DGT'!G$65+'EMP 2DGT'!G$71+'EMP 2DGT'!G$77+'EMP 2DGT'!G$83+'EMP 2DGT'!G$89+'EMP 2DGT'!G$95+'EMP 2DGT'!G$173+'EMP 2DGT'!G$179 -> 150320 | G32: ='EMP 2DGT'!H$47+'EMP 2DGT'!H$53+'EMP 2DGT'!H$59+'EMP 2DGT'!H$65+'EMP 2DGT'!H$71+'EMP 2DGT'!H$77+'EMP 2DGT'!H$83+'EMP 2DGT'!H$89+'EMP 2DGT'!H$95+'EMP 2DGT'!H$173+'EMP 2DGT'!H$179 -> 138977 | H32: ='EMP 2DGT'!I$47+'EMP 2DGT'!I$53+'EMP 2DGT'!I$59+'EMP 2DGT'!I$65+'EMP 2DGT'!I$71+'EMP 2DGT'!I$77+'EMP 2DGT'!I$83+'EMP 2DGT'!I$89+'EMP 2DGT'!I$95+'EMP 2DGT'!I$173+'EMP 2DGT'!I$179 -> 123640 | I32: ='EMP 2DGT'!J$47+'EMP 2DGT'!J$53+'EMP 2DGT'!J$59+'EMP 2DGT'!J$65+'EMP 2DGT'!J$71+'EMP 2DGT'!J$77+'EMP 2DGT'!J$83+'EMP 2DGT'!J$89+'EMP 2DGT'!J$95+'EMP 2DGT'!J$173+'EMP 2DGT'!J$179 -> 158990 | J32: ='EMP 2DGT'!K$47+'EMP 2DGT'!K$53+'EMP 2DGT'!K$59+'EMP 2DGT'!K$65+'EMP 2DGT'!K$71+'EMP 2DGT'!K$77+'EMP 2DGT'!K$83+'EMP 2DGT'!K$89+'EMP 2DGT'!K$95+'EMP 2DGT'!K$173+'EMP 2DGT'!K$179 -> 145325 | ... T32: ='EMP 2DGT'!U$47+'EMP 2DGT'!U$53+'EMP 2DGT'!U$59+'EMP 2DGT'!U$65+'EMP 2DGT'!U$71+'EMP 2DGT'!U$77+'EMP 2DGT'!U$83+'EMP 2DGT'!U$89+'EMP 2DGT'!U$95+'EMP 2DGT'!U$173+'EMP 2DGT'!U$179 -> 187498 | AG32: =100 -> 100 | AH32: =D32*100/$C32 -> 89.8083 | AI32: =E32*100/$C32 -> 85.317314 | AJ32: =F32*100/$C32 -> 77.945378 | AK32: =G32*100/$C32 -> 72.063696 | AL32: =H32*100/$C32 -> 64.111007 | AM32: =I32*100/$C32 -> 82.44103 | AN32: =J32*100/$C32 -> 75.355322 | AO32: =K32*100/$C32 -> 81.729089 | ... AX32: =T32*100/$C32 -> 97.223274
B33: Total manufacturing | C33: =SUM(C29:C32) -> 347269 | D33: =SUM(D29:D32) -> 323448 | E33: =SUM(E29:E32) -> 303341 | F33: =SUM(F29:F32) -> 273074 | G33: =SUM(G29:G32) -> 250745 | H33: =SUM(H29:H32) -> 230241 | I33: =SUM(I29:I32) -> 261250 | J33: =SUM(J29:J32) -> 236385 | ... T33: =SUM(T29:T32) -> 307661 | AG33: =100 -> 100 | AH33: =D33*100/$C33 -> 93.140476 | AI33: =E33*100/$C33 -> 87.35044 | AJ33: =F33*100/$C33 -> 78.634718 | AK33: =G33*100/$C33 -> 72.204833 | AL33: =H33*100/$C33 -> 66.300476 | AM33: =I33*100/$C33 -> 75.229865 | AN33: =J33*100/$C33 -> 68.06971 | AO33: =K33*100/$C33 -> 72.851593 | ... AX33: =T33*100/$C33 -> 88.594433
B35: Knowledge-based services | C35: 2008 | D35: 2009 | E35: 2010 | F35: 2011 | G35: 2012 | H35: 2013 | I35: 2014 | J35: 2015 | K35: 2016 | L35: 2017 | M35: 2018 | N35: 2019 | O35: 2020 | P35: 2021 | Q35: 2022 | R35: 2023 | S35: 2024 | T35: 2025
B36: Knowledge-intensive services, of which | C36: =SUM(C37:C39) -> 305307 | D36: =SUM(D37:D39) -> 321490 | E36: =SUM(E37:E39) -> 300193 | F36: =SUM(F37:F39) -> 304745 | G36: =SUM(G37:G39) -> 275645 | H36: =SUM(H37:H39) -> 261262 | I36: =SUM(I37:I39) -> 331917 | J36: =SUM(J37:J39) -> 283918 | ... T36: =SUM(T37:T39) -> 386712 | AG36: =100 -> 100 | AH36: =D36*100/$C36 -> 105.30057 | AI36: =E36*100/$C36 -> 98.324965 | AJ36: =F36*100/$C36 -> 99.815923 | AK36: =G36*100/$C36 -> 90.284533 | AL36: =H36*100/$C36 -> 85.573537 | AM36: =I36*100/$C36 -> 108.71582 | AN36: =J36*100/$C36 -> 92.994265 | AO36: =K36*100/$C36 -> 103.96224 | ... AX36: =T36*100/$C36 -> 126.66333
B37: Market services | C37: ='EMP 2DGT'!D$263+'EMP 2DGT'!D$269+'EMP 2DGT'!D$359+'EMP 2DGT'!D$365+'EMP 2DGT'!D$371+'EMP 2DGT'!D$383+'EMP 2DGT'!D$389+'EMP 2DGT'!D$407+'EMP 2DGT'!D$419 -> 229355 | D37: ='EMP 2DGT'!E$263+'EMP 2DGT'!E$269+'EMP 2DGT'!E$359+'EMP 2DGT'!E$365+'EMP 2DGT'!E$371+'EMP 2DGT'!E$383+'EMP 2DGT'!E$389+'EMP 2DGT'!E$407+'EMP 2DGT'!E$419 -> 246720 | E37: ='EMP 2DGT'!F$263+'EMP 2DGT'!F$269+'EMP 2DGT'!F$359+'EMP 2DGT'!F$365+'EMP 2DGT'!F$371+'EMP 2DGT'!F$383+'EMP 2DGT'!F$389+'EMP 2DGT'!F$407+'EMP 2DGT'!F$419 -> 226792 | F37: ='EMP 2DGT'!G$263+'EMP 2DGT'!G$269+'EMP 2DGT'!G$359+'EMP 2DGT'!G$365+'EMP 2DGT'!G$371+'EMP 2DGT'!G$383+'EMP 2DGT'!G$389+'EMP 2DGT'!G$407+'EMP 2DGT'!G$419 -> 242472 | G37: ='EMP 2DGT'!H$263+'EMP 2DGT'!H$269+'EMP 2DGT'!H$359+'EMP 2DGT'!H$365+'EMP 2DGT'!H$371+'EMP 2DGT'!H$383+'EMP 2DGT'!H$389+'EMP 2DGT'!H$407+'EMP 2DGT'!H$419 -> 212464 | H37: ='EMP 2DGT'!I$263+'EMP 2DGT'!I$269+'EMP 2DGT'!I$359+'EMP 2DGT'!I$365+'EMP 2DGT'!I$371+'EMP 2DGT'!I$383+'EMP 2DGT'!I$389+'EMP 2DGT'!I$407+'EMP 2DGT'!I$419 -> 198583 | I37: ='EMP 2DGT'!J$263+'EMP 2DGT'!J$269+'EMP 2DGT'!J$359+'EMP 2DGT'!J$365+'EMP 2DGT'!J$371+'EMP 2DGT'!J$383+'EMP 2DGT'!J$389+'EMP 2DGT'!J$407+'EMP 2DGT'!J$419 -> 261097 | J37: ='EMP 2DGT'!K$263+'EMP 2DGT'!K$269+'EMP 2DGT'!K$359+'EMP 2DGT'!K$365+'EMP 2DGT'!K$371+'EMP 2DGT'!K$383+'EMP 2DGT'!K$389+'EMP 2DGT'!K$407+'EMP 2DGT'!K$419 -> 219774 | ... T37: ='EMP 2DGT'!U$263+'EMP 2DGT'!U$269+'EMP 2DGT'!U$359+'EMP 2DGT'!U$365+'EMP 2DGT'!U$371+'EMP 2DGT'!U$383+'EMP 2DGT'!U$389+'EMP 2DGT'!U$407+'EMP 2DGT'!U$419 -> 287889 | AG37: =100 -> 100 | AH37: =D37*100/$C37 -> 107.57123 | AI37: =E37*100/$C37 -> 98.882518 | AJ37: =F37*100/$C37 -> 105.71908 | AK37: =G37*100/$C37 -> 92.635434 | AL37: =H37*100/$C37 -> 86.583244 | AM37: =I37*100/$C37 -> 113.83968 | AN37: =J37*100/$C37 -> 95.822633 | AO37: =K37*100/$C37 -> 109.43428 | ... AX37: =T37*100/$C37 -> 125.52114
B38: High-tech | C38: ='EMP 2DGT'!D$305+'EMP 2DGT'!D$311+'EMP 2DGT'!D$317+'EMP 2DGT'!D$323+'EMP 2DGT'!D$329+'EMP 2DGT'!D$377 -> 48235 | D38: ='EMP 2DGT'!E$305+'EMP 2DGT'!E$311+'EMP 2DGT'!E$317+'EMP 2DGT'!E$323+'EMP 2DGT'!E$329+'EMP 2DGT'!E$377 -> 48336 | E38: ='EMP 2DGT'!F$305+'EMP 2DGT'!F$311+'EMP 2DGT'!F$317+'EMP 2DGT'!F$323+'EMP 2DGT'!F$329+'EMP 2DGT'!F$377 -> 46427 | F38: ='EMP 2DGT'!G$305+'EMP 2DGT'!G$311+'EMP 2DGT'!G$317+'EMP 2DGT'!G$323+'EMP 2DGT'!G$329+'EMP 2DGT'!G$377 -> 38710 | G38: ='EMP 2DGT'!H$305+'EMP 2DGT'!H$311+'EMP 2DGT'!H$317+'EMP 2DGT'!H$323+'EMP 2DGT'!H$329+'EMP 2DGT'!H$377 -> 41028 | H38: ='EMP 2DGT'!I$305+'EMP 2DGT'!I$311+'EMP 2DGT'!I$317+'EMP 2DGT'!I$323+'EMP 2DGT'!I$329+'EMP 2DGT'!I$377 -> 42054 | I38: ='EMP 2DGT'!J$305+'EMP 2DGT'!J$311+'EMP 2DGT'!J$317+'EMP 2DGT'!J$323+'EMP 2DGT'!J$329+'EMP 2DGT'!J$377 -> 56433 | J38: ='EMP 2DGT'!K$305+'EMP 2DGT'!K$311+'EMP 2DGT'!K$317+'EMP 2DGT'!K$323+'EMP 2DGT'!K$329+'EMP 2DGT'!K$377 -> 51069 | ... T38: ='EMP 2DGT'!U$305+'EMP 2DGT'!U$311+'EMP 2DGT'!U$317+'EMP 2DGT'!U$323+'EMP 2DGT'!U$329+'EMP 2DGT'!U$377 -> 84476 | AG38: =100 -> 100 | AH38: =D38*100/$C38 -> 100.20939 | AI38: =E38*100/$C38 -> 96.251684 | AJ38: =F38*100/$C38 -> 80.252928 | AK38: =G38*100/$C38 -> 85.058567 | AL38: =H38*100/$C38 -> 87.185654 | AM38: =I38*100/$C38 -> 116.99596 | AN38: =J38*100/$C38 -> 105.8754 | AO38: =K38*100/$C38 -> 111.74044 | ... AX38: =T38*100/$C38 -> 175.13424
B39: Other | C39: ='EMP 2DGT'!D$299+'EMP 2DGT'!D$395 -> 27717 | D39: ='EMP 2DGT'!E$299+'EMP 2DGT'!E$395 -> 26434 | E39: ='EMP 2DGT'!F$299+'EMP 2DGT'!F$395 -> 26974 | F39: ='EMP 2DGT'!G$299+'EMP 2DGT'!G$395 -> 23563 | G39: ='EMP 2DGT'!H$299+'EMP 2DGT'!H$395 -> 22153 | H39: ='EMP 2DGT'!I$299+'EMP 2DGT'!I$395 -> 20625 | I39: ='EMP 2DGT'!J$299+'EMP 2DGT'!J$395 -> 14387 | J39: ='EMP 2DGT'!K$299+'EMP 2DGT'!K$395 -> 13075 | ... T39: ='EMP 2DGT'!U$299+'EMP 2DGT'!U$395 -> 14347 | AG39: =100 -> 100 | AH39: =D39*100/$C39 -> 95.371072 | AI39: =E39*100/$C39 -> 97.319335 | AJ39: =F39*100/$C39 -> 85.012808 | AK39: =G39*100/$C39 -> 79.925677 | AL39: =H39*100/$C39 -> 74.412815 | AM39: =I39*100/$C39 -> 51.906772 | AN39: =J39*100/$C39 -> 47.173215 | AO39: =K39*100/$C39 -> 45.145579 | ... AX39: =T39*100/$C39 -> 51.762456
B40: Less knowledge-intensive services, of which | C40: =SUM(C41:C42) -> 1397736 | D40: =SUM(D41:D42) -> 1367859 | E40: =SUM(E41:E42) -> 1321274 | F40: =SUM(F41:F42) -> 1246218 | G40: =SUM(G41:G42) -> 1166878 | H40: =SUM(H41:H42) -> 1144566 | I40: =SUM(I41:I42) -> 1238435 | J40: =SUM(J41:J42) -> 1133969 | ... T40: =SUM(T41:T42) -> 1760402 | AG40: =100 -> 100 | AH40: =D40*100/$C40 -> 97.862472 | AI40: =E40*100/$C40 -> 94.529582 | AJ40: =F40*100/$C40 -> 89.159755 | AK40: =G40*100/$C40 -> 83.483433 | AL40: =H40*100/$C40 -> 81.887137 | AM40: =I40*100/$C40 -> 88.602926 | AN40: =J40*100/$C40 -> 81.128983 | AO40: =K40*100/$C40 -> 91.646277 | ... AX40: =T40*100/$C40 -> 125.94667
B41: Market services | C41: ='EMP 2DGT'!D$239+'EMP 2DGT'!D$245+'EMP 2DGT'!D$251+'EMP 2DGT'!D$257+'EMP 2DGT'!D$275+'EMP 2DGT'!D$287+'EMP 2DGT'!D$293+'EMP 2DGT'!D$353+'EMP 2DGT'!D$401+'EMP 2DGT'!D$413+'EMP 2DGT'!D$425+'EMP 2DGT'!D$431 -> 1395706 | D41: ='EMP 2DGT'!E$239+'EMP 2DGT'!E$245+'EMP 2DGT'!E$251+'EMP 2DGT'!E$257+'EMP 2DGT'!E$275+'EMP 2DGT'!E$287+'EMP 2DGT'!E$293+'EMP 2DGT'!E$353+'EMP 2DGT'!E$401+'EMP 2DGT'!E$413+'EMP 2DGT'!E$425+'EMP 2DGT'!E$431 -> 1365886 | E41: ='EMP 2DGT'!F$239+'EMP 2DGT'!F$245+'EMP 2DGT'!F$251+'EMP 2DGT'!F$257+'EMP 2DGT'!F$275+'EMP 2DGT'!F$287+'EMP 2DGT'!F$293+'EMP 2DGT'!F$353+'EMP 2DGT'!F$401+'EMP 2DGT'!F$413+'EMP 2DGT'!F$425+'EMP 2DGT'!F$431 -> 1319853 | F41: ='EMP 2DGT'!G$239+'EMP 2DGT'!G$245+'EMP 2DGT'!G$251+'EMP 2DGT'!G$257+'EMP 2DGT'!G$275+'EMP 2DGT'!G$287+'EMP 2DGT'!G$293+'EMP 2DGT'!G$353+'EMP 2DGT'!G$401+'EMP 2DGT'!G$413+'EMP 2DGT'!G$425+'EMP 2DGT'!G$431 -> 1244279 | G41: ='EMP 2DGT'!H$239+'EMP 2DGT'!H$245+'EMP 2DGT'!H$251+'EMP 2DGT'!H$257+'EMP 2DGT'!H$275+'EMP 2DGT'!H$287+'EMP 2DGT'!H$293+'EMP 2DGT'!H$353+'EMP 2DGT'!H$401+'EMP 2DGT'!H$413+'EMP 2DGT'!H$425+'EMP 2DGT'!H$431 -> 1165130 | H41: ='EMP 2DGT'!I$239+'EMP 2DGT'!I$245+'EMP 2DGT'!I$251+'EMP 2DGT'!I$257+'EMP 2DGT'!I$275+'EMP 2DGT'!I$287+'EMP 2DGT'!I$293+'EMP 2DGT'!I$353+'EMP 2DGT'!I$401+'EMP 2DGT'!I$413+'EMP 2DGT'!I$425+'EMP 2DGT'!I$431 -> 1143067 | I41: ='EMP 2DGT'!J$239+'EMP 2DGT'!J$245+'EMP 2DGT'!J$251+'EMP 2DGT'!J$257+'EMP 2DGT'!J$275+'EMP 2DGT'!J$287+'EMP 2DGT'!J$293+'EMP 2DGT'!J$353+'EMP 2DGT'!J$401+'EMP 2DGT'!J$413+'EMP 2DGT'!J$425+'EMP 2DGT'!J$431 -> 1233056 | J41: ='EMP 2DGT'!K$239+'EMP 2DGT'!K$245+'EMP 2DGT'!K$251+'EMP 2DGT'!K$257+'EMP 2DGT'!K$275+'EMP 2DGT'!K$287+'EMP 2DGT'!K$293+'EMP 2DGT'!K$353+'EMP 2DGT'!K$401+'EMP 2DGT'!K$413+'EMP 2DGT'!K$425+'EMP 2DGT'!K$431 -> 1128907 | ... T41: ='EMP 2DGT'!U$239+'EMP 2DGT'!U$245+'EMP 2DGT'!U$251+'EMP 2DGT'!U$257+'EMP 2DGT'!U$275+'EMP 2DGT'!U$287+'EMP 2DGT'!U$293+'EMP 2DGT'!U$353+'EMP 2DGT'!U$401+'EMP 2DGT'!U$413+'EMP 2DGT'!U$425+'EMP 2DGT'!U$431 -> 1745944 | AG41: =100 -> 100 | AH41: =D41*100/$C41 -> 97.863447 | AI41: =E41*100/$C41 -> 94.565259 | AJ41: =F41*100/$C41 -> 89.150509 | AK41: =G41*100/$C41 -> 83.479615 | AL41: =H41*100/$C41 -> 81.898838 | AM41: =I41*100/$C41 -> 88.3464 | AN41: =J41*100/$C41 -> 80.884298 | AO41: =K41*100/$C41 -> 91.432365 | ... AX41: =T41*100/$C41 -> 125.09397
B42: Other services | C42: ='EMP 2DGT'!D$281 -> 2030 | D42: ='EMP 2DGT'!E$281 -> 1973 | E42: ='EMP 2DGT'!F$281 -> 1421 | F42: ='EMP 2DGT'!G$281 -> 1939 | G42: ='EMP 2DGT'!H$281 -> 1748 | H42: ='EMP 2DGT'!I$281 -> 1499 | I42: ='EMP 2DGT'!J$281 -> 5379 | J42: ='EMP 2DGT'!K$281 -> 5062 | ... T42: ='EMP 2DGT'!U$281 -> 14458 | AG42: =100 -> 100 | AH42: =D42*100/$C42 -> 97.192118 | AI42: =E42*100/$C42 -> 70 | AJ42: =F42*100/$C42 -> 95.517241 | AK42: =G42*100/$C42 -> 86.108374 | AL42: =H42*100/$C42 -> 73.842365 | AM42: =I42*100/$C42 -> 264.97537 | AN42: =J42*100/$C42 -> 249.35961 | AO42: =K42*100/$C42 -> 238.71921 | ... AX42: =T42*100/$C42 -> 712.21675
B43: Total services | C43: =C36+C40 -> 1703043 | D43: =D36+D40 -> 1689349 | E43: =E36+E40 -> 1621467 | F43: =F36+F40 -> 1550963 | G43: =G36+G40 -> 1442523 | H43: =H36+H40 -> 1405828 | I43: =I36+I40 -> 1570352 | J43: =J36+J40 -> 1417887 | ... T43: =T36+T40 -> 2147114 | AG43: =100 -> 100 | AH43: =D43*100/$C43 -> 99.19591 | AI43: =E43*100/$C43 -> 95.209986 | AJ43: =F43*100/$C43 -> 91.070102 | AK43: =G43*100/$C43 -> 84.702676 | AL43: =H43*100/$C43 -> 82.548004 | AM43: =I43*100/$C43 -> 92.208594 | AN43: =J43*100/$C43 -> 83.256089 | AO43: =K43*100/$C43 -> 93.854177 | ... AX43: =T43*100/$C43 -> 126.07515
B45: TOTAL manufacturing + services | C45: =C33+C43 -> 2050312 | D45: =D33+D43 -> 2012797 | E45: =E33+E43 -> 1924808 | F45: =F33+F43 -> 1824037 | G45: =G33+G43 -> 1693268 | H45: =H33+H43 -> 1636069 | I45: =I33+I43 -> 1831602 | J45: =J33+J43 -> 1654272 | ... T45: =T33+T43 -> 2454775 | AG45: =100 -> 100 | AH45: =D45*100/$C45 -> 98.170278 | AI45: =E45*100/$C45 -> 93.878785 | AJ45: =F45*100/$C45 -> 88.963875 | AK45: =G45*100/$C45 -> 82.58587 | AL45: =H45*100/$C45 -> 79.796099 | AM45: =I45*100/$C45 -> 89.332843 | AN45: =J45*100/$C45 -> 80.683915 | AO45: =K45*100/$C45 -> 90.296891 | ... AX45: =T45*100/$C45 -> 119.7269
B47: High-tech manufacturing and knowledge-intensive services | C47: =(C29+C30+C36)/C45 -> 0.17278687 | D47: =(D29+D30+D36)/D45 -> 0.18326736 | E47: =(E29+E30+E36)/E45 -> 0.1792984 | F47: =(F29+F30+F36)/F45 -> 0.18929276 | G47: =(G29+G30+G36)/G45 -> 0.18430101 | H47: =(H29+H30+H36)/H45 -> 0.18293544 | I47: =(I29+I30+I36)/I45 -> 0.20001616 | J47: =(J29+J30+J36)/J45 -> 0.19081868 | ... T47: =(T29+T30+T36)/T45 -> 0.17234573
B48: Low tech manufacturing and less knowledge-intensive services | C48: =(C31+C32+C40)/C45 -> 0.82721313 | D48: =(D31+D32+D40)/D45 -> 0.81673264 | E48: =(E31+E32+E40)/E45 -> 0.8207016 | F48: =(F31+F32+F40)/F45 -> 0.81070724 | G48: =(G31+G32+G40)/G45 -> 0.81569899 | H48: =(H31+H32+H40)/H45 -> 0.81706456 | I48: =(I31+I32+I40)/I45 -> 0.79998384 | J48: =(J31+J32+J40)/J45 -> 0.80918132 | ... T48: =(T31+T32+T40)/T45 -> 0.82765427
B51: Value added at factor costs (inflation adjusted)
B52: Manufacturing industries | C52: 2008 | D52: 2009 | E52: 2010 | F52: 2011 | G52: 2012 | H52: 2013 | I52: 2014 | J52: 2015 | K52: 2016 | L52: 2017 | M52: 2018 | N52: 2019 | O52: 2020 | P52: 2021 | Q52: 2022 | R52: 2023 | S52: 2024 | T52: 2025 | AG52: 2008 | AH52: 2009 | AI52: 2010 | AJ52: 2011 | AK52: 2012 | AL52: 2013 | AM52: 2014 | AN52: 2015 | AO52: 2016 | AP52: 2017 | AQ52: 2018 | AR52: 2019 | AS52: 2020 | AT52: 2021 | AU52: 2022 | AV52: 2023 | AW52: 2024 | AX52: 2025
B53: High-technology | C53: ='VAinfl 2DGT'!D$113+'VAinfl 2DGT'!D$143 -> 300.22865 | D53: ='VAinfl 2DGT'!E$113+'VAinfl 2DGT'!E$143 -> 282.91477 | E53: ='VAinfl 2DGT'!F$113+'VAinfl 2DGT'!F$143 -> 240.65677 | F53: ='VAinfl 2DGT'!G$113+'VAinfl 2DGT'!G$143 -> 234.31703 | G53: ='VAinfl 2DGT'!H$113+'VAinfl 2DGT'!H$143 -> 255.17015 | H53: ='VAinfl 2DGT'!I$113+'VAinfl 2DGT'!I$143 -> 268.31936 | I53: ='VAinfl 2DGT'!J$113+'VAinfl 2DGT'!J$143 -> 326.19721 | J53: ='VAinfl 2DGT'!K$113+'VAinfl 2DGT'!K$143 -> 291.47819 | ... T53: ='VAinfl 2DGT'!U$113+'VAinfl 2DGT'!U$143 -> 311.38707 | AG53: =100 -> 100 | AH53: =D53*100/$C53 -> 94.233103 | AI53: =E53*100/$C53 -> 80.157829 | AJ53: =F53*100/$C53 -> 78.046193 | AK53: =G53*100/$C53 -> 84.99194 | AL53: =H53*100/$C53 -> 89.371671 | AM53: =I53*100/$C53 -> 108.64959 | AN53: =J53*100/$C53 -> 97.085402 | AO53: =K53*100/$C53 -> 90.118954 | ... AX53: =T53*100/$C53 -> 103.71664 | AZ53: =MIN(AG53:AX69) -> 21.563512
B54: Medium-high-technology | C54: ='VAinfl 2DGT'!D$107+'VAinfl 2DGT'!D$149+'VAinfl 2DGT'!D$155+'VAinfl 2DGT'!D$161+'VAinfl 2DGT'!D$167 -> 1594.9896 | D54: ='VAinfl 2DGT'!E$107+'VAinfl 2DGT'!E$149+'VAinfl 2DGT'!E$155+'VAinfl 2DGT'!E$161+'VAinfl 2DGT'!E$167 -> 1574.5641 | E54: ='VAinfl 2DGT'!F$107+'VAinfl 2DGT'!F$149+'VAinfl 2DGT'!F$155+'VAinfl 2DGT'!F$161+'VAinfl 2DGT'!F$167 -> 1506.2689 | F54: ='VAinfl 2DGT'!G$107+'VAinfl 2DGT'!G$149+'VAinfl 2DGT'!G$155+'VAinfl 2DGT'!G$161+'VAinfl 2DGT'!G$167 -> 1248.841 | G54: ='VAinfl 2DGT'!H$107+'VAinfl 2DGT'!H$149+'VAinfl 2DGT'!H$155+'VAinfl 2DGT'!H$161+'VAinfl 2DGT'!H$167 -> 1154.367 | H54: ='VAinfl 2DGT'!I$107+'VAinfl 2DGT'!I$149+'VAinfl 2DGT'!I$155+'VAinfl 2DGT'!I$161+'VAinfl 2DGT'!I$167 -> 1074.5285 | I54: ='VAinfl 2DGT'!J$107+'VAinfl 2DGT'!J$149+'VAinfl 2DGT'!J$155+'VAinfl 2DGT'!J$161+'VAinfl 2DGT'!J$167 -> 991.57898 | J54: ='VAinfl 2DGT'!K$107+'VAinfl 2DGT'!K$149+'VAinfl 2DGT'!K$155+'VAinfl 2DGT'!K$161+'VAinfl 2DGT'!K$167 -> 985.54597 | ... T54: ='VAinfl 2DGT'!U$107+'VAinfl 2DGT'!U$149+'VAinfl 2DGT'!U$155+'VAinfl 2DGT'!U$161+'VAinfl 2DGT'!U$167 -> 1043.2553 | AG54: =100 -> 100 | AH54: =D54*100/$C54 -> 98.719396 | AI54: =E54*100/$C54 -> 94.43754 | AJ54: =F54*100/$C54 -> 78.297754 | AK54: =G54*100/$C54 -> 72.374577 | AL54: =H54*100/$C54 -> 67.369002 | AM54: =I54*100/$C54 -> 62.168368 | AN54: =J54*100/$C54 -> 61.790121 | AO54: =K54*100/$C54 -> 60.288864 | ... AX54: =T54*100/$C54 -> 65.408284 | AZ54: =MAX(AG53:AX69) -> 372.79689
B55: Medium-low-technology | C55: ='VAinfl 2DGT'!D$101+'VAinfl 2DGT'!D$119+'VAinfl 2DGT'!D$125+'VAinfl 2DGT'!D$131+'VAinfl 2DGT'!D$137+'VAinfl 2DGT'!D$185 -> 3305.5969 | D55: ='VAinfl 2DGT'!E$101+'VAinfl 2DGT'!E$119+'VAinfl 2DGT'!E$125+'VAinfl 2DGT'!E$131+'VAinfl 2DGT'!E$137+'VAinfl 2DGT'!E$185 -> 3349.0435 | E55: ='VAinfl 2DGT'!F$101+'VAinfl 2DGT'!F$119+'VAinfl 2DGT'!F$125+'VAinfl 2DGT'!F$131+'VAinfl 2DGT'!F$137+'VAinfl 2DGT'!F$185 -> 3018.2855 | F55: ='VAinfl 2DGT'!G$101+'VAinfl 2DGT'!G$119+'VAinfl 2DGT'!G$125+'VAinfl 2DGT'!G$131+'VAinfl 2DGT'!G$137+'VAinfl 2DGT'!G$185 -> 2644.7408 | G55: ='VAinfl 2DGT'!H$101+'VAinfl 2DGT'!H$119+'VAinfl 2DGT'!H$125+'VAinfl 2DGT'!H$131+'VAinfl 2DGT'!H$137+'VAinfl 2DGT'!H$185 -> 2249.0395 | H55: ='VAinfl 2DGT'!I$101+'VAinfl 2DGT'!I$119+'VAinfl 2DGT'!I$125+'VAinfl 2DGT'!I$131+'VAinfl 2DGT'!I$137+'VAinfl 2DGT'!I$185 -> 1897.8092 | I55: ='VAinfl 2DGT'!J$101+'VAinfl 2DGT'!J$119+'VAinfl 2DGT'!J$125+'VAinfl 2DGT'!J$131+'VAinfl 2DGT'!J$137+'VAinfl 2DGT'!J$185 -> 1363.8032 | J55: ='VAinfl 2DGT'!K$101+'VAinfl 2DGT'!K$119+'VAinfl 2DGT'!K$125+'VAinfl 2DGT'!K$131+'VAinfl 2DGT'!K$137+'VAinfl 2DGT'!K$185 -> 1456.6851 | ... T55: ='VAinfl 2DGT'!U$101+'VAinfl 2DGT'!U$119+'VAinfl 2DGT'!U$125+'VAinfl 2DGT'!U$131+'VAinfl 2DGT'!U$137+'VAinfl 2DGT'!U$185 -> 1957.5904 | AG55: =100 -> 100 | AH55: =D55*100/$C55 -> 101.31433 | AI55: =E55*100/$C55 -> 91.308335 | AJ55: =F55*100/$C55 -> 80.007964 | AK55: =G55*100/$C55 -> 68.037317 | AL55: =H55*100/$C55 -> 57.411996 | AM55: =I55*100/$C55 -> 41.257395 | AN55: =J55*100/$C55 -> 44.067232 | AO55: =K55*100/$C55 -> 42.265156 | ... AX55: =T55*100/$C55 -> 59.220481
B56: Low-technology | C56: ='VAinfl 2DGT'!D$47+'VAinfl 2DGT'!D$53+'VAinfl 2DGT'!D$59+'VAinfl 2DGT'!D$65+'VAinfl 2DGT'!D$71+'VAinfl 2DGT'!D$77+'VAinfl 2DGT'!D$83+'VAinfl 2DGT'!D$89+'VAinfl 2DGT'!D$95+'VAinfl 2DGT'!D$173+'VAinfl 2DGT'!D$179 -> 4400.4374 | D56: ='VAinfl 2DGT'!E$47+'VAinfl 2DGT'!E$53+'VAinfl 2DGT'!E$59+'VAinfl 2DGT'!E$65+'VAinfl 2DGT'!E$71+'VAinfl 2DGT'!E$77+'VAinfl 2DGT'!E$83+'VAinfl 2DGT'!E$89+'VAinfl 2DGT'!E$95+'VAinfl 2DGT'!E$173+'VAinfl 2DGT'!E$179 -> 4901.3334 | E56: ='VAinfl 2DGT'!F$47+'VAinfl 2DGT'!F$53+'VAinfl 2DGT'!F$59+'VAinfl 2DGT'!F$65+'VAinfl 2DGT'!F$71+'VAinfl 2DGT'!F$77+'VAinfl 2DGT'!F$83+'VAinfl 2DGT'!F$89+'VAinfl 2DGT'!F$95+'VAinfl 2DGT'!F$173+'VAinfl 2DGT'!F$179 -> 4644.2121 | F56: ='VAinfl 2DGT'!G$47+'VAinfl 2DGT'!G$53+'VAinfl 2DGT'!G$59+'VAinfl 2DGT'!G$65+'VAinfl 2DGT'!G$71+'VAinfl 2DGT'!G$77+'VAinfl 2DGT'!G$83+'VAinfl 2DGT'!G$89+'VAinfl 2DGT'!G$95+'VAinfl 2DGT'!G$173+'VAinfl 2DGT'!G$179 -> 3810.1661 | G56: ='VAinfl 2DGT'!H$47+'VAinfl 2DGT'!H$53+'VAinfl 2DGT'!H$59+'VAinfl 2DGT'!H$65+'VAinfl 2DGT'!H$71+'VAinfl 2DGT'!H$77+'VAinfl 2DGT'!H$83+'VAinfl 2DGT'!H$89+'VAinfl 2DGT'!H$95+'VAinfl 2DGT'!H$173+'VAinfl 2DGT'!H$179 -> 3452.0708 | H56: ='VAinfl 2DGT'!I$47+'VAinfl 2DGT'!I$53+'VAinfl 2DGT'!I$59+'VAinfl 2DGT'!I$65+'VAinfl 2DGT'!I$71+'VAinfl 2DGT'!I$77+'VAinfl 2DGT'!I$83+'VAinfl 2DGT'!I$89+'VAinfl 2DGT'!I$95+'VAinfl 2DGT'!I$173+'VAinfl 2DGT'!I$179 -> 2898.5811 | I56: ='VAinfl 2DGT'!J$47+'VAinfl 2DGT'!J$53+'VAinfl 2DGT'!J$59+'VAinfl 2DGT'!J$65+'VAinfl 2DGT'!J$71+'VAinfl 2DGT'!J$77+'VAinfl 2DGT'!J$83+'VAinfl 2DGT'!J$89+'VAinfl 2DGT'!J$95+'VAinfl 2DGT'!J$173+'VAinfl 2DGT'!J$179 -> 3009.6968 | J56: ='VAinfl 2DGT'!K$47+'VAinfl 2DGT'!K$53+'VAinfl 2DGT'!K$59+'VAinfl 2DGT'!K$65+'VAinfl 2DGT'!K$71+'VAinfl 2DGT'!K$77+'VAinfl 2DGT'!K$83+'VAinfl 2DGT'!K$89+'VAinfl 2DGT'!K$95+'VAinfl 2DGT'!K$173+'VAinfl 2DGT'!K$179 -> 2984.1852 | ... T56: ='VAinfl 2DGT'!U$47+'VAinfl 2DGT'!U$53+'VAinfl 2DGT'!U$59+'VAinfl 2DGT'!U$65+'VAinfl 2DGT'!U$71+'VAinfl 2DGT'!U$77+'VAinfl 2DGT'!U$83+'VAinfl 2DGT'!U$89+'VAinfl 2DGT'!U$95+'VAinfl 2DGT'!U$173+'VAinfl 2DGT'!U$179 -> 3254.5152 | AG56: =100 -> 100 | AH56: =D56*100/$C56 -> 111.38287 | AI56: =E56*100/$C56 -> 105.53978 | AJ56: =F56*100/$C56 -> 86.586077 | AK56: =G56*100/$C56 -> 78.448356 | AL56: =H56*100/$C56 -> 65.870295 | AM56: =I56*100/$C56 -> 68.395402 | AN56: =J56*100/$C56 -> 67.815649 | AO56: =K56*100/$C56 -> 67.491398 | ... AX56: =T56*100/$C56 -> 73.958901
B57: Total manufacturing | C57: =SUM(C53:C56) -> 9601.2526 | D57: =SUM(D53:D56) -> 10107.856 | E57: =SUM(E53:E56) -> 9409.4233 | F57: =SUM(F53:F56) -> 7938.065 | G57: =SUM(G53:G56) -> 7110.6474 | H57: =SUM(H53:H56) -> 6139.2382 | I57: =SUM(I53:I56) -> 5691.2762 | J57: =SUM(J53:J56) -> 5717.8944 | ... T57: =SUM(T53:T56) -> 6566.7479 | AG57: =100 -> 100 | AH57: =D57*100/$C57 -> 105.27643 | AI57: =E57*100/$C57 -> 98.002039 | AJ57: =F57*100/$C57 -> 82.677389 | AK57: =G57*100/$C57 -> 74.059581 | AL57: =H57*100/$C57 -> 63.942055 | AM57: =I57*100/$C57 -> 59.276393 | AN57: =J57*100/$C57 -> 59.55363 | AO57: =K57*100/$C57 -> 58.317354 | ... AX57: =T57*100/$C57 -> 68.394701
B59: Knowledge-based services | C59: 2008 | D59: 2009 | E59: 2010 | F59: 2011 | G59: 2012 | H59: 2013 | I59: 2014 | J59: 2015 | K59: 2016 | L59: 2017 | M59: 2018 | N59: 2019 | O59: 2020 | P59: 2021 | Q59: 2022 | R59: 2023 | S59: 2024 | T59: 2025
B60: Knowledge-intensive services, of which | C60: =SUM(C61:C63) -> 9633.8733 | D60: =SUM(D61:D63) -> 9379.4879 | E60: =SUM(E61:E63) -> 6708.9281 | F60: =SUM(F61:F63) -> 6984.9765 | G60: =SUM(G61:G63) -> 6611.5367 | H60: =SUM(H61:H63) -> 5941.974 | I60: =SUM(I61:I63) -> 5522.2622 | J60: =SUM(J61:J63) -> 5433.2024 | ... T60: =SUM(T61:T63) -> 9218.0247 | AG60: =100 -> 100 | AH60: =D60*100/$C60 -> 97.359469 | AI60: =E60*100/$C60 -> 69.63895 | AJ60: =F60*100/$C60 -> 72.504343 | AK60: =G60*100/$C60 -> 68.628022 | AL60: =H60*100/$C60 -> 61.677934 | AM60: =I60*100/$C60 -> 57.321309 | AN60: =J60*100/$C60 -> 56.396864 | AO60: =K60*100/$C60 -> 51.696054 | ... AX60: =T60*100/$C60 -> 95.683475
B61: Market services | C61: ='VAinfl 2DGT'!D$263+'VAinfl 2DGT'!D$269+'VAinfl 2DGT'!D$359+'VAinfl 2DGT'!D$365+'VAinfl 2DGT'!D$371+'VAinfl 2DGT'!D$383+'VAinfl 2DGT'!D$389+'VAinfl 2DGT'!D$407+'VAinfl 2DGT'!D$419 -> 7144.8351 | D61: ='VAinfl 2DGT'!E$263+'VAinfl 2DGT'!E$269+'VAinfl 2DGT'!E$359+'VAinfl 2DGT'!E$365+'VAinfl 2DGT'!E$371+'VAinfl 2DGT'!E$383+'VAinfl 2DGT'!E$389+'VAinfl 2DGT'!E$407+'VAinfl 2DGT'!E$419 -> 6721.9683 | E61: ='VAinfl 2DGT'!F$263+'VAinfl 2DGT'!F$269+'VAinfl 2DGT'!F$359+'VAinfl 2DGT'!F$365+'VAinfl 2DGT'!F$371+'VAinfl 2DGT'!F$383+'VAinfl 2DGT'!F$389+'VAinfl 2DGT'!F$407+'VAinfl 2DGT'!F$419 -> 4668.975 | F61: ='VAinfl 2DGT'!G$263+'VAinfl 2DGT'!G$269+'VAinfl 2DGT'!G$359+'VAinfl 2DGT'!G$365+'VAinfl 2DGT'!G$371+'VAinfl 2DGT'!G$383+'VAinfl 2DGT'!G$389+'VAinfl 2DGT'!G$407+'VAinfl 2DGT'!G$419 -> 5405.0231 | G61: ='VAinfl 2DGT'!H$263+'VAinfl 2DGT'!H$269+'VAinfl 2DGT'!H$359+'VAinfl 2DGT'!H$365+'VAinfl 2DGT'!H$371+'VAinfl 2DGT'!H$383+'VAinfl 2DGT'!H$389+'VAinfl 2DGT'!H$407+'VAinfl 2DGT'!H$419 -> 4900.1993 | H61: ='VAinfl 2DGT'!I$263+'VAinfl 2DGT'!I$269+'VAinfl 2DGT'!I$359+'VAinfl 2DGT'!I$365+'VAinfl 2DGT'!I$371+'VAinfl 2DGT'!I$383+'VAinfl 2DGT'!I$389+'VAinfl 2DGT'!I$407+'VAinfl 2DGT'!I$419 -> 4280.9002 | I61: ='VAinfl 2DGT'!J$263+'VAinfl 2DGT'!J$269+'VAinfl 2DGT'!J$359+'VAinfl 2DGT'!J$365+'VAinfl 2DGT'!J$371+'VAinfl 2DGT'!J$383+'VAinfl 2DGT'!J$389+'VAinfl 2DGT'!J$407+'VAinfl 2DGT'!J$419 -> 3990.7361 | J61: ='VAinfl 2DGT'!K$263+'VAinfl 2DGT'!K$269+'VAinfl 2DGT'!K$359+'VAinfl 2DGT'!K$365+'VAinfl 2DGT'!K$371+'VAinfl 2DGT'!K$383+'VAinfl 2DGT'!K$389+'VAinfl 2DGT'!K$407+'VAinfl 2DGT'!K$419 -> 3985.2418 | ... T61: ='VAinfl 2DGT'!U$263+'VAinfl 2DGT'!U$269+'VAinfl 2DGT'!U$359+'VAinfl 2DGT'!U$365+'VAinfl 2DGT'!U$371+'VAinfl 2DGT'!U$383+'VAinfl 2DGT'!U$389+'VAinfl 2DGT'!U$407+'VAinfl 2DGT'!U$419 -> 6294.2181 | AG61: =100 -> 100 | AH61: =D61*100/$C61 -> 94.081504 | AI61: =E61*100/$C61 -> 65.347555 | AJ61: =F61*100/$C61 -> 75.649375 | AK61: =G61*100/$C61 -> 68.583799 | AL61: =H61*100/$C61 -> 59.916011 | AM61: =I61*100/$C61 -> 55.854838 | AN61: =J61*100/$C61 -> 55.777939 | AO61: =K61*100/$C61 -> 51.131334 | ... AX61: =T61*100/$C61 -> 88.094659
B62: High-tech | C62: ='VAinfl 2DGT'!D$305+'VAinfl 2DGT'!D$311+'VAinfl 2DGT'!D$317+'VAinfl 2DGT'!D$323+'VAinfl 2DGT'!D$329+'VAinfl 2DGT'!D$377 -> 1675.9355 | D62: ='VAinfl 2DGT'!E$305+'VAinfl 2DGT'!E$311+'VAinfl 2DGT'!E$317+'VAinfl 2DGT'!E$323+'VAinfl 2DGT'!E$329+'VAinfl 2DGT'!E$377 -> 1693.7625 | E62: ='VAinfl 2DGT'!F$305+'VAinfl 2DGT'!F$311+'VAinfl 2DGT'!F$317+'VAinfl 2DGT'!F$323+'VAinfl 2DGT'!F$329+'VAinfl 2DGT'!F$377 -> 1266.8315 | F62: ='VAinfl 2DGT'!G$305+'VAinfl 2DGT'!G$311+'VAinfl 2DGT'!G$317+'VAinfl 2DGT'!G$323+'VAinfl 2DGT'!G$329+'VAinfl 2DGT'!G$377 -> 886.74486 | G62: ='VAinfl 2DGT'!H$305+'VAinfl 2DGT'!H$311+'VAinfl 2DGT'!H$317+'VAinfl 2DGT'!H$323+'VAinfl 2DGT'!H$329+'VAinfl 2DGT'!H$377 -> 1155.803 | H62: ='VAinfl 2DGT'!I$305+'VAinfl 2DGT'!I$311+'VAinfl 2DGT'!I$317+'VAinfl 2DGT'!I$323+'VAinfl 2DGT'!I$329+'VAinfl 2DGT'!I$377 -> 1202.6179 | I62: ='VAinfl 2DGT'!J$305+'VAinfl 2DGT'!J$311+'VAinfl 2DGT'!J$317+'VAinfl 2DGT'!J$323+'VAinfl 2DGT'!J$329+'VAinfl 2DGT'!J$377 -> 1246.3673 | J62: ='VAinfl 2DGT'!K$305+'VAinfl 2DGT'!K$311+'VAinfl 2DGT'!K$317+'VAinfl 2DGT'!K$323+'VAinfl 2DGT'!K$329+'VAinfl 2DGT'!K$377 -> 1204.034 | ... T62: ='VAinfl 2DGT'!U$305+'VAinfl 2DGT'!U$311+'VAinfl 2DGT'!U$317+'VAinfl 2DGT'!U$323+'VAinfl 2DGT'!U$329+'VAinfl 2DGT'!U$377 -> 2595.8751 | AG62: =100 -> 100 | AH62: =D62*100/$C62 -> 101.0637 | AI62: =E62*100/$C62 -> 75.589512 | AJ62: =F62*100/$C62 -> 52.91044 | AK62: =G62*100/$C62 -> 68.964647 | AL62: =H62*100/$C62 -> 71.758005 | AM62: =I62*100/$C62 -> 74.368453 | AN62: =J62*100/$C62 -> 71.842501 | AO62: =K62*100/$C62 -> 68.722772 | ... AX62: =T62*100/$C62 -> 154.89111
B63: Other | C63: ='VAinfl 2DGT'!D$299+'VAinfl 2DGT'!D$395 -> 813.10269 | D63: ='VAinfl 2DGT'!E$299+'VAinfl 2DGT'!E$395 -> 963.75714 | E63: ='VAinfl 2DGT'!F$299+'VAinfl 2DGT'!F$395 -> 773.12166 | F63: ='VAinfl 2DGT'!G$299+'VAinfl 2DGT'!G$395 -> 693.20856 | G63: ='VAinfl 2DGT'!H$299+'VAinfl 2DGT'!H$395 -> 555.53436 | H63: ='VAinfl 2DGT'!I$299+'VAinfl 2DGT'!I$395 -> 458.45595 | I63: ='VAinfl 2DGT'!J$299+'VAinfl 2DGT'!J$395 -> 285.15885 | J63: ='VAinfl 2DGT'!K$299+'VAinfl 2DGT'!K$395 -> 243.92667 | ... T63: ='VAinfl 2DGT'!U$299+'VAinfl 2DGT'!U$395 -> 327.93152 | AG63: =100 -> 100 | AH63: =D63*100/$C63 -> 118.52834 | AI63: =E63*100/$C63 -> 95.082905 | AJ63: =F63*100/$C63 -> 85.254737 | AK63: =G63*100/$C63 -> 68.32278 | AL63: =H63*100/$C63 -> 56.383524 | AM63: =I63*100/$C63 -> 35.070459 | AN63: =J63*100/$C63 -> 29.999491 | AO63: =K63*100/$C63 -> 21.563512 | ... AX63: =T63*100/$C63 -> 40.330886
B64: Less knowledge-intensive services, of which | C64: =SUM(C65:C66) -> 30478.102 | D64: =SUM(D65:D66) -> 29469.667 | E64: =SUM(E65:E66) -> 26571.578 | F64: =SUM(F65:F66) -> 22470.615 | G64: =SUM(G65:G66) -> 18996.709 | H64: =SUM(H65:H66) -> 18470.233 | I64: =SUM(I65:I66) -> 14697.754 | J64: =SUM(J65:J66) -> 14924.94 | ... T64: =SUM(T65:T66) -> 26457.243 | AG64: =100 -> 100 | AH64: =D64*100/$C64 -> 96.691282 | AI64: =E64*100/$C64 -> 87.182524 | AJ64: =F64*100/$C64 -> 73.727081 | AK64: =G64*100/$C64 -> 62.329044 | AL64: =H64*100/$C64 -> 60.601651 | AM64: =I64*100/$C64 -> 48.223981 | AN64: =J64*100/$C64 -> 48.969389 | AO64: =K64*100/$C64 -> 44.847308 | ... AX64: =T64*100/$C64 -> 86.807385
B65: Market services | C65: ='VAinfl 2DGT'!D$239+'VAinfl 2DGT'!D$245+'VAinfl 2DGT'!D$251+'VAinfl 2DGT'!D$257+'VAinfl 2DGT'!D$275+'VAinfl 2DGT'!D$287+'VAinfl 2DGT'!D$293+'VAinfl 2DGT'!D$353+'VAinfl 2DGT'!D$401+'VAinfl 2DGT'!D$413+'VAinfl 2DGT'!D$425+'VAinfl 2DGT'!D$431 -> 30443.807 | D65: ='VAinfl 2DGT'!E$239+'VAinfl 2DGT'!E$245+'VAinfl 2DGT'!E$251+'VAinfl 2DGT'!E$257+'VAinfl 2DGT'!E$275+'VAinfl 2DGT'!E$287+'VAinfl 2DGT'!E$293+'VAinfl 2DGT'!E$353+'VAinfl 2DGT'!E$401+'VAinfl 2DGT'!E$413+'VAinfl 2DGT'!E$425+'VAinfl 2DGT'!E$431 -> 29434.706 | E65: ='VAinfl 2DGT'!F$239+'VAinfl 2DGT'!F$245+'VAinfl 2DGT'!F$251+'VAinfl 2DGT'!F$257+'VAinfl 2DGT'!F$275+'VAinfl 2DGT'!F$287+'VAinfl 2DGT'!F$293+'VAinfl 2DGT'!F$353+'VAinfl 2DGT'!F$401+'VAinfl 2DGT'!F$413+'VAinfl 2DGT'!F$425+'VAinfl 2DGT'!F$431 -> 26544.804 | F65: ='VAinfl 2DGT'!G$239+'VAinfl 2DGT'!G$245+'VAinfl 2DGT'!G$251+'VAinfl 2DGT'!G$257+'VAinfl 2DGT'!G$275+'VAinfl 2DGT'!G$287+'VAinfl 2DGT'!G$293+'VAinfl 2DGT'!G$353+'VAinfl 2DGT'!G$401+'VAinfl 2DGT'!G$413+'VAinfl 2DGT'!G$425+'VAinfl 2DGT'!G$431 -> 22433.638 | G65: ='VAinfl 2DGT'!H$239+'VAinfl 2DGT'!H$245+'VAinfl 2DGT'!H$251+'VAinfl 2DGT'!H$257+'VAinfl 2DGT'!H$275+'VAinfl 2DGT'!H$287+'VAinfl 2DGT'!H$293+'VAinfl 2DGT'!H$353+'VAinfl 2DGT'!H$401+'VAinfl 2DGT'!H$413+'VAinfl 2DGT'!H$425+'VAinfl 2DGT'!H$431 -> 18959.332 | H65: ='VAinfl 2DGT'!I$239+'VAinfl 2DGT'!I$245+'VAinfl 2DGT'!I$251+'VAinfl 2DGT'!I$257+'VAinfl 2DGT'!I$275+'VAinfl 2DGT'!I$287+'VAinfl 2DGT'!I$293+'VAinfl 2DGT'!I$353+'VAinfl 2DGT'!I$401+'VAinfl 2DGT'!I$413+'VAinfl 2DGT'!I$425+'VAinfl 2DGT'!I$431 -> 18444.036 | I65: ='VAinfl 2DGT'!J$239+'VAinfl 2DGT'!J$245+'VAinfl 2DGT'!J$251+'VAinfl 2DGT'!J$257+'VAinfl 2DGT'!J$275+'VAinfl 2DGT'!J$287+'VAinfl 2DGT'!J$293+'VAinfl 2DGT'!J$353+'VAinfl 2DGT'!J$401+'VAinfl 2DGT'!J$413+'VAinfl 2DGT'!J$425+'VAinfl 2DGT'!J$431 -> 14616.697 | J65: ='VAinfl 2DGT'!K$239+'VAinfl 2DGT'!K$245+'VAinfl 2DGT'!K$251+'VAinfl 2DGT'!K$257+'VAinfl 2DGT'!K$275+'VAinfl 2DGT'!K$287+'VAinfl 2DGT'!K$293+'VAinfl 2DGT'!K$353+'VAinfl 2DGT'!K$401+'VAinfl 2DGT'!K$413+'VAinfl 2DGT'!K$425+'VAinfl 2DGT'!K$431 -> 14841.969 | ... T65: ='VAinfl 2DGT'!U$239+'VAinfl 2DGT'!U$245+'VAinfl 2DGT'!U$251+'VAinfl 2DGT'!U$257+'VAinfl 2DGT'!U$275+'VAinfl 2DGT'!U$287+'VAinfl 2DGT'!U$293+'VAinfl 2DGT'!U$353+'VAinfl 2DGT'!U$401+'VAinfl 2DGT'!U$413+'VAinfl 2DGT'!U$425+'VAinfl 2DGT'!U$431 -> 26334.773 | AG65: =100 -> 100 | AH65: =D65*100/$C65 -> 96.685366 | AI65: =E65*100/$C65 -> 87.192786 | AJ65: =F65*100/$C65 -> 73.688675 | AK65: =G65*100/$C65 -> 62.276481 | AL65: =H65*100/$C65 -> 60.583868 | AM65: =I65*100/$C65 -> 48.012053 | AN65: =J65*100/$C65 -> 48.752015 | AO65: =K65*100/$C65 -> 44.661737 | ... AX65: =T65*100/$C65 -> 86.502889
B66: Other services | C66: ='VAinfl 2DGT'!D$281 -> 34.294562 | D66: ='VAinfl 2DGT'!E$281 -> 34.960955 | E66: ='VAinfl 2DGT'!F$281 -> 26.774819 | F66: ='VAinfl 2DGT'!G$281 -> 36.976531 | G66: ='VAinfl 2DGT'!H$281 -> 37.377439 | H66: ='VAinfl 2DGT'!I$281 -> 26.196818 | I66: ='VAinfl 2DGT'!J$281 -> 81.057195 | J66: ='VAinfl 2DGT'!K$281 -> 82.970862 | ... T66: ='VAinfl 2DGT'!U$281 -> 122.47018 | AG66: =100 -> 100 | AH66: =D66*100/$C66 -> 101.94315 | AI66: =E66*100/$C66 -> 78.073074 | AJ66: =F66*100/$C66 -> 107.82039 | AK66: =G66*100/$C66 -> 108.98941 | AL66: =H66*100/$C66 -> 76.387673 | AM66: =I66*100/$C66 -> 236.35582 | AN66: =J66*100/$C66 -> 241.93591 | AO66: =K66*100/$C66 -> 209.58209 | ... AX66: =T66*100/$C66 -> 357.11253
B67: Total services | C67: =C60+C64 -> 40111.975 | D67: =D60+D64 -> 38849.155 | E67: =E60+E64 -> 33280.507 | F67: =F60+F64 -> 29455.591 | G67: =G60+G64 -> 25608.246 | H67: =H60+H64 -> 24412.207 | I67: =I60+I64 -> 20220.016 | J67: =J60+J64 -> 20358.143 | ... T67: =T60+T64 -> 35675.268 | AG67: =100 -> 100 | AH67: =D67*100/$C67 -> 96.851763 | AI67: =E67*100/$C67 -> 82.969005 | AJ67: =F67*100/$C67 -> 73.43341 | AK67: =G67*100/$C67 -> 63.841898 | AL67: =H67*100/$C67 -> 60.860146 | AM67: =I67*100/$C67 -> 50.408927 | AN67: =J67*100/$C67 -> 50.753279 | AO67: =K67*100/$C67 -> 46.492202 | ... AX67: =T67*100/$C67 -> 88.939195
B69: TOTAL manufacturing + services | C69: =C67+C57 -> 49713.227 | D69: =D67+D57 -> 48957.011 | E69: =E67+E57 -> 42689.93 | F69: =F67+F57 -> 37393.656 | G69: =G67+G57 -> 32718.893 | H69: =H67+H57 -> 30551.445 | I69: =I67+I57 -> 25911.293 | J69: =J67+J57 -> 26076.037 | ... T69: =T67+T57 -> 42242.016 | AG69: =100 -> 100 | AH69: =D69*100/$C69 -> 98.478842 | AI69: =E69*100/$C69 -> 85.872376 | AJ69: =F69*100/$C69 -> 75.218725 | AK69: =G69*100/$C69 -> 65.815267 | AL69: =H69*100/$C69 -> 61.455364 | AM69: =I69*100/$C69 -> 52.121525 | AN69: =J69*100/$C69 -> 52.452915 | AO69: =K69*100/$C69 -> 48.776026 | ... AX69: =T69*100/$C69 -> 84.97138
B71: High-tech manufacturing and knowledge-intensive services | C71: =(C53+C54+C60)/C69 -> 0.23191195 | D71: =(D53+D54+D60)/D69 -> 0.22952722 | E71: =(E53+E54+E60)/E69 -> 0.19807608 | F71: =(F53+F54+F60)/F69 -> 0.22645912 | G71: =(G53+G54+G60)/G69 -> 0.24515113 | H71: =(H53+H54+H60)/H69 -> 0.23844443 | I71: =(I53+I54+I60)/I69 -> 0.26397905 | J71: =(J53+J54+J60)/J69 -> 0.25733307 | ... T71: =(T53+T54+T60)/T69 -> 0.25028794
B72: Low tech manufacturing and less knowledge-intensive services | C72: =(C55+C56+C64)/C69 -> 0.76808805 | D72: =(D55+D56+D64)/D69 -> 0.77047278 | E72: =(E55+E56+E64)/E69 -> 0.80192392 | F72: =(F55+F56+F64)/F69 -> 0.77354088 | G72: =(G55+G56+G64)/G69 -> 0.75484887 | H72: =(H55+H56+H64)/H69 -> 0.76155557 | I72: =(I55+I56+I64)/I69 -> 0.73602095 | J72: =(J55+J56+J64)/J69 -> 0.74266693 | ... T72: =(T55+T56+T64)/T69 -> 0.74971206
B102: Legend
B103: Manufacturing industries | C103: Divisions (2-digit industries)
B104: High-technology | C104: C21: Manufacture of basic pharmaceutical products and pharmaceutical preparations
C105: C26: Manufacture of computer, electronic and optical products
B106: Medium-high-technology | C106: C20: Manufacture of chemicals and chemical products
C107: C27: Manufacture of electrical equipment
C108: C28: Manufacture of machinery and equipment n.e.c.
C109: C29: Manufacture of motor vehicles, trailers and semi-trailers
C110: C30: Manufacture of other transport equipment
B111: Medium-low-technology | C111: C19: Manufacture of coke and refined petroleum products
C112: C22: Manufacture of rubber and plastic products
C113: C23: Manufacture of other non-metallic mineral products
C114: C24: Manufacture of basic metals
C115: C25: Manufacture of fabricated metal products, except machinery and equipment
C116: C33: Repair and installation of machinery and equipment
B117: Low-technology | C117: C10: Manufacture of food products
C118: C11: Manufacture of beverages
C119: C12: Manufacture of tobacco products
C120: C13: Manufacture of textiles
C121: C14: Manufacture of wearing apparel
C122: C15: Manufacture of leather and related products
C123: C16: Manufacture of wood and of products of wood and cork, except furniture; manufacture of articles of straw and plaiting materials
C124: C17: Manufacture of paper and paper products
C125: C18: Printing and reproduction of recorded media
C126: C31: Manufacture of furniture
C127: C32: Other manufacturing
B129: Knowledge-based services | C129: Divisions
B130: Knowledge-intensive services, of which
B131: Market services | C131: H50: Water transport
C132: H51: Air transport
C133: M69: Legal and accounting activities
C134: M70: Activities of head offices; management consultancy activities
C135: M71: Architectural and engineering activities; technical testing and analysis
C136: M73: Advertising and market research
C137: M74: Other professional, scientific and technical activities
C138: N78: Employment activities
C139: N80: Security and investigation activities
B140: High-tech | C140: J59: Motion picture, video and television programme production, sound recording and music publishing activities
C141: J60: Programming and broadcasting activities
C142: J61: Telecommunications
C143: J62: Computer programming, consultancy and related activities
C144: J63: Information service activities
...

Sheet High-Growth Enterprises
A1: These graphs provide information on high-growth enterprises by sections.
X2: LEGEND
X3: Section B | Y3: Mining and quarrying
X4: Section C | Y4: Manufacturing
X5: Section D | Y5: Electricity, gas, steam and air conditioning supply
X6: Section E | Y6: Water supply; sewerage, waste management and remediation activities
X7: Section F | Y7: Construction
X8: Section G | Y8: Wholesale and retail trade; repair of motorvehicles and motorcycles
X9: Section H | Y9: Transportation and storage
X10: Section I | Y10: Accommodation and food services
X11: Section J | Y11: Information and communication
X12: Section L | Y12: Real estate activities
X13: Section M | Y13: Professional, scientific and technical activities
X14: Section N | Y14: Administrative and support services
... X17: Section R | Y17: Arts, entertainment and recreation
A19: Notes: A high-growth enterprise (growth by 10 % or more) is an enterprise with average annualised growth in number of employees greater than 10 % per year over a three-year period (t – 3 to t) and having at least 10 employees in the begining of the growth (t – 3). Share of high-growth enterprises is the number of high-growth enterprises divided by the number of active enterprises with at least 10 employees. Missing bars indicate missing data unless marked with "0.0". TOTAL refers to the "Industry, construction and market services (except public administration and defence; compulsory social security; activities of membership organisations)", as since 2021 the framework has been extended and includes additional sectors (K, P, Q & R) by replacing the previous scheme of ‘non-financial business economy‘ | I19: Notes: A high-growth enterprise (growth by 10 % or more) is an enterprise with average annualised growth in number of employees greater than 10 % per year over a three-year period (t – 3 to t) and having at least 10 employees in the begining of the growth (t – 3). Employment share of high-growth enterprises is the number of employees among high-growth enterprises divided by the number of employees in all enterprises with at least 10 employees. Missing bars indicate missing data unless marked with "0.0". TOTAL refers to the "Industry, construction and market services (except public administration and defence; compulsory social security; activities of membership organisations)", as since 2021 the framework has been extended and includes additional sectors (K, P, Q & R) by replacing the previous scheme of ‘non-financial business economy‘ | Q19: Notes: Gazelles are high-growth enterprises which grew by more than 10% on average over the last three years and are up to 5 years old. Share of young high-growth enterprises (gazelles) refers to number of gazelles divided by the number of active enterprises with at least 10 employees. Missing bars indicate missing data unless marked with "0.0". TOTAL refers to the "Industry, construction and market services (except public administration and defence; compulsory social security; activities of membership organisations)", as since 2021 the framework has been extended and includes additional sectors (K, P, Q & R) by replacing the previous scheme of ‘non-financial business economy‘
A44: Notes: A high-growth enterprise (growth by 10 % or more) is an enterprise with average annualised growth in number of employees greater than 10 % per year over a three-year period (t – 3 to t) and having at least 10 employees in the begining of the growth (t – 3). | I44: Notes: A high-growth enterprise (growth by 10 % or more) is an enterprise with average annualised growth in number of employees greater than 10 % per year over a three-year period (t – 3 to t) and having at least 10 employees in the begining of the growth (t – 3). | Q44: Note: Gazelles are high-growth enterprises which grew by more than 10% on average over the last three years and are up to 5 years old. Number of young high-growth enterprises (gazelles) (firm with at least 10 employees). Missing bars indicate missing data unless marked with "0.0". TOTAL refers to the "Industry, construction and market services (except public administration and defence; compulsory social security; activities of membership organisations)", as since 2021 the framework has been extended and includes additional sectors (K, P, Q & R) by replacing the previous scheme of ‘non-financial business economy‘

Sheet NoE 1DGT
A1: This sheet contains data on the number of enterprises by section (1-digit industry level) and size class.
B3: Number of enterprises | S3: 2023 | T3: 2024 | U3: 2025
B4: =Translateupd!B7 -> Greece | S4: =(S11/R11-1)*100 -> 2.8977324 | T4: =(T11/S11-1)*100 -> 3.8573355 | U4: =(U11/T11-1)*100 -> 3.6377282 | V4: The table below shows the relative development for each section and size-class from 2008 onwards. | AN4: The table below provides additional information on the source of a specific data points.
B5: Unit: Number | F5: Eurostat SBS database | S5: =(S12/R12-1)*100 -> 2.2511343 | T5: =(T12/S12-1)*100 -> -1.5469857 | U5: =(U12/T12-1)*100 -> -6.200508 | X5: if value ≥ 110 | AC5: if 80 < value < 100 | AN5: Source Code
F6: Data from national statistical office | S6: =(S13/R13-1)*100 -> 5.1400787 | T6: =(T13/S13-1)*100 -> -1.9599207 | U6: =(U13/T13-1)*100 -> -8.3557951 | X6: if 100 < value < 110 | AC6: if value < 80 | AN6: 1 = Data from Eurostat | AS6: 6 = Now-Cast
F7: Estimations, now-casts, forecasts | S7: =(S14/R14-1)*100 -> 4.7957371 | T7: =(T14/S14-1)*100 -> -3.3898305 | U7: =(U14/T14-1)*100 -> -10.701754 | AN7: 2 = Data from NSO | AS7: 7 = Forecast
S8: =(S15/R15-1)*100 -> 2.8781786 | T8: =(T15/S15-1)*100 -> 3.5399751 | U8: =(U15/T15-1)*100 -> 3.0803706 | AN8: 4 = Estimation
S9: =(S16/R16-1)*100 -> 2.876774 | T9: =(T16/S16-1)*100 -> 3.5451458 | U9: =(U16/T16-1)*100 -> 3.0899655
B10: section NACE Rev. 2 | C10: size class | D10: 2008 | E10: 2009 | F10: 2010 | G10: 2011 | H10: 2012 | I10: 2013 | J10: 2014 | K10: 2015 | L10: 2016 | M10: 2017 | N10: 2018 | O10: 2019 | P10: 2020 | Q10: 2021 | R10: 2022 | S10: 2023 | T10: 2024 | U10: 2025 | V10: 2008 (=100) | W10: 2009 | X10: 2010 | Y10: 2011 | Z10: 2012 | AA10: 2013 | AB10: 2014 | AC10: 2015 | AD10: 2016 | AE10: 2017 | AF10: 2018 | AG10: 2019 | AH10: 2020 | AI10: 2021 | AJ10: 2022 | AK10: 2023 | AL10: 2024 | AM10: 2025 | AN10: 2008 | AO10: 2009 | AP10: 2010 | AQ10: 2011 | AR10: 2012 | AS10: 2013 | AT10: 2014 | AU10: 2015 | AV10: 2016 | AW10: 2017 | AX10: 2018 | AY10: 2019 | AZ10: 2020 | BA10: 2021 | BB10: 2022 | BC10: 2023 | BD10: 2024 | BE10: 2025 | BG10: 2023 | BH10: 2024 | BI10: 2025 | BJ10: 2023 | BK10: 2024 | BL10: 2025
B11: All sections (Total non-financial business economy) | C11: 0 - 9 | D11: 838798 | E11: 802068 | F11: 767203 | G11: 724498 | H11: 702936 | I11: 677117 | J11: 814815 | K11: 764468 | L11: 766482 | M11: 688216 | N11: 672143 | O11: 677620 | P11: 675205 | Q11: 696658 | R11: 724394 | S11: 745385 | T11: 774137 | U11: 802298 | V11: =100 -> 100 | W11: =E11*100/$D11 -> 95.621115 | X11: =F11*100/$D11 -> 91.464572 | Y11: =G11*100/$D11 -> 86.373358 | Z11: =H11*100/$D11 -> 83.802775 | AA11: =I11*100/$D11 -> 80.72468 | AB11: =J11*100/$D11 -> 97.14079 | AC11: =K11*100/$D11 -> 91.13851 | AD11: =L11*100/$D11 -> 91.378616 | ... AM11: =U11*100/$D11 -> 95.648535 | BG11: =S11/S$15*100 -> 94.196928 | BH11: =T11/T$15*100 -> 94.485651 | BI11: =U11/U$15*100 -> 94.996537 | BJ11: =S11/S$16*100 -> 94.267214 | BK11: =T11/T$16*100 -> 94.55143 | BL11: =U11/U$16*100 -> 95.053824
C12: 10 - 49 | D12: 25423 | E12: 26949 | F12: 25228 | G12: 21929 | H12: 20677 | I12: 18697 | J12: 21977 | K12: 22455 | L12: 24202 | M12: 27584 | N12: 32525 | O12: 35691 | P12: 32209 | Q12: 37174 | R12: 39891 | S12: 40789 | T12: 40158 | U12: 37668 | V12: =100 -> 100 | W12: =E12*100/$D12 -> 106.00244 | X12: =F12*100/$D12 -> 99.232978 | Y12: =G12*100/$D12 -> 86.256539 | Z12: =H12*100/$D12 -> 81.331865 | AA12: =I12*100/$D12 -> 73.543642 | AB12: =J12*100/$D12 -> 86.445345 | AC12: =K12*100/$D12 -> 88.325532 | AD12: =L12*100/$D12 -> 95.197262 | ... AM12: =U12*100/$D12 -> 148.16505 | BG12: =S12/S$15*100 -> 5.1546496 | BH12: =T12/T$15*100 -> 4.9013996 | BI12: =U12/U$15*100 -> 4.4601003 | BJ12: =S12/S$16*100 -> 5.1584958 | BK12: =T12/T$16*100 -> 4.9048119 | BL12: =U12/U$16*100 -> 4.4627899
C13: 50 - 249 | D13: 3636 | E13: 3225 | F13: 3007 | G13: 3137 | H13: 2543 | I13: 2445 | J13: 2602 | K13: 2619 | L13: 2885 | M13: 3220 | N13: 3518 | O13: 3843 | P13: 3294 | Q13: 3725 | R13: 4319 | S13: 4541 | T13: 4452 | U13: 4080 | V13: =100 -> 100 | W13: =E13*100/$D13 -> 88.69637 | X13: =F13*100/$D13 -> 82.70077 | Y13: =G13*100/$D13 -> 86.276128 | Z13: =H13*100/$D13 -> 69.939494 | AA13: =I13*100/$D13 -> 67.244224 | AB13: =J13*100/$D13 -> 71.562156 | AC13: =K13*100/$D13 -> 72.029703 | AD13: =L13*100/$D13 -> 79.345435 | ... AM13: =U13*100/$D13 -> 112.21122 | BG13: =S13/S$15*100 -> 0.57386216 | BH13: =T13/T$15*100 -> 0.54337942 | BI13: =U13/U$15*100 -> 0.48309465 | BJ13: =S13/S$16*100 -> 0.57429036 | BK13: =T13/T$16*100 -> 0.54375772 | BL13: =U13/U$16*100 -> 0.48338598
C14: 250 + | D14: 460 | E14: 485 | F14: 488 | G14: 365 | H14: 402 | I14: 388 | J14: 455 | K14: 435 | L14: 438 | M14: 486 | N14: 513 | O14: 526 | P14: 463 | Q14: 503 | R14: 563 | S14: 590 | T14: 570 | U14: 509 | V14: =100 -> 100 | W14: =E14*100/$D14 -> 105.43478 | X14: =F14*100/$D14 -> 106.08696 | Y14: =G14*100/$D14 -> 79.347826 | Z14: =H14*100/$D14 -> 87.391304 | AA14: =I14*100/$D14 -> 84.347826 | AB14: =J14*100/$D14 -> 98.913043 | AC14: =K14*100/$D14 -> 94.565217 | AD14: =L14*100/$D14 -> 95.217391 | ... AM14: =U14*100/$D14 -> 110.65217 | BG14: =S14/S$15*100 -> 0.074560378 | BH14: =T14/T$15*100 -> 0.069570142 | BI14: =U14/U$15*100 -> 0.060268425
C15: Total | D15: =SUM(D11:D14) -> 868317 | E15: =SUM(E11:E14) -> 832727 | F15: =SUM(F11:F14) -> 795926 | G15: =SUM(G11:G14) -> 749929 | H15: =SUM(H11:H14) -> 726558 | I15: =SUM(I11:I14) -> 698647 | J15: =SUM(J11:J14) -> 839849 | K15: =SUM(K11:K14) -> 789977 | ... U15: =SUM(U11:U14) -> 844555 | V15: =100 -> 100 | W15: =E15*100/$D15 -> 95.901266 | X15: =F15*100/$D15 -> 91.663068 | Y15: =G15*100/$D15 -> 86.365809 | Z15: =H15*100/$D15 -> 83.67428 | AA15: =I15*100/$D15 -> 80.459901 | AB15: =J15*100/$D15 -> 96.721474 | AC15: =K15*100/$D15 -> 90.977949 | AD15: =L15*100/$D15 -> 91.442066 | ... AM15: =U15*100/$D15 -> 97.263442 | BG15: =S15/S$15*100 -> 100 | BH15: =T15/T$15*100 -> 100 | BI15: =U15/U$15*100 -> 100
C16: All SMEs | D16: =SUM(D11:D13) -> 867857 | E16: =SUM(E11:E13) -> 832242 | F16: =SUM(F11:F13) -> 795438 | G16: =SUM(G11:G13) -> 749564 | H16: =SUM(H11:H13) -> 726156 | I16: =SUM(I11:I13) -> 698259 | J16: =SUM(J11:J13) -> 839394 | K16: =SUM(K11:K13) -> 789542 | ... U16: =SUM(U11:U13) -> 844046 | V16: =100 -> 100 | W16: =E16*100/$D16 -> 95.896213 | X16: =F16*100/$D16 -> 91.655422 | Y16: =G16*100/$D16 -> 86.369529 | Z16: =H16*100/$D16 -> 83.67231 | AA16: =I16*100/$D16 -> 80.45784 | AB16: =J16*100/$D16 -> 96.720312 | AC16: =K16*100/$D16 -> 90.976048 | AD16: =L16*100/$D16 -> 91.440064 | ... AM16: =U16*100/$D16 -> 97.256345 | BG16: =S16/S$15*100 -> 99.92544 | BH16: =T16/T$15*100 -> 99.93043 | BI16: =U16/U$15*100 -> 99.939732
B17: B: Mining and quarrying | C17: 0 - 9 | D17: 433 | E17: 414 | F17: 362 | G17: 311 | H17: 293 | I17: 293 | J17: 718 | K17: 610 | L17: 626 | M17: 532 | N17: 472 | O17: 496 | P17: 483 | Q17: 484 | R17: 478 | S17: 482 | T17: 546 | U17: 581 | V17: =100 -> 100 | W17: =E17*100/$D17 -> 95.612009 | X17: =F17*100/$D17 -> 83.602771 | Y17: =G17*100/$D17 -> 71.82448 | Z17: =H17*100/$D17 -> 67.667436 | AA17: =I17*100/$D17 -> 67.667436 | AB17: =J17*100/$D17 -> 165.81986 | AC17: =K17*100/$D17 -> 140.8776 | AD17: =L17*100/$D17 -> 144.57275 | ... AM17: =U17*100/$D17 -> 134.18014 | AN17: 1 | AO17: 1 | AP17: 1 | AQ17: 1 | AR17: 1 | AS17: 1 | AT17: 1 | AU17: 1 | AV17: 1 | AW17: 1 | AX17: 1 | AY17: 1 | AZ17: 1 | BA17: 1 | BB17: 1 | BC17: 1 | BD17: 6 | BE17: 7
C18: 10 - 49 | D18: 67 | E18: 84 | F18: 80 | G18: 76 | H18: 70 | I18: 64 | J18: 68 | K18: 54 | L18: 40 | M18: 52 | N18: 114 | O18: 72 | P18: 62 | Q18: 58 | R18: 64 | S18: 57 | T18: 56 | U18: 47 | V18: =100 -> 100 | W18: =E18*100/$D18 -> 125.37313 | X18: =F18*100/$D18 -> 119.40299 | Y18: =G18*100/$D18 -> 113.43284 | Z18: =H18*100/$D18 -> 104.47761 | AA18: =I18*100/$D18 -> 95.522388 | AB18: =J18*100/$D18 -> 101.49254 | AC18: =K18*100/$D18 -> 80.597015 | AD18: =L18*100/$D18 -> 59.701493 | ... AM18: =U18*100/$D18 -> 70.149254 | AN18: 1 | AO18: 1 | AP18: 1 | AQ18: 1 | AR18: 4 | AS18: 1 | AT18: 1 | AU18: 1 | AV18: 1 | AW18: 1 | AX18: 1 | AY18: 1 | AZ18: 4 | BA18: 1 | BB18: 4 | BC18: 1 | BD18: 6 | BE18: 7
C19: 50 - 249 | D19: 15 | E19: 16 | F19: 15 | G19: 14 | H19: 12 | I19: 10 | J19: 15 | K19: 13 | L19: 11 | M19: 10 | N19: 12 | O19: 9 | P19: 9 | Q19: 11 | R19: 12 | S19: 13 | T19: 12 | U19: 10 | V19: =100 -> 100 | W19: =E19*100/$D19 -> 106.66667 | X19: =F19*100/$D19 -> 100 | Y19: =G19*100/$D19 -> 93.333333 | Z19: =H19*100/$D19 -> 80 | AA19: =I19*100/$D19 -> 66.666667 | AB19: =J19*100/$D19 -> 100 | AC19: =K19*100/$D19 -> 86.666667 | AD19: =L19*100/$D19 -> 73.333333 | ... AM19: =U19*100/$D19 -> 66.666667 | AN19: 1 | AO19: 1 | AP19: 1 | AQ19: 1 | AR19: 1 | AS19: 1 | AT19: 1 | AU19: 1 | AV19: 1 | AW19: 1 | AX19: 1 | AY19: 1 | AZ19: 1 | BA19: 1 | BB19: 1 | BC19: 1 | BD19: 6 | BE19: 7
C20: 250 + | D20: 5 | E20: 5 | F20: 6 | G20: 5 | H20: 5 | I20: 5 | J20: 5 | K20: 5 | L20: 5 | M20: 6 | N20: 7 | O20: 6 | P20: 6 | Q20: 4 | R20: 4 | S20: 6 | T20: 5 | U20: 4 | V20: =100 -> 100 | W20: =E20*100/$D20 -> 100 | X20: =F20*100/$D20 -> 120 | Y20: =G20*100/$D20 -> 100 | Z20: =H20*100/$D20 -> 100 | AA20: =I20*100/$D20 -> 100 | AB20: =J20*100/$D20 -> 100 | AC20: =K20*100/$D20 -> 100 | AD20: =L20*100/$D20 -> 100 | ... AM20: =U20*100/$D20 -> 80 | AN20: 1 | AO20: 1 | AP20: 1 | AQ20: 1 | AR20: 4 | AS20: 1 | AT20: 1 | AU20: 1 | AV20: 1 | AW20: 1 | AX20: 1 | AY20: 1 | AZ20: 4 | BA20: 1 | BB20: 4 | BC20: 1 | BD20: 6 | BE20: 7
C21: Total | D21: 520 | E21: 519 | F21: 463 | G21: 406 | H21: 380 | I21: 372 | J21: 806 | K21: 682 | L21: 682 | M21: 600 | N21: 605 | O21: 583 | P21: 560 | Q21: 557 | R21: 558 | S21: 558 | T21: 619 | U21: 642 | V21: =100 -> 100 | W21: =E21*100/$D21 -> 99.807692 | X21: =F21*100/$D21 -> 89.038462 | Y21: =G21*100/$D21 -> 78.076923 | Z21: =H21*100/$D21 -> 73.076923 | AA21: =I21*100/$D21 -> 71.538462 | AB21: =J21*100/$D21 -> 155 | AC21: =K21*100/$D21 -> 131.15385 | AD21: =L21*100/$D21 -> 131.15385 | ... AM21: =U21*100/$D21 -> 123.46154
C22: All SMEs | D22: 515 | E22: 514 | F22: 457 | G22: 401 | H22: 375 | I22: 367 | J22: 801 | K22: 677 | L22: 677 | M22: 594 | N22: 598 | O22: 577 | P22: 554 | Q22: 553 | R22: 554 | S22: 552 | T22: 614 | U22: 638 | V22: =100 -> 100 | W22: =E22*100/$D22 -> 99.805825 | X22: =F22*100/$D22 -> 88.737864 | Y22: =G22*100/$D22 -> 77.864078 | Z22: =H22*100/$D22 -> 72.815534 | AA22: =I22*100/$D22 -> 71.262136 | AB22: =J22*100/$D22 -> 155.53398 | AC22: =K22*100/$D22 -> 131.45631 | AD22: =L22*100/$D22 -> 131.45631 | ... AM22: =U22*100/$D22 -> 123.8835
B23: C: Manufacturing | C23: 0 - 9 | D23: 81270 | E23: 79467 | F23: 75447 | G23: 70438 | H23: 61022 | I23: 54891 | J23: 61370 | K23: 57659 | L23: 57578 | M23: 52710 | N23: 51814 | O23: 51551 | P23: 50776 | Q23: 50959 | R23: 51580 | S23: 52149 | T23: 52990 | U23: 54146 | V23: =100 -> 100 | W23: =E23*100/$D23 -> 97.781469 | X23: =F23*100/$D23 -> 92.834994 | Y23: =G23*100/$D23 -> 86.671589 | Z23: =H23*100/$D23 -> 75.085517 | AA23: =I23*100/$D23 -> 67.541528 | AB23: =J23*100/$D23 -> 75.51372 | AC23: =K23*100/$D23 -> 70.947459 | AD23: =L23*100/$D23 -> 70.847791 | ... AM23: =U23*100/$D23 -> 66.624831 | AN23: 1 | AO23: 1 | AP23: 1 | AQ23: 1 | AR23: 1 | AS23: 1 | AT23: 1 | AU23: 1 | AV23: 1 | AW23: 1 | AX23: 1 | AY23: 1 | AZ23: 1 | BA23: 1 | BB23: 1 | BC23: 1 | BD23: 6 | BE23: 7
C24: 10 - 49 | D24: 2891 | E24: 3205 | F24: 3099 | G24: 2937 | H24: 2861 | I24: 2129 | J24: 3941 | K24: 3449 | L24: 3514 | M24: 3835 | N24: 4365 | O24: 4579 | P24: 4383 | Q24: 4715 | R24: 4854 | S24: 4917 | T24: 4448 | U24: 4219 | V24: =100 -> 100 | W24: =E24*100/$D24 -> 110.86129 | X24: =F24*100/$D24 -> 107.19474 | Y24: =G24*100/$D24 -> 101.59114 | Z24: =H24*100/$D24 -> 98.962297 | AA24: =I24*100/$D24 -> 73.642338 | AB24: =J24*100/$D24 -> 136.31961 | AC24: =K24*100/$D24 -> 119.30128 | AD24: =L24*100/$D24 -> 121.54964 | ... AM24: =U24*100/$D24 -> 145.93566 | AN24: 1 | AO24: 1 | AP24: 1 | AQ24: 1 | AR24: 1 | AS24: 1 | AT24: 1 | AU24: 1 | AV24: 1 | AW24: 1 | AX24: 1 | AY24: 1 | AZ24: 1 | BA24: 1 | BB24: 1 | BC24: 1 | BD24: 6 | BE24: 7
C25: 50 - 249 | D25: 702 | E25: 761 | F25: 658 | G25: 571 | H25: 587 | I25: 602 | J25: 656 | K25: 618 | L25: 673 | M25: 700 | N25: 741 | O25: 746 | P25: 741 | Q25: 783 | R25: 825 | S25: 840 | T25: 737 | U25: 679 | V25: =100 -> 100 | W25: =E25*100/$D25 -> 108.40456 | X25: =F25*100/$D25 -> 93.732194 | Y25: =G25*100/$D25 -> 81.339031 | Z25: =H25*100/$D25 -> 83.618234 | AA25: =I25*100/$D25 -> 85.754986 | AB25: =J25*100/$D25 -> 93.447293 | AC25: =K25*100/$D25 -> 88.034188 | AD25: =L25*100/$D25 -> 95.868946 | ... AM25: =U25*100/$D25 -> 96.723647 | AN25: 1 | AO25: 1 | AP25: 1 | AQ25: 1 | AR25: 1 | AS25: 1 | AT25: 1 | AU25: 1 | AV25: 1 | AW25: 1 | AX25: 1 | AY25: 1 | AZ25: 1 | BA25: 1 | BB25: 1 | BC25: 1 | BD25: 6 | BE25: 7
C26: 250 + | D26: 141 | E26: 132 | F26: 134 | G26: 120 | H26: 112 | I26: 114 | J26: 119 | K26: 113 | L26: 118 | M26: 130 | N26: 141 | O26: 138 | P26: 140 | Q26: 147 | R26: 155 | S26: 155 | T26: 134 | U26: 121 | V26: =100 -> 100 | W26: =E26*100/$D26 -> 93.617021 | X26: =F26*100/$D26 -> 95.035461 | Y26: =G26*100/$D26 -> 85.106383 | Z26: =H26*100/$D26 -> 79.432624 | AA26: =I26*100/$D26 -> 80.851064 | AB26: =J26*100/$D26 -> 84.397163 | AC26: =K26*100/$D26 -> 80.141844 | AD26: =L26*100/$D26 -> 83.687943 | ... AM26: =U26*100/$D26 -> 85.815603 | AN26: 1 | AO26: 1 | AP26: 1 | AQ26: 1 | AR26: 1 | AS26: 1 | AT26: 1 | AU26: 1 | AV26: 1 | AW26: 1 | AX26: 1 | AY26: 1 | AZ26: 1 | BA26: 1 | BB26: 1 | BC26: 1 | BD26: 6 | BE26: 7
C27: Total | D27: 85004 | E27: 83565 | F27: 79338 | G27: 74066 | H27: 64582 | I27: 57736 | J27: 66086 | K27: 61839 | L27: 61883 | M27: 57375 | N27: 57061 | O27: 57014 | P27: 56040 | Q27: 56604 | R27: 57414 | S27: 58061 | T27: 58309 | U27: 59165 | V27: =100 -> 100 | W27: =E27*100/$D27 -> 98.307138 | X27: =F27*100/$D27 -> 93.334431 | Y27: =G27*100/$D27 -> 87.13237 | Z27: =H27*100/$D27 -> 75.975248 | AA27: =I27*100/$D27 -> 67.92151 | AB27: =J27*100/$D27 -> 77.744577 | AC27: =K27*100/$D27 -> 72.748341 | AD27: =L27*100/$D27 -> 72.800104 | ... AM27: =U27*100/$D27 -> 69.602607
C28: All SMEs | D28: 84863 | E28: 83433 | F28: 79204 | G28: 73946 | H28: 64470 | I28: 57622 | J28: 65967 | K28: 61726 | L28: 61765 | M28: 57245 | N28: 56920 | O28: 56876 | P28: 55900 | Q28: 56457 | R28: 57259 | S28: 57906 | T28: 58175 | U28: 59044 | V28: =100 -> 100 | W28: =E28*100/$D28 -> 98.314931 | X28: =F28*100/$D28 -> 93.331605 | Y28: =G28*100/$D28 -> 87.135736 | Z28: =H28*100/$D28 -> 75.969504 | AA28: =I28*100/$D28 -> 67.900027 | AB28: =J28*100/$D28 -> 77.733523 | AC28: =K28*100/$D28 -> 72.736057 | AD28: =L28*100/$D28 -> 72.782013 | ... AM28: =U28*100/$D28 -> 69.575669
B29: D: Electricity, gas, steam and air condition supply | C29: 0 - 9 | D29: 0 | E29: 0 | F29: 0 | G29: 0 | H29: 0 | I29: 0 | J29: 8392 | K29: 6994 | L29: 6874 | M29: 6931 | N29: 6958 | O29: 7694 | P29: 9161 | Q29: 10737 | R29: 12150 | S29: 12295 | T29: 13691 | U29: 14410 | V29: =100 -> 100 | W29: =E29*100/$D29 -> #DIV/0! | X29: =F29*100/$D29 -> #DIV/0! | Y29: =G29*100/$D29 -> #DIV/0! | Z29: =H29*100/$D29 -> #DIV/0! | AA29: =I29*100/$D29 -> #DIV/0! | AB29: =J29*100/$D29 -> #DIV/0! | AC29: =K29*100/$D29 -> #DIV/0! | AD29: =L29*100/$D29 -> #DIV/0! | ... AM29: =U29*100/$D29 -> #DIV/0! | AN29: 4 | AO29: 4 | AP29: 1 | AQ29: 4 | AR29: 1 | AS29: 1 | AT29: 1 | AU29: 1 | AV29: 1 | AW29: 1 | AX29: 1 | AY29: 1 | AZ29: 1 | BA29: 1 | BB29: 1 | BC29: 1 | BD29: 6 | BE29: 7
C30: 10 - 49 | D30: 1 | E30: 1 | F30: 4 | G30: 4 | H30: 6 | I30: 19 | J30: 24 | K30: 29 | L30: 33 | M30: 40 | N30: 64 | O30: 45 | P30: 51 | Q30: 54 | R30: 57 | S30: 56 | T30: 35 | U30: 20 | V30: =100 -> 100 | W30: =E30*100/$D30 -> 100 | X30: =F30*100/$D30 -> 400 | Y30: =G30*100/$D30 -> 400 | Z30: =H30*100/$D30 -> 600 | AA30: =I30*100/$D30 -> 1900 | AB30: =J30*100/$D30 -> 2400 | AC30: =K30*100/$D30 -> 2900 | AD30: =L30*100/$D30 -> 3300 | ... AM30: =U30*100/$D30 -> 2000 | AN30: 4 | AO30: 4 | AP30: 4 | AQ30: 4 | AR30: 4 | AS30: 1 | AT30: 1 | AU30: 1 | AV30: 1 | AW30: 1 | AX30: 1 | AY30: 1 | AZ30: 1 | BA30: 1 | BB30: 1 | BC30: 1 | BD30: 6 | BE30: 7
C31: 50 - 249 | D31: 3 | E31: 2 | F31: 3 | G31: 3 | H31: 6 | I31: 9 | J31: 10 | K31: 9 | L31: 9 | M31: 8 | N31: 16 | O31: 16 | P31: 18 | Q31: 19 | R31: 18 | S31: 20 | T31: 12 | U31: 7 | V31: =100 -> 100 | W31: =E31*100/$D31 -> 66.666667 | X31: =F31*100/$D31 -> 100 | Y31: =G31*100/$D31 -> 100 | Z31: =H31*100/$D31 -> 200 | AA31: =I31*100/$D31 -> 300 | AB31: =J31*100/$D31 -> 333.33333 | AC31: =K31*100/$D31 -> 300 | AD31: =L31*100/$D31 -> 300 | ... AM31: =U31*100/$D31 -> 233.33333 | AN31: 1 | AO31: 4 | AP31: 4 | AQ31: 4 | AR31: 1 | AS31: 1 | AT31: 4 | AU31: 1 | AV31: 4 | AW31: 1 | AX31: 1 | AY31: 1 | AZ31: 1 | BA31: 1 | BB31: 1 | BC31: 1 | BD31: 6 | BE31: 7
C32: 250 + | D32: 1 | E32: 3 | F32: 3 | G32: 3 | H32: 4 | I32: 4 | J32: 4 | K32: 4 | L32: 4 | M32: 4 | N32: 4 | O32: 5 | P32: 7 | Q32: 5 | R32: 7 | S32: 6 | T32: 3 | U32: 2 | V32: =100 -> 100 | W32: =E32*100/$D32 -> 300 | X32: =F32*100/$D32 -> 300 | Y32: =G32*100/$D32 -> 300 | Z32: =H32*100/$D32 -> 400 | AA32: =I32*100/$D32 -> 400 | AB32: =J32*100/$D32 -> 400 | AC32: =K32*100/$D32 -> 400 | AD32: =L32*100/$D32 -> 400 | ... AM32: =U32*100/$D32 -> 200 | AN32: 4 | AO32: 4 | AP32: 4 | AQ32: 4 | AR32: 4 | AS32: 1 | AT32: 4 | AU32: 1 | AV32: 4 | AW32: 1 | AX32: 1 | AY32: 1 | AZ32: 1 | BA32: 1 | BB32: 1 | BC32: 1 | BD32: 6 | BE32: 7
C33: Total | D33: 5 | E33: 6 | F33: 10 | G33: 10 | H33: 16 | I33: 32 | J33: 8430 | K33: 7036 | L33: 6920 | M33: 6983 | N33: 7042 | O33: 7760 | P33: 9237 | Q33: 10815 | R33: 12232 | S33: 12377 | T33: 13741 | U33: 14439 | V33: =100 -> 100 | W33: =E33*100/$D33 -> 120 | X33: =F33*100/$D33 -> 200 | Y33: =G33*100/$D33 -> 200 | Z33: =H33*100/$D33 -> 320 | AA33: =I33*100/$D33 -> 640 | AB33: =J33*100/$D33 -> 168600 | AC33: =K33*100/$D33 -> 140720 | AD33: =L33*100/$D33 -> 138400 | ... AM33: =U33*100/$D33 -> 288780
C34: All SMEs | D34: 4 | E34: 3 | F34: 7 | G34: 7 | H34: 12 | I34: 28 | J34: 8426 | K34: 7032 | L34: 6916 | M34: 6979 | N34: 7038 | O34: 7755 | P34: 9230 | Q34: 10810 | R34: 12225 | S34: 12371 | T34: 13738 | U34: 14437 | V34: =100 -> 100 | W34: =E34*100/$D34 -> 75 | X34: =F34*100/$D34 -> 175 | Y34: =G34*100/$D34 -> 175 | Z34: =H34*100/$D34 -> 300 | AA34: =I34*100/$D34 -> 700 | AB34: =J34*100/$D34 -> 210650 | AC34: =K34*100/$D34 -> 175800 | AD34: =L34*100/$D34 -> 172900 | ... AM34: =U34*100/$D34 -> 360925
B35: E: Water supply; sewerage, waste management and remediation activities | C35: 0 - 9 | D35: 0 | E35: 2 | F35: 0 | G35: 27 | H35: 22 | I35: 19 | J35: 1888 | K35: 1856 | L35: 1880 | M35: 1596 | N35: 1683 | O35: 1734 | P35: 1723 | Q35: 1744 | R35: 1792 | S35: 1813 | T35: 2037 | U35: 2256 | V35: =100 -> 100 | W35: =E35*100/$D35 -> #DIV/0! | X35: =F35*100/$D35 -> #DIV/0! | Y35: =G35*100/$D35 -> #DIV/0! | Z35: =H35*100/$D35 -> #DIV/0! | AA35: =I35*100/$D35 -> #DIV/0! | AB35: =J35*100/$D35 -> #DIV/0! | AC35: =K35*100/$D35 -> #DIV/0! | AD35: =L35*100/$D35 -> #DIV/0! | ... AM35: =U35*100/$D35 -> #DIV/0! | AN35: 4 | AO35: 4 | AP35: 1 | AQ35: 1 | AR35: 1 | AS35: 1 | AT35: 1 | AU35: 1 | AV35: 1 | AW35: 1 | AX35: 1 | AY35: 1 | AZ35: 1 | BA35: 1 | BB35: 1 | BC35: 1 | BD35: 6 | BE35: 7
C36: 10 - 49 | D36: 73 | E36: 85 | F36: 74 | G36: 88 | H36: 86 | I36: 98 | J36: 188 | K36: 185 | L36: 179 | M36: 133 | N36: 190 | O36: 147 | P36: 140 | Q36: 156 | R36: 165 | S36: 173 | T36: 177 | U36: 166 | V36: =100 -> 100 | W36: =E36*100/$D36 -> 116.43836 | X36: =F36*100/$D36 -> 101.36986 | Y36: =G36*100/$D36 -> 120.54795 | Z36: =H36*100/$D36 -> 117.80822 | AA36: =I36*100/$D36 -> 134.24658 | AB36: =J36*100/$D36 -> 257.53425 | AC36: =K36*100/$D36 -> 253.42466 | AD36: =L36*100/$D36 -> 245.20548 | ... AM36: =U36*100/$D36 -> 227.39726 | AN36: 1 | AO36: 1 | AP36: 1 | AQ36: 4 | AR36: 1 | AS36: 1 | AT36: 1 | AU36: 1 | AV36: 1 | AW36: 1 | AX36: 1 | AY36: 1 | AZ36: 4 | BA36: 1 | BB36: 1 | BC36: 1 | BD36: 6 | BE36: 7
C37: 50 - 249 | D37: 20 | E37: 19 | F37: 27 | G37: 36 | H37: 41 | I37: 46 | J37: 66 | K37: 61 | L37: 55 | M37: 51 | N37: 61 | O37: 56 | P37: 55 | Q37: 57 | R37: 57 | S37: 59 | T37: 58 | U37: 52 | V37: =100 -> 100 | W37: =E37*100/$D37 -> 95 | X37: =F37*100/$D37 -> 135 | Y37: =G37*100/$D37 -> 180 | Z37: =H37*100/$D37 -> 205 | AA37: =I37*100/$D37 -> 230 | AB37: =J37*100/$D37 -> 330 | AC37: =K37*100/$D37 -> 305 | AD37: =L37*100/$D37 -> 275 | ... AM37: =U37*100/$D37 -> 260 | AN37: 4 | AO37: 1 | AP37: 1 | AQ37: 4 | AR37: 1 | AS37: 1 | AT37: 4 | AU37: 4 | AV37: 1 | AW37: 1 | AX37: 1 | AY37: 1 | AZ37: 1 | BA37: 1 | BB37: 1 | BC37: 1 | BD37: 6 | BE37: 7
C38: 250 + | D38: 2 | E38: 2 | F38: 3 | G38: 3 | H38: 4 | I38: 3 | J38: 3 | K38: 3 | L38: 3 | M38: 4 | N38: 5 | O38: 4 | P38: 4 | Q38: 4 | R38: 5 | S38: 5 | T38: 5 | U38: 4 | V38: =100 -> 100 | W38: =E38*100/$D38 -> 100 | X38: =F38*100/$D38 -> 150 | Y38: =G38*100/$D38 -> 150 | Z38: =H38*100/$D38 -> 200 | AA38: =I38*100/$D38 -> 150 | AB38: =J38*100/$D38 -> 150 | AC38: =K38*100/$D38 -> 150 | AD38: =L38*100/$D38 -> 150 | ... AM38: =U38*100/$D38 -> 200 | AN38: 4 | AO38: 4 | AP38: 1 | AQ38: 4 | AR38: 1 | AS38: 1 | AT38: 4 | AU38: 4 | AV38: 1 | AW38: 1 | AX38: 1 | AY38: 1 | AZ38: 4 | BA38: 1 | BB38: 1 | BC38: 1 | BD38: 6 | BE38: 7
C39: Total | D39: 95 | E39: 108 | F39: 104 | G39: 154 | H39: 153 | I39: 166 | J39: 2145 | K39: 2105 | L39: 2117 | M39: 1784 | N39: 1939 | O39: 1941 | P39: 1922 | Q39: 1961 | R39: 2019 | S39: 2050 | T39: 2277 | U39: 2478 | V39: =100 -> 100 | W39: =E39*100/$D39 -> 113.68421 | X39: =F39*100/$D39 -> 109.47368 | Y39: =G39*100/$D39 -> 162.10526 | Z39: =H39*100/$D39 -> 161.05263 | AA39: =I39*100/$D39 -> 174.73684 | AB39: =J39*100/$D39 -> 2257.8947 | AC39: =K39*100/$D39 -> 2215.7895 | AD39: =L39*100/$D39 -> 2228.4211 | ... AM39: =U39*100/$D39 -> 2608.4211
C40: All SMEs | D40: 93 | E40: 106 | F40: 101 | G40: 151 | H40: 149 | I40: 163 | J40: 2142 | K40: 2102 | L40: 2114 | M40: 1780 | N40: 1934 | O40: 1937 | P40: 1918 | Q40: 1957 | R40: 2014 | S40: 2045 | T40: 2272 | U40: 2474 | V40: =100 -> 100 | W40: =E40*100/$D40 -> 113.97849 | X40: =F40*100/$D40 -> 108.60215 | Y40: =G40*100/$D40 -> 162.36559 | Z40: =H40*100/$D40 -> 160.21505 | AA40: =I40*100/$D40 -> 175.26882 | AB40: =J40*100/$D40 -> 2303.2258 | AC40: =K40*100/$D40 -> 2260.2151 | AD40: =L40*100/$D40 -> 2273.1183 | ... AM40: =U40*100/$D40 -> 2660.2151
B41: F: Construction | C41: 0 - 9 | D41: 132997 | E41: 109693 | F41: 102617 | G41: 90313 | H41: 84552 | I41: 82841 | J41: 85470 | K41: 72798 | L41: 75771 | M41: 60402 | N41: 57848 | O41: 59755 | P41: 60056 | Q41: 64390 | R41: 68057 | S41: 71254 | T41: 78859 | U41: 78704 | V41: =100 -> 100 | W41: =E41*100/$D41 -> 82.4778 | X41: =F41*100/$D41 -> 77.157379 | Y41: =G41*100/$D41 -> 67.906043 | Z41: =H41*100/$D41 -> 63.574366 | AA41: =I41*100/$D41 -> 62.287871 | AB41: =J41*100/$D41 -> 64.264607 | AC41: =K41*100/$D41 -> 54.736573 | AD41: =L41*100/$D41 -> 56.971962 | ... AM41: =U41*100/$D41 -> 59.177275 | AN41: 4 | AO41: 1 | AP41: 1 | AQ41: 1 | AR41: 1 | AS41: 1 | AT41: 1 | AU41: 1 | AV41: 1 | AW41: 1 | AX41: 1 | AY41: 1 | AZ41: 1 | BA41: 1 | BB41: 1 | BC41: 1 | BD41: 6 | BE41: 7
C42: 10 - 49 | D42: 3377 | E42: 2785 | F42: 2338 | G42: 2102 | H42: 2134 | I42: 1612 | J42: 1364 | K42: 1395 | L42: 1312 | M42: 1282 | N42: 1745 | O42: 1762 | P42: 1806 | Q42: 2121 | R42: 2304 | S42: 2416 | T42: 2219 | U42: 1932 | V42: =100 -> 100 | W42: =E42*100/$D42 -> 82.469648 | X42: =F42*100/$D42 -> 69.233047 | Y42: =G42*100/$D42 -> 62.244596 | Z42: =H42*100/$D42 -> 63.192182 | AA42: =I42*100/$D42 -> 47.734676 | AB42: =J42*100/$D42 -> 40.390879 | AC42: =K42*100/$D42 -> 41.308854 | AD42: =L42*100/$D42 -> 38.851051 | ... AM42: =U42*100/$D42 -> 57.210542 | AN42: 4 | AO42: 1 | AP42: 1 | AQ42: 1 | AR42: 1 | AS42: 1 | AT42: 1 | AU42: 1 | AV42: 1 | AW42: 1 | AX42: 1 | AY42: 1 | AZ42: 1 | BA42: 1 | BB42: 1 | BC42: 1 | BD42: 6 | BE42: 7
C43: 50 - 249 | D43: 560 | E43: 462 | F43: 331 | G43: 269 | H43: 175 | I43: 157 | J43: 139 | K43: 133 | L43: 139 | M43: 136 | N43: 172 | O43: 188 | P43: 185 | Q43: 200 | R43: 229 | S43: 240 | T43: 211 | U43: 179 | V43: =100 -> 100 | W43: =E43*100/$D43 -> 82.5 | X43: =F43*100/$D43 -> 59.107143 | Y43: =G43*100/$D43 -> 48.035714 | Z43: =H43*100/$D43 -> 31.25 | AA43: =I43*100/$D43 -> 28.035714 | AB43: =J43*100/$D43 -> 24.821429 | AC43: =K43*100/$D43 -> 23.75 | AD43: =L43*100/$D43 -> 24.821429 | ... AM43: =U43*100/$D43 -> 31.964286 | AN43: 4 | AO43: 1 | AP43: 1 | AQ43: 1 | AR43: 1 | AS43: 1 | AT43: 1 | AU43: 1 | AV43: 1 | AW43: 1 | AX43: 1 | AY43: 1 | AZ43: 1 | BA43: 1 | BB43: 1 | BC43: 1 | BD43: 6 | BE43: 7
C44: 250 + | D44: 13 | E44: 12 | F44: 12 | G44: 15 | H44: 13 | I44: 12 | J44: 15 | K44: 10 | L44: 12 | M44: 12 | N44: 17 | O44: 15 | P44: 9 | Q44: 12 | R44: 14 | S44: 14 | T44: 12 | U44: 10 | V44: =100 -> 100 | W44: =E44*100/$D44 -> 92.307692 | X44: =F44*100/$D44 -> 92.307692 | Y44: =G44*100/$D44 -> 115.38462 | Z44: =H44*100/$D44 -> 100 | AA44: =I44*100/$D44 -> 92.307692 | AB44: =J44*100/$D44 -> 115.38462 | AC44: =K44*100/$D44 -> 76.923077 | AD44: =L44*100/$D44 -> 92.307692 | ... AM44: =U44*100/$D44 -> 76.923077 | AN44: 4 | AO44: 1 | AP44: 1 | AQ44: 1 | AR44: 1 | AS44: 1 | AT44: 1 | AU44: 1 | AV44: 1 | AW44: 1 | AX44: 1 | AY44: 1 | AZ44: 1 | BA44: 1 | BB44: 1 | BC44: 1 | BD44: 6 | BE44: 7
C45: Total | D45: 136947 | E45: 112952 | F45: 105298 | G45: 92699 | H45: 86874 | I45: 84622 | J45: 86988 | K45: 74336 | L45: 77234 | M45: 61832 | N45: 59782 | O45: 61720 | P45: 62056 | Q45: 66723 | R45: 70604 | S45: 73924 | T45: 81301 | U45: 80825 | V45: =100 -> 100 | W45: =E45*100/$D45 -> 82.478623 | X45: =F45*100/$D45 -> 76.8896 | Y45: =G45*100/$D45 -> 67.68969 | Z45: =H45*100/$D45 -> 63.43622 | AA45: =I45*100/$D45 -> 61.791788 | AB45: =J45*100/$D45 -> 63.519464 | AC45: =K45*100/$D45 -> 54.280853 | AD45: =L45*100/$D45 -> 56.397 | ... AM45: =U45*100/$D45 -> 59.019183
C46: All SMEs | D46: 136934 | E46: 112940 | F46: 105286 | G46: 92684 | H46: 86861 | I46: 84610 | J46: 86973 | K46: 74326 | L46: 77222 | M46: 61820 | N46: 59765 | O46: 61705 | P46: 62047 | Q46: 66711 | R46: 70590 | S46: 73910 | T46: 81289 | U46: 80815 | V46: =100 -> 100 | W46: =E46*100/$D46 -> 82.47769 | X46: =F46*100/$D46 -> 76.888136 | Y46: =G46*100/$D46 -> 67.685162 | Z46: =H46*100/$D46 -> 63.432749 | AA46: =I46*100/$D46 -> 61.788891 | AB46: =J46*100/$D46 -> 63.51454 | AC46: =K46*100/$D46 -> 54.278704 | AD46: =L46*100/$D46 -> 56.393591 | ... AM46: =U46*100/$D46 -> 59.017483
B47: G: Wholesale and retail trade; repair of motor vehicles and motorcycle | C47: 0 - 9 | D47: 285702 | E47: 278812 | F47: 275269 | G47: 250881 | H47: 251333 | I47: 243342 | J47: 262345 | K47: 247219 | L47: 249188 | M47: 224886 | N47: 219393 | O47: 217848 | P47: 213240 | Q47: 214168 | R47: 215435 | S47: 216714 | T47: 246841 | U47: 253145 | V47: =100 -> 100 | W47: =E47*100/$D47 -> 97.588396 | X47: =F47*100/$D47 -> 96.348293 | Y47: =G47*100/$D47 -> 87.812126 | Z47: =H47*100/$D47 -> 87.970333 | AA47: =I47*100/$D47 -> 85.173362 | AB47: =J47*100/$D47 -> 91.824698 | AC47: =K47*100/$D47 -> 86.530371 | AD47: =L47*100/$D47 -> 87.21955 | ... AM47: =U47*100/$D47 -> 88.60456 | AN47: 1 | AO47: 1 | AP47: 1 | AQ47: 1 | AR47: 1 | AS47: 1 | AT47: 1 | AU47: 1 | AV47: 1 | AW47: 1 | AX47: 1 | AY47: 1 | AZ47: 1 | BA47: 1 | BB47: 1 | BC47: 1 | BD47: 6 | BE47: 7
C48: 10 - 49 | D48: 10438 | E48: 11726 | F48: 9704 | G48: 8723 | H48: 8047 | I48: 7383 | J48: 5211 | K48: 5322 | L48: 5678 | M48: 6291 | N48: 7333 | O48: 8308 | P48: 7696 | Q48: 8838 | R48: 9451 | S48: 9609 | T48: 9340 | U48: 8256 | V48: =100 -> 100 | W48: =E48*100/$D48 -> 112.33953 | X48: =F48*100/$D48 -> 92.968002 | Y48: =G48*100/$D48 -> 83.569649 | Z48: =H48*100/$D48 -> 77.093313 | AA48: =I48*100/$D48 -> 70.731941 | AB48: =J48*100/$D48 -> 49.923357 | AC48: =K48*100/$D48 -> 50.986779 | AD48: =L48*100/$D48 -> 54.397394 | ... AM48: =U48*100/$D48 -> 79.095612 | AN48: 1 | AO48: 1 | AP48: 1 | AQ48: 1 | AR48: 1 | AS48: 1 | AT48: 1 | AU48: 1 | AV48: 1 | AW48: 1 | AX48: 1 | AY48: 1 | AZ48: 1 | BA48: 1 | BB48: 1 | BC48: 1 | BD48: 6 | BE48: 7
C49: 50 - 249 | D49: 1215 | E49: 897 | F49: 1036 | G49: 959 | H49: 807 | I49: 612 | J49: 542 | K49: 543 | L49: 581 | M49: 649 | N49: 691 | O49: 753 | P49: 740 | Q49: 783 | R49: 830 | S49: 877 | T49: 835 | U49: 736 | V49: =100 -> 100 | W49: =E49*100/$D49 -> 73.82716 | X49: =F49*100/$D49 -> 85.26749 | Y49: =G49*100/$D49 -> 78.930041 | Z49: =H49*100/$D49 -> 66.419753 | AA49: =I49*100/$D49 -> 50.37037 | AB49: =J49*100/$D49 -> 44.609053 | AC49: =K49*100/$D49 -> 44.691358 | AD49: =L49*100/$D49 -> 47.81893 | ... AM49: =U49*100/$D49 -> 60.576132 | AN49: 1 | AO49: 1 | AP49: 1 | AQ49: 1 | AR49: 1 | AS49: 1 | AT49: 1 | AU49: 1 | AV49: 1 | AW49: 1 | AX49: 1 | AY49: 1 | AZ49: 1 | BA49: 1 | BB49: 1 | BC49: 1 | BD49: 6 | BE49: 7
C50: 250 + | D50: 95 | E50: 101 | F50: 92 | G50: 75 | H50: 63 | I50: 76 | J50: 91 | K50: 84 | L50: 87 | M50: 88 | N50: 88 | O50: 95 | P50: 87 | Q50: 96 | R50: 93 | S50: 88 | T50: 83 | U50: 73 | V50: =100 -> 100 | W50: =E50*100/$D50 -> 106.31579 | X50: =F50*100/$D50 -> 96.842105 | Y50: =G50*100/$D50 -> 78.947368 | Z50: =H50*100/$D50 -> 66.315789 | AA50: =I50*100/$D50 -> 80 | AB50: =J50*100/$D50 -> 95.789474 | AC50: =K50*100/$D50 -> 88.421053 | AD50: =L50*100/$D50 -> 91.578947 | ... AM50: =U50*100/$D50 -> 76.842105 | AN50: 1 | AO50: 1 | AP50: 1 | AQ50: 1 | AR50: 1 | AS50: 1 | AT50: 1 | AU50: 1 | AV50: 1 | AW50: 1 | AX50: 1 | AY50: 1 | AZ50: 1 | BA50: 1 | BB50: 1 | BC50: 1 | BD50: 6 | BE50: 7
C51: Total | D51: 297450 | E51: 291536 | F51: 286101 | G51: 260638 | H51: 260250 | I51: 251413 | J51: 268189 | K51: 253168 | L51: 255534 | M51: 231914 | N51: 227505 | O51: 227004 | P51: 221763 | Q51: 223885 | R51: 225809 | S51: 227288 | T51: 257099 | U51: 262210 | V51: =100 -> 100 | W51: =E51*100/$D51 -> 98.011767 | X51: =F51*100/$D51 -> 96.184569 | Y51: =G51*100/$D51 -> 87.624139 | Z51: =H51*100/$D51 -> 87.493696 | AA51: =I51*100/$D51 -> 84.522777 | AB51: =J51*100/$D51 -> 90.162716 | AC51: =K51*100/$D51 -> 85.112792 | AD51: =L51*100/$D51 -> 85.90822 | ... AM51: =U51*100/$D51 -> 88.152631
C52: All SMEs | D52: 297355 | E52: 291435 | F52: 286009 | G52: 260563 | H52: 260187 | I52: 251337 | J52: 268098 | K52: 253084 | L52: 255447 | M52: 231826 | N52: 227417 | O52: 226909 | P52: 221676 | Q52: 223789 | R52: 225716 | S52: 227200 | T52: 257016 | U52: 262137 | V52: =100 -> 100 | W52: =E52*100/$D52 -> 98.009114 | X52: =F52*100/$D52 -> 96.184359 | Y52: =G52*100/$D52 -> 87.626911 | Z52: =H52*100/$D52 -> 87.500462 | AA52: =I52*100/$D52 -> 84.524222 | AB52: =J52*100/$D52 -> 90.160919 | AC52: =K52*100/$D52 -> 85.111735 | AD52: =L52*100/$D52 -> 85.906408 | ... AM52: =U52*100/$D52 -> 88.156244
B53: H: Transportation and storage | C53: 0 - 9 | D53: 67396 | E53: 67218 | F53: 65802 | G53: 64396 | H53: 63337 | I53: 62408 | J53: 65183 | K53: 62113 | L53: 61430 | M53: 58562 | N53: 57923 | O53: 58083 | P53: 56860 | Q53: 58642 | R53: 62288 | S53: 62794 | T53: 71669 | U53: 73517 | V53: =100 -> 100 | W53: =E53*100/$D53 -> 99.735889 | X53: =F53*100/$D53 -> 97.634874 | Y53: =G53*100/$D53 -> 95.548697 | Z53: =H53*100/$D53 -> 93.977387 | AA53: =I53*100/$D53 -> 92.598967 | AB53: =J53*100/$D53 -> 96.716422 | AC53: =K53*100/$D53 -> 92.161256 | AD53: =L53*100/$D53 -> 91.147843 | ... AM53: =U53*100/$D53 -> 109.08214 | AN53: 1 | AO53: 1 | AP53: 1 | AQ53: 1 | AR53: 1 | AS53: 1 | AT53: 1 | AU53: 1 | AV53: 1 | AW53: 1 | AX53: 1 | AY53: 1 | AZ53: 1 | BA53: 1 | BB53: 1 | BC53: 1 | BD53: 6 | BE53: 7
C54: 10 - 49 | D54: 1505 | E54: 1435 | F54: 1548 | G54: 1237 | H54: 1068 | I54: 1200 | J54: 1206 | K54: 1186 | L54: 1193 | M54: 1316 | N54: 1499 | O54: 1632 | P54: 1566 | Q54: 1551 | R54: 1702 | S54: 1774 | T54: 1764 | U54: 1542 | V54: =100 -> 100 | W54: =E54*100/$D54 -> 95.348837 | X54: =F54*100/$D54 -> 102.85714 | Y54: =G54*100/$D54 -> 82.192691 | Z54: =H54*100/$D54 -> 70.963455 | AA54: =I54*100/$D54 -> 79.734219 | AB54: =J54*100/$D54 -> 80.13289 | AC54: =K54*100/$D54 -> 78.803987 | AD54: =L54*100/$D54 -> 79.269103 | ... AM54: =U54*100/$D54 -> 102.45847 | AN54: 1 | AO54: 1 | AP54: 1 | AQ54: 1 | AR54: 1 | AS54: 1 | AT54: 1 | AU54: 1 | AV54: 1 | AW54: 1 | AX54: 1 | AY54: 1 | AZ54: 1 | BA54: 1 | BB54: 1 | BC54: 1 | BD54: 6 | BE54: 7
C55: 50 - 249 | D55: 165 | E55: 184 | F55: 162 | G55: 151 | H55: 171 | I55: 176 | J55: 210 | K55: 215 | L55: 196 | M55: 207 | N55: 214 | O55: 231 | P55: 225 | Q55: 214 | R55: 227 | S55: 243 | T55: 236 | U55: 206 | V55: =100 -> 100 | W55: =E55*100/$D55 -> 111.51515 | X55: =F55*100/$D55 -> 98.181818 | Y55: =G55*100/$D55 -> 91.515152 | Z55: =H55*100/$D55 -> 103.63636 | AA55: =I55*100/$D55 -> 106.66667 | AB55: =J55*100/$D55 -> 127.27273 | AC55: =K55*100/$D55 -> 130.30303 | AD55: =L55*100/$D55 -> 118.78788 | ... AM55: =U55*100/$D55 -> 124.84848 | AN55: 1 | AO55: 1 | AP55: 1 | AQ55: 1 | AR55: 1 | AS55: 1 | AT55: 1 | AU55: 1 | AV55: 1 | AW55: 1 | AX55: 1 | AY55: 1 | AZ55: 1 | BA55: 1 | BB55: 1 | BC55: 1 | BD55: 6 | BE55: 7
C56: 250 + | D56: 42 | E56: 42 | F56: 46 | G56: 40 | H56: 29 | I56: 29 | J56: 56 | K56: 56 | L56: 57 | M56: 58 | N56: 48 | O56: 51 | P56: 50 | Q56: 38 | R56: 41 | S56: 45 | T56: 43 | U56: 37 | V56: =100 -> 100 | W56: =E56*100/$D56 -> 100 | X56: =F56*100/$D56 -> 109.52381 | Y56: =G56*100/$D56 -> 95.238095 | Z56: =H56*100/$D56 -> 69.047619 | AA56: =I56*100/$D56 -> 69.047619 | AB56: =J56*100/$D56 -> 133.33333 | AC56: =K56*100/$D56 -> 133.33333 | AD56: =L56*100/$D56 -> 135.71429 | ... AM56: =U56*100/$D56 -> 88.095238 | AN56: 1 | AO56: 1 | AP56: 1 | AQ56: 1 | AR56: 1 | AS56: 1 | AT56: 1 | AU56: 1 | AV56: 1 | AW56: 1 | AX56: 1 | AY56: 1 | AZ56: 1 | BA56: 1 | BB56: 1 | BC56: 1 | BD56: 6 | BE56: 7
C57: Total | D57: 69108 | E57: 68879 | F57: 67558 | G57: 65824 | H57: 64605 | I57: 63813 | J57: 66655 | K57: 63570 | L57: 62876 | M57: 60143 | N57: 59684 | O57: 59997 | P57: 58701 | Q57: 60445 | R57: 64258 | S57: 64856 | T57: 73712 | U57: 75302 | V57: =100 -> 100 | W57: =E57*100/$D57 -> 99.668635 | X57: =F57*100/$D57 -> 97.757134 | Y57: =G57*100/$D57 -> 95.248018 | Z57: =H57*100/$D57 -> 93.484112 | AA57: =I57*100/$D57 -> 92.33808 | AB57: =J57*100/$D57 -> 96.450483 | AC57: =K57*100/$D57 -> 91.986456 | AD57: =L57*100/$D57 -> 90.982231 | ... AM57: =U57*100/$D57 -> 108.96278
C58: All SMEs | D58: 69066 | E58: 68837 | F58: 67512 | G58: 65784 | H58: 64576 | I58: 63784 | J58: 66599 | K58: 63514 | L58: 62819 | M58: 60085 | N58: 59636 | O58: 59946 | P58: 58651 | Q58: 60407 | R58: 64217 | S58: 64811 | T58: 73669 | U58: 75265 | V58: =100 -> 100 | W58: =E58*100/$D58 -> 99.668433 | X58: =F58*100/$D58 -> 97.749978 | Y58: =G58*100/$D58 -> 95.248024 | Z58: =H58*100/$D58 -> 93.498972 | AA58: =I58*100/$D58 -> 92.352243 | AB58: =J58*100/$D58 -> 96.428054 | AC58: =K58*100/$D58 -> 91.961312 | AD58: =L58*100/$D58 -> 90.955029 | ... AM58: =U58*100/$D58 -> 108.97547
B59: I: Accommodation and food services | C59: 0 - 9 | D59: 99987 | E59: 93947 | F59: 91071 | G59: 89415 | H59: 88514 | I59: 86192 | J59: 112614 | K59: 109022 | L59: 107920 | M59: 98491 | N59: 93216 | O59: 92808 | P59: 90532 | Q59: 89646 | R59: 91777 | S59: 93764 | T59: 78782 | U59: 85930 | V59: =100 -> 100 | W59: =E59*100/$D59 -> 93.959215 | X59: =F59*100/$D59 -> 91.082841 | Y59: =G59*100/$D59 -> 89.426625 | Z59: =H59*100/$D59 -> 88.525508 | AA59: =I59*100/$D59 -> 86.203206 | AB59: =J59*100/$D59 -> 112.62864 | AC59: =K59*100/$D59 -> 109.03617 | AD59: =L59*100/$D59 -> 107.93403 | ... AM59: =U59*100/$D59 -> 85.941172 | AN59: 1 | AO59: 1 | AP59: 1 | AQ59: 1 | AR59: 1 | AS59: 1 | AT59: 1 | AU59: 1 | AV59: 1 | AW59: 1 | AX59: 1 | AY59: 1 | AZ59: 1 | BA59: 1 | BB59: 1 | BC59: 1 | BD59: 6 | BE59: 7
C60: 10 - 49 | D60: 3665 | E60: 3562 | F60: 3799 | G60: 3708 | H60: 2831 | I60: 3015 | J60: 7184 | K60: 8019 | L60: 9405 | M60: 11449 | N60: 13440 | O60: 15086 | P60: 12807 | Q60: 15373 | R60: 16506 | S60: 16574 | T60: 16101 | U60: 16187 | V60: =100 -> 100 | W60: =E60*100/$D60 -> 97.189632 | X60: =F60*100/$D60 -> 103.65621 | Y60: =G60*100/$D60 -> 101.17326 | Z60: =H60*100/$D60 -> 77.244202 | AA60: =I60*100/$D60 -> 82.264666 | AB60: =J60*100/$D60 -> 196.01637 | AC60: =K60*100/$D60 -> 218.79945 | AD60: =L60*100/$D60 -> 256.61664 | ... AM60: =U60*100/$D60 -> 441.66439 | AN60: 1 | AO60: 1 | AP60: 1 | AQ60: 1 | AR60: 1 | AS60: 1 | AT60: 1 | AU60: 1 | AV60: 1 | AW60: 1 | AX60: 1 | AY60: 1 | AZ60: 1 | BA60: 1 | BB60: 1 | BC60: 1 | BD60: 6 | BE60: 7
C61: 50 - 249 | D61: 222 | E61: 252 | F61: 210 | G61: 237 | H61: 210 | I61: 268 | J61: 456 | K61: 540 | L61: 685 | M61: 833 | N61: 950 | O61: 1169 | P61: 727 | Q61: 996 | R61: 1305 | S61: 1339 | T61: 1338 | U61: 1329 | V61: =100 -> 100 | W61: =E61*100/$D61 -> 113.51351 | X61: =F61*100/$D61 -> 94.594595 | Y61: =G61*100/$D61 -> 106.75676 | Z61: =H61*100/$D61 -> 94.594595 | AA61: =I61*100/$D61 -> 120.72072 | AB61: =J61*100/$D61 -> 205.40541 | AC61: =K61*100/$D61 -> 243.24324 | AD61: =L61*100/$D61 -> 308.55856 | ... AM61: =U61*100/$D61 -> 598.64865 | AN61: 1 | AO61: 1 | AP61: 1 | AQ61: 1 | AR61: 1 | AS61: 1 | AT61: 1 | AU61: 1 | AV61: 1 | AW61: 1 | AX61: 1 | AY61: 1 | AZ61: 1 | BA61: 1 | BB61: 1 | BC61: 1 | BD61: 6 | BE61: 7
C62: 250 + | D62: 12 | E62: 13 | F62: 9 | G62: 12 | H62: 12 | I62: 15 | J62: 41 | K62: 36 | L62: 47 | M62: 61 | N62: 72 | O62: 81 | P62: 33 | Q62: 57 | R62: 93 | S62: 97 | T62: 99 | U62: 97 | V62: =100 -> 100 | W62: =E62*100/$D62 -> 108.33333 | X62: =F62*100/$D62 -> 75 | Y62: =G62*100/$D62 -> 100 | Z62: =H62*100/$D62 -> 100 | AA62: =I62*100/$D62 -> 125 | AB62: =J62*100/$D62 -> 341.66667 | AC62: =K62*100/$D62 -> 300 | AD62: =L62*100/$D62 -> 391.66667 | ... AM62: =U62*100/$D62 -> 808.33333 | AN62: 1 | AO62: 1 | AP62: 1 | AQ62: 1 | AR62: 1 | AS62: 1 | AT62: 1 | AU62: 1 | AV62: 1 | AW62: 1 | AX62: 1 | AY62: 1 | AZ62: 1 | BA62: 1 | BB62: 1 | BC62: 1 | BD62: 6 | BE62: 7
C63: Total | D63: 103886 | E63: 97774 | F63: 95089 | G63: 93372 | H63: 91567 | I63: 89490 | J63: 120295 | K63: 117617 | L63: 118057 | M63: 110834 | N63: 107678 | O63: 109144 | P63: 104099 | Q63: 106072 | R63: 109681 | S63: 111774 | T63: 96320 | U63: 103543 | V63: =100 -> 100 | W63: =E63*100/$D63 -> 94.116628 | X63: =F63*100/$D63 -> 91.532064 | Y63: =G63*100/$D63 -> 89.879291 | Z63: =H63*100/$D63 -> 88.141809 | AA63: =I63*100/$D63 -> 86.142502 | AB63: =J63*100/$D63 -> 115.7952 | AC63: =K63*100/$D63 -> 113.21737 | AD63: =L63*100/$D63 -> 113.64091 | ... AM63: =U63*100/$D63 -> 99.66983
C64: All SMEs | D64: 103874 | E64: 97761 | F64: 95080 | G64: 93360 | H64: 91555 | I64: 89475 | J64: 120254 | K64: 117581 | L64: 118010 | M64: 110773 | N64: 107606 | O64: 109063 | P64: 104066 | Q64: 106015 | R64: 109588 | S64: 111677 | T64: 96221 | U64: 103446 | V64: =100 -> 100 | W64: =E64*100/$D64 -> 94.114985 | X64: =F64*100/$D64 -> 91.533974 | Y64: =G64*100/$D64 -> 89.878122 | Z64: =H64*100/$D64 -> 88.140439 | AA64: =I64*100/$D64 -> 86.138013 | AB64: =J64*100/$D64 -> 115.7691 | AC64: =K64*100/$D64 -> 113.19579 | AD64: =L64*100/$D64 -> 113.6088 | ... AM64: =U64*100/$D64 -> 99.587962
B65: J: Information and communication | C65: 0 - 9 | D65: 12575 | E65: 12657 | F65: 11415 | G65: 11747 | H65: 11478 | I65: 11726 | J65: 19639 | K65: 18817 | L65: 18339 | M65: 15885 | N65: 15615 | O65: 15878 | P65: 16795 | Q65: 19393 | R65: 22339 | S65: 24451 | T65: 24195 | U65: 25064 | V65: =100 -> 100 | W65: =E65*100/$D65 -> 100.65209 | X65: =F65*100/$D65 -> 90.775348 | Y65: =G65*100/$D65 -> 93.415507 | Z65: =H65*100/$D65 -> 91.276342 | AA65: =I65*100/$D65 -> 93.248509 | AB65: =J65*100/$D65 -> 156.17495 | AC65: =K65*100/$D65 -> 149.63817 | AD65: =L65*100/$D65 -> 145.83698 | ... AM65: =U65*100/$D65 -> 199.3161 | AN65: 1 | AO65: 1 | AP65: 1 | AQ65: 1 | AR65: 1 | AS65: 1 | AT65: 1 | AU65: 1 | AV65: 1 | AW65: 1 | AX65: 1 | AY65: 1 | AZ65: 1 | BA65: 1 | BB65: 1 | BC65: 1 | BD65: 6 | BE65: 7
C66: 10 - 49 | D66: 1033 | E66: 850 | F66: 1161 | G66: 643 | H66: 851 | I66: 802 | J66: 618 | K66: 630 | L66: 576 | M66: 661 | N66: 744 | O66: 777 | P66: 780 | Q66: 885 | R66: 955 | S66: 1058 | T66: 1114 | U66: 1007 | V66: =100 -> 100 | W66: =E66*100/$D66 -> 82.284608 | X66: =F66*100/$D66 -> 112.39109 | Y66: =G66*100/$D66 -> 62.245886 | Z66: =H66*100/$D66 -> 82.381413 | AA66: =I66*100/$D66 -> 77.637948 | AB66: =J66*100/$D66 -> 59.82575 | AC66: =K66*100/$D66 -> 60.987415 | AD66: =L66*100/$D66 -> 55.759923 | ... AM66: =U66*100/$D66 -> 97.483059 | AN66: 1 | AO66: 1 | AP66: 1 | AQ66: 1 | AR66: 1 | AS66: 1 | AT66: 1 | AU66: 1 | AV66: 1 | AW66: 1 | AX66: 1 | AY66: 1 | AZ66: 1 | BA66: 1 | BB66: 1 | BC66: 1 | BD66: 6 | BE66: 7
C67: 50 - 249 | D67: 175 | E67: 197 | F67: 168 | G67: 179 | H67: 159 | I67: 121 | J67: 127 | K67: 125 | L67: 126 | M67: 146 | N67: 145 | O67: 160 | P67: 146 | Q67: 158 | R67: 206 | S67: 238 | T67: 251 | U67: 226 | V67: =100 -> 100 | W67: =E67*100/$D67 -> 112.57143 | X67: =F67*100/$D67 -> 96 | Y67: =G67*100/$D67 -> 102.28571 | Z67: =H67*100/$D67 -> 90.857143 | AA67: =I67*100/$D67 -> 69.142857 | AB67: =J67*100/$D67 -> 72.571429 | AC67: =K67*100/$D67 -> 71.428571 | AD67: =L67*100/$D67 -> 72 | ... AM67: =U67*100/$D67 -> 129.14286 | AN67: 1 | AO67: 1 | AP67: 1 | AQ67: 1 | AR67: 1 | AS67: 1 | AT67: 1 | AU67: 4 | AV67: 4 | AW67: 4 | AX67: 4 | AY67: 1 | AZ67: 1 | BA67: 1 | BB67: 1 | BC67: 1 | BD67: 6 | BE67: 7
C68: 250 + | D68: 32 | E68: 29 | F68: 20 | G68: 18 | H68: 22 | I68: 20 | J68: 32 | K68: 30 | L68: 30 | M68: 34 | N68: 33 | O68: 36 | P68: 43 | Q68: 46 | R68: 49 | S68: 55 | T68: 58 | U68: 52 | V68: =100 -> 100 | W68: =E68*100/$D68 -> 90.625 | X68: =F68*100/$D68 -> 62.5 | Y68: =G68*100/$D68 -> 56.25 | Z68: =H68*100/$D68 -> 68.75 | AA68: =I68*100/$D68 -> 62.5 | AB68: =J68*100/$D68 -> 100 | AC68: =K68*100/$D68 -> 93.75 | AD68: =L68*100/$D68 -> 93.75 | ... AM68: =U68*100/$D68 -> 162.5 | AN68: 1 | AO68: 1 | AP68: 1 | AQ68: 1 | AR68: 1 | AS68: 1 | AT68: 1 | AU68: 4 | AV68: 4 | AW68: 4 | AX68: 4 | AY68: 1 | AZ68: 1 | BA68: 1 | BB68: 1 | BC68: 1 | BD68: 6 | BE68: 7
C69: Total | D69: 13815 | E69: 13733 | F69: 12764 | G69: 12587 | H69: 12510 | I69: 12669 | J69: 20416 | K69: 19602 | L69: 19071 | M69: 16726 | N69: 16537 | O69: 16851 | P69: 17764 | Q69: 20482 | R69: 23549 | S69: 25802 | T69: 25618 | U69: 26349 | V69: =100 -> 100 | W69: =E69*100/$D69 -> 99.406442 | X69: =F69*100/$D69 -> 92.392327 | Y69: =G69*100/$D69 -> 91.111111 | Z69: =H69*100/$D69 -> 90.553746 | AA69: =I69*100/$D69 -> 91.704669 | AB69: =J69*100/$D69 -> 147.7814 | AC69: =K69*100/$D69 -> 141.88925 | AD69: =L69*100/$D69 -> 138.0456 | ... AM69: =U69*100/$D69 -> 190.72747
C70: All SMEs | D70: 13783 | E70: 13704 | F70: 12744 | G70: 12569 | H70: 12488 | I70: 12649 | J70: 20384 | K70: 19572 | L70: 19041 | M70: 16692 | N70: 16504 | O70: 16815 | P70: 17721 | Q70: 20436 | R70: 23500 | S70: 25747 | T70: 25560 | U70: 26297 | V70: =100 -> 100 | W70: =E70*100/$D70 -> 99.42683 | X70: =F70*100/$D70 -> 92.461728 | Y70: =G70*100/$D70 -> 91.192048 | Z70: =H70*100/$D70 -> 90.604368 | AA70: =I70*100/$D70 -> 91.772473 | AB70: =J70*100/$D70 -> 147.89233 | AC70: =K70*100/$D70 -> 142.00102 | AD70: =L70*100/$D70 -> 138.14844 | ... AM70: =U70*100/$D70 -> 190.79301
B71: K: Financial and insurance activities | C71: 0 - 9 | Q71: 15354 | R71: 15832 | S71: 16653 | V71: =100 -> 100 | W71: =E71*100/$D71 -> #DIV/0! | X71: =F71*100/$D71 -> #DIV/0! | Y71: =G71*100/$D71 -> #DIV/0! | Z71: =H71*100/$D71 -> #DIV/0! | AA71: =I71*100/$D71 -> #DIV/0! | AB71: =J71*100/$D71 -> #DIV/0! | AC71: =K71*100/$D71 -> #DIV/0! | AD71: =L71*100/$D71 -> #DIV/0! | ... AM71: =U71*100/$D71 -> #DIV/0! | BA71: 1 | BB71: 1 | BC71: 1
C72: 10 - 49 | Q72: 271 | R72: 275 | S72: 306 | V72: =100 -> 100 | W72: =E72*100/$D72 -> #DIV/0! | X72: =F72*100/$D72 -> #DIV/0! | Y72: =G72*100/$D72 -> #DIV/0! | Z72: =H72*100/$D72 -> #DIV/0! | AA72: =I72*100/$D72 -> #DIV/0! | AB72: =J72*100/$D72 -> #DIV/0! | AC72: =K72*100/$D72 -> #DIV/0! | AD72: =L72*100/$D72 -> #DIV/0! | ... AM72: =U72*100/$D72 -> #DIV/0! | BA72: 1 | BB72: 1 | BC72: 1
C73: 50 - 249 | Q73: 41 | R73: 45 | S73: 51 | V73: =100 -> 100 | W73: =E73*100/$D73 -> #DIV/0! | X73: =F73*100/$D73 -> #DIV/0! | Y73: =G73*100/$D73 -> #DIV/0! | Z73: =H73*100/$D73 -> #DIV/0! | AA73: =I73*100/$D73 -> #DIV/0! | AB73: =J73*100/$D73 -> #DIV/0! | AC73: =K73*100/$D73 -> #DIV/0! | AD73: =L73*100/$D73 -> #DIV/0! | ... AM73: =U73*100/$D73 -> #DIV/0! | BA73: 1 | BB73: 1 | BC73: 1
C74: 250 + | Q74: 22 | R74: 24 | S74: 23 | V74: =100 -> 100 | W74: =E74*100/$D74 -> #DIV/0! | X74: =F74*100/$D74 -> #DIV/0! | Y74: =G74*100/$D74 -> #DIV/0! | Z74: =H74*100/$D74 -> #DIV/0! | AA74: =I74*100/$D74 -> #DIV/0! | AB74: =J74*100/$D74 -> #DIV/0! | AC74: =K74*100/$D74 -> #DIV/0! | AD74: =L74*100/$D74 -> #DIV/0! | ... AM74: =U74*100/$D74 -> #DIV/0! | BA74: 1 | BB74: 1 | BC74: 1
C75: Total | Q75: 15688 | R75: 16176 | S75: 17033 | V75: =100 -> 100 | W75: =E75*100/$D75 -> #DIV/0! | X75: =F75*100/$D75 -> #DIV/0! | Y75: =G75*100/$D75 -> #DIV/0! | Z75: =H75*100/$D75 -> #DIV/0! | AA75: =I75*100/$D75 -> #DIV/0! | AB75: =J75*100/$D75 -> #DIV/0! | AC75: =K75*100/$D75 -> #DIV/0! | AD75: =L75*100/$D75 -> #DIV/0! | ... AM75: =U75*100/$D75 -> #DIV/0!
C76: All SMEs | Q76: 15666 | R76: 16152 | S76: 17010 | V76: =100 -> 100 | W76: =E76*100/$D76 -> #DIV/0! | X76: =F76*100/$D76 -> #DIV/0! | Y76: =G76*100/$D76 -> #DIV/0! | Z76: =H76*100/$D76 -> #DIV/0! | AA76: =I76*100/$D76 -> #DIV/0! | AB76: =J76*100/$D76 -> #DIV/0! | AC76: =K76*100/$D76 -> #DIV/0! | AD76: =L76*100/$D76 -> #DIV/0! | ... AM76: =U76*100/$D76 -> #DIV/0!
B77: L: Real estate activities | C77: 0 - 9 | D77: 5898 | E77: 5927 | F77: 5864 | G77: 5832 | H77: 5712 | I77: 5656 | J77: 8755 | K77: 8746 | L77: 8627 | M77: 7682 | N77: 8141 | O77: 9443 | P77: 10201 | Q77: 11491 | R77: 13898 | S77: 15956 | T77: 14350 | U77: 16270 | V77: =100 -> 100 | W77: =E77*100/$D77 -> 100.49169 | X77: =F77*100/$D77 -> 99.423533 | Y77: =G77*100/$D77 -> 98.880977 | Z77: =H77*100/$D77 -> 96.846389 | AA77: =I77*100/$D77 -> 95.896914 | AB77: =J77*100/$D77 -> 148.44015 | AC77: =K77*100/$D77 -> 148.28756 | AD77: =L77*100/$D77 -> 146.26992 | ... AM77: =U77*100/$D77 -> 275.85622 | AN77: 1 | AO77: 1 | AP77: 4 | AQ77: 1 | AR77: 1 | AS77: 1 | AT77: 1 | AU77: 1 | AV77: 1 | AW77: 1 | AX77: 1 | AY77: 1 | AZ77: 1 | BA77: 1 | BB77: 1 | BC77: 1 | BD77: 6 | BE77: 7
C78: 10 - 49 | D78: 57 | E78: 32 | F78: 29 | G78: 37 | H78: 43 | I78: 63 | J78: 143 | K78: 149 | L78: 162 | M78: 169 | N78: 241 | O78: 247 | P78: 243 | Q78: 292 | R78: 305 | S78: 373 | T78: 645 | U78: 523 | V78: =100 -> 100 | W78: =E78*100/$D78 -> 56.140351 | X78: =F78*100/$D78 -> 50.877193 | Y78: =G78*100/$D78 -> 64.912281 | Z78: =H78*100/$D78 -> 75.438596 | AA78: =I78*100/$D78 -> 110.52632 | AB78: =J78*100/$D78 -> 250.87719 | AC78: =K78*100/$D78 -> 261.40351 | AD78: =L78*100/$D78 -> 284.21053 | ... AM78: =U78*100/$D78 -> 917.54386 | AN78: 1 | AO78: 1 | AP78: 4 | AQ78: 4 | AR78: 4 | AS78: 4 | AT78: 1 | AU78: 4 | AV78: 4 | AW78: 4 | AX78: 1 | AY78: 4 | AZ78: 1 | BA78: 2 | BB78: 4 | BC78: 1 | BD78: 6 | BE78: 7
C79: 50 - 249 | D79: 8 | E79: 15 | F79: 7 | G79: 9 | H79: 11 | I79: 9 | J79: 17 | K79: 20 | L79: 23 | M79: 26 | N79: 38 | O79: 33 | P79: 26 | Q79: 28 | R79: 38 | S79: 48 | T79: 84 | U79: 67 | V79: =100 -> 100 | W79: =E79*100/$D79 -> 187.5 | X79: =F79*100/$D79 -> 87.5 | Y79: =G79*100/$D79 -> 112.5 | Z79: =H79*100/$D79 -> 137.5 | AA79: =I79*100/$D79 -> 112.5 | AB79: =J79*100/$D79 -> 212.5 | AC79: =K79*100/$D79 -> 250 | AD79: =L79*100/$D79 -> 287.5 | ... AM79: =U79*100/$D79 -> 837.5 | AN79: 1 | AO79: 1 | AP79: 4 | AQ79: 4 | AR79: 4 | AS79: 4 | AT79: 4 | AU79: 4 | AV79: 4 | AW79: 4 | AX79: 4 | AY79: 4 | AZ79: 1 | BA79: 1 | BB79: 1 | BC79: 1 | BD79: 6 | BE79: 7
C80: 250 + | D80: 0 | E80: 0 | F80: 0 | G80: 0 | H80: 0 | I80: 0 | J80: 0 | K80: 0 | L80: 0 | M80: 0 | N80: 0 | O80: 4 | P80: 4 | Q80: 3 | R80: 3 | S80: 4 | T80: 7 | U80: 5 | V80: =100 -> 100 | W80: =E80*100/$D80 -> #DIV/0! | X80: =F80*100/$D80 -> #DIV/0! | Y80: =G80*100/$D80 -> #DIV/0! | Z80: =H80*100/$D80 -> #DIV/0! | AA80: =I80*100/$D80 -> #DIV/0! | AB80: =J80*100/$D80 -> #DIV/0! | AC80: =K80*100/$D80 -> #DIV/0! | AD80: =L80*100/$D80 -> #DIV/0! | ... AM80: =U80*100/$D80 -> #DIV/0! | AN80: 1 | AO80: 1 | AP80: 1 | AQ80: 1 | AR80: 1 | AS80: 1 | AT80: 4 | AU80: 4 | AV80: 4 | AW80: 4 | AX80: 4 | AY80: 1 | AZ80: 1 | BA80: 4 | BB80: 4 | BC80: 1 | BD80: 6 | BE80: 7
C81: Total | D81: 5963 | E81: 5974 | F81: 5900 | G81: 5878 | H81: 5766 | I81: 5728 | J81: 8915 | K81: 8915 | L81: 8812 | M81: 7877 | N81: 8420 | O81: 9727 | P81: 10474 | Q81: 11814 | R81: 14244 | S81: 16381 | T81: 15086 | U81: 16865 | V81: =100 -> 100 | W81: =E81*100/$D81 -> 100.18447 | X81: =F81*100/$D81 -> 98.943485 | Y81: =G81*100/$D81 -> 98.574543 | Z81: =H81*100/$D81 -> 96.696294 | AA81: =I81*100/$D81 -> 96.059031 | AB81: =J81*100/$D81 -> 149.50528 | AC81: =K81*100/$D81 -> 149.50528 | AD81: =L81*100/$D81 -> 147.77796 | ... AM81: =U81*100/$D81 -> 282.82744
C82: All SMEs | D82: 5963 | E82: 5974 | F82: 5900 | G82: 5878 | H82: 5766 | I82: 5728 | J82: 8915 | K82: 8915 | L82: 8812 | M82: 7877 | N82: 8420 | O82: 9723 | P82: 10470 | Q82: 11811 | R82: 14241 | S82: 16377 | T82: 15079 | U82: 16860 | V82: =100 -> 100 | W82: =E82*100/$D82 -> 100.18447 | X82: =F82*100/$D82 -> 98.943485 | Y82: =G82*100/$D82 -> 98.574543 | Z82: =H82*100/$D82 -> 96.696294 | AA82: =I82*100/$D82 -> 96.059031 | AB82: =J82*100/$D82 -> 149.50528 | AC82: =K82*100/$D82 -> 149.50528 | AD82: =L82*100/$D82 -> 147.77796 | ... AM82: =U82*100/$D82 -> 282.74359
B83: M: Professional, scientific and technical activities | C83: 0 - 9 | D83: 119739 | E83: 119891 | F83: 116539 | G83: 113026 | H83: 109299 | I83: 103421 | J83: 160504 | K83: 151498 | L83: 151080 | M83: 135867 | N83: 133829 | O83: 136041 | P83: 138587 | Q83: 146616 | R83: 154126 | S83: 161532 | T83: 154256 | U83: 160253 | V83: =100 -> 100 | W83: =E83*100/$D83 -> 100.12694 | X83: =F83*100/$D83 -> 97.327521 | Y83: =G83*100/$D83 -> 94.393639 | Z83: =H83*100/$D83 -> 91.281036 | AA83: =I83*100/$D83 -> 86.372026 | AB83: =J83*100/$D83 -> 134.04488 | AC83: =K83*100/$D83 -> 126.52352 | AD83: =L83*100/$D83 -> 126.17443 | ... AM83: =U83*100/$D83 -> 133.83526 | AN83: 1 | AO83: 1 | AP83: 1 | AQ83: 1 | AR83: 1 | AS83: 1 | AT83: 1 | AU83: 1 | AV83: 1 | AW83: 1 | AX83: 1 | AY83: 1 | AZ83: 1 | BA83: 1 | BB83: 1 | BC83: 1 | BD83: 6 | BE83: 7
C84: 10 - 49 | D84: 1339 | E84: 1615 | F84: 2359 | G84: 1443 | H84: 1685 | I84: 1289 | J84: 1067 | K84: 1048 | L84: 1056 | M84: 1192 | N84: 1437 | O84: 1590 | P84: 1486 | Q84: 1762 | R84: 1983 | S84: 2121 | T84: 2531 | U84: 2296 | V84: =100 -> 100 | W84: =E84*100/$D84 -> 120.6124 | X84: =F84*100/$D84 -> 176.17625 | Y84: =G84*100/$D84 -> 107.76699 | Z84: =H84*100/$D84 -> 125.84018 | AA84: =I84*100/$D84 -> 96.26587 | AB84: =J84*100/$D84 -> 79.686333 | AC84: =K84*100/$D84 -> 78.267364 | AD84: =L84*100/$D84 -> 78.864824 | ... AM84: =U84*100/$D84 -> 171.47125 | AN84: 1 | AO84: 1 | AP84: 1 | AQ84: 1 | AR84: 1 | AS84: 1 | AT84: 1 | AU84: 1 | AV84: 1 | AW84: 1 | AX84: 1 | AY84: 1 | AZ84: 1 | BA84: 1 | BB84: 1 | BC84: 1 | BD84: 6 | BE84: 7
C85: 50 - 249 | D85: 389 | E85: 291 | F85: 211 | G85: 203 | H85: 251 | I85: 269 | J85: 169 | K85: 147 | L85: 157 | M85: 179 | N85: 176 | O85: 196 | P85: 170 | Q85: 192 | R85: 227 | S85: 253 | T85: 304 | U85: 274 | V85: =100 -> 100 | W85: =E85*100/$D85 -> 74.807198 | X85: =F85*100/$D85 -> 54.241645 | Y85: =G85*100/$D85 -> 52.18509 | Z85: =H85*100/$D85 -> 64.524422 | AA85: =I85*100/$D85 -> 69.151671 | AB85: =J85*100/$D85 -> 43.44473 | AC85: =K85*100/$D85 -> 37.789203 | AD85: =L85*100/$D85 -> 40.359897 | ... AM85: =U85*100/$D85 -> 70.437018 | AN85: 1 | AO85: 1 | AP85: 1 | AQ85: 1 | AR85: 1 | AS85: 1 | AT85: 1 | AU85: 1 | AV85: 1 | AW85: 1 | AX85: 1 | AY85: 1 | AZ85: 1 | BA85: 1 | BB85: 1 | BC85: 1 | BD85: 6 | BE85: 7
C86: 250 + | D86: 36 | E86: 26 | F86: 44 | G86: 43 | H86: 22 | I86: 23 | J86: 39 | K86: 39 | L86: 27 | M86: 31 | N86: 44 | O86: 30 | P86: 30 | Q86: 26 | R86: 29 | S86: 33 | T86: 40 | U86: 36 | V86: =100 -> 100 | W86: =E86*100/$D86 -> 72.222222 | X86: =F86*100/$D86 -> 122.22222 | Y86: =G86*100/$D86 -> 119.44444 | Z86: =H86*100/$D86 -> 61.111111 | AA86: =I86*100/$D86 -> 63.888889 | AB86: =J86*100/$D86 -> 108.33333 | AC86: =K86*100/$D86 -> 108.33333 | AD86: =L86*100/$D86 -> 75 | ... AM86: =U86*100/$D86 -> 100 | AN86: 1 | AO86: 1 | AP86: 1 | AQ86: 1 | AR86: 1 | AS86: 1 | AT86: 1 | AU86: 1 | AV86: 1 | AW86: 1 | AX86: 1 | AY86: 1 | AZ86: 1 | BA86: 1 | BB86: 1 | BC86: 1 | BD86: 6 | BE86: 7
C87: Total | D87: 121503 | E87: 121823 | F87: 119153 | G87: 114715 | H87: 111257 | I87: 105002 | J87: 161779 | K87: 152732 | L87: 152320 | M87: 137269 | N87: 135486 | O87: 137857 | P87: 140273 | Q87: 148596 | R87: 156365 | S87: 163939 | T87: 157131 | U87: 162859 | V87: =100 -> 100 | W87: =E87*100/$D87 -> 100.26337 | X87: =F87*100/$D87 -> 98.065891 | Y87: =G87*100/$D87 -> 94.413307 | Z87: =H87*100/$D87 -> 91.567286 | AA87: =I87*100/$D87 -> 86.419265 | AB87: =J87*100/$D87 -> 133.14815 | AC87: =K87*100/$D87 -> 125.70225 | AD87: =L87*100/$D87 -> 125.36316 | ... AM87: =U87*100/$D87 -> 134.03702
C88: All SMEs | D88: 121467 | E88: 121797 | F88: 119109 | G88: 114672 | H88: 111235 | I88: 104979 | J88: 161740 | K88: 152693 | L88: 152293 | M88: 137238 | N88: 135442 | O88: 137827 | P88: 140243 | Q88: 148570 | R88: 156336 | S88: 163906 | T88: 157091 | U88: 162823 | V88: =100 -> 100 | W88: =E88*100/$D88 -> 100.27168 | X88: =F88*100/$D88 -> 98.058732 | Y88: =G88*100/$D88 -> 94.405888 | Z88: =H88*100/$D88 -> 91.576313 | AA88: =I88*100/$D88 -> 86.425943 | AB88: =J88*100/$D88 -> 133.15551 | AC88: =K88*100/$D88 -> 125.70739 | AD88: =L88*100/$D88 -> 125.37809 | ... AM88: =U88*100/$D88 -> 134.04711
B89: N: Administrative and support services | C89: 0 - 9 | D89: 23232 | E89: 24450 | F89: 22817 | G89: 20835 | H89: 20010 | I89: 19448 | J89: 20724 | K89: 20217 | L89: 20290 | M89: 18218 | N89: 18793 | O89: 19731 | P89: 20196 | Q89: 21714 | R89: 23719 | S89: 25364 | T89: 29342 | U89: 31356 | V89: =100 -> 100 | W89: =E89*100/$D89 -> 105.24277 | X89: =F89*100/$D89 -> 98.213671 | Y89: =G89*100/$D89 -> 89.682335 | Z89: =H89*100/$D89 -> 86.131198 | AA89: =I89*100/$D89 -> 83.712121 | AB89: =J89*100/$D89 -> 89.204545 | AC89: =K89*100/$D89 -> 87.022211 | AD89: =L89*100/$D89 -> 87.336433 | ... AM89: =U89*100/$D89 -> 134.96901 | AN89: 1 | AO89: 1 | AP89: 1 | AQ89: 1 | AR89: 1 | AS89: 1 | AT89: 1 | AU89: 1 | AV89: 1 | AW89: 1 | AX89: 1 | AY89: 1 | AZ89: 1 | BA89: 1 | BB89: 1 | BC89: 1 | BD89: 6 | BE89: 7
C90: 10 - 49 | D90: 920 | E90: 1527 | F90: 1033 | G90: 931 | H90: 995 | I90: 1005 | J90: 941 | K90: 965 | L90: 1024 | M90: 1129 | N90: 1308 | O90: 1393 | P90: 1137 | Q90: 1301 | R90: 1471 | S90: 1585 | T90: 1633 | U90: 1385 | V90: =100 -> 100 | W90: =E90*100/$D90 -> 165.97826 | X90: =F90*100/$D90 -> 112.28261 | Y90: =G90*100/$D90 -> 101.19565 | Z90: =H90*100/$D90 -> 108.15217 | AA90: =I90*100/$D90 -> 109.23913 | AB90: =J90*100/$D90 -> 102.28261 | AC90: =K90*100/$D90 -> 104.8913 | AD90: =L90*100/$D90 -> 111.30435 | ... AM90: =U90*100/$D90 -> 150.54348 | AN90: 1 | AO90: 1 | AP90: 1 | AQ90: 1 | AR90: 1 | AS90: 1 | AT90: 1 | AU90: 1 | AV90: 1 | AW90: 1 | AX90: 1 | AY90: 1 | AZ90: 1 | BA90: 1 | BB90: 1 | BC90: 1 | BD90: 6 | BE90: 7
C91: 50 - 249 | D91: 155 | E91: 123 | F91: 179 | G91: 506 | H91: 113 | I91: 160 | J91: 190 | K91: 191 | L91: 226 | M91: 271 | N91: 298 | O91: 282 | P91: 248 | Q91: 279 | R91: 341 | S91: 367 | T91: 369 | U91: 310 | V91: =100 -> 100 | W91: =E91*100/$D91 -> 79.354839 | X91: =F91*100/$D91 -> 115.48387 | Y91: =G91*100/$D91 -> 326.45161 | Z91: =H91*100/$D91 -> 72.903226 | AA91: =I91*100/$D91 -> 103.22581 | AB91: =J91*100/$D91 -> 122.58065 | AC91: =K91*100/$D91 -> 123.22581 | AD91: =L91*100/$D91 -> 145.80645 | ... AM91: =U91*100/$D91 -> 200 | AN91: 1 | AO91: 1 | AP91: 1 | AQ91: 1 | AR91: 1 | AS91: 1 | AT91: 1 | AU91: 1 | AV91: 1 | AW91: 1 | AX91: 1 | AY91: 1 | AZ91: 1 | BA91: 1 | BB91: 1 | BC91: 1 | BD91: 6 | BE91: 7
C92: 250 + | D92: 81 | E92: 120 | F92: 119 | G92: 31 | H92: 116 | I92: 87 | J92: 50 | K92: 55 | L92: 48 | M92: 58 | N92: 54 | O92: 61 | P92: 50 | Q92: 65 | R92: 70 | S92: 82 | T92: 81 | U92: 68 | V92: =100 -> 100 | W92: =E92*100/$D92 -> 148.14815 | X92: =F92*100/$D92 -> 146.91358 | Y92: =G92*100/$D92 -> 38.271605 | Z92: =H92*100/$D92 -> 143.20988 | AA92: =I92*100/$D92 -> 107.40741 | AB92: =J92*100/$D92 -> 61.728395 | AC92: =K92*100/$D92 -> 67.901235 | AD92: =L92*100/$D92 -> 59.259259 | ... AM92: =U92*100/$D92 -> 83.950617 | AN92: 1 | AO92: 1 | AP92: 1 | AQ92: 1 | AR92: 1 | AS92: 1 | AT92: 1 | AU92: 1 | AV92: 1 | AW92: 1 | AX92: 1 | AY92: 1 | AZ92: 1 | BA92: 1 | BB92: 1 | BC92: 1 | BD92: 6 | BE92: 7
C93: Total | D93: 24388 | E93: 26220 | F93: 24148 | G93: 22303 | H93: 21234 | I93: 20700 | J93: 21905 | K93: 21428 | L93: 21588 | M93: 19676 | N93: 20453 | O93: 21467 | P93: 21631 | Q93: 23359 | R93: 25601 | S93: 27398 | T93: 31425 | U93: 33119 | V93: =100 -> 100 | W93: =E93*100/$D93 -> 107.51189 | X93: =F93*100/$D93 -> 99.015909 | Y93: =G93*100/$D93 -> 91.450713 | Z93: =H93*100/$D93 -> 87.06741 | AA93: =I93*100/$D93 -> 84.877809 | AB93: =J93*100/$D93 -> 89.818763 | AC93: =K93*100/$D93 -> 87.862883 | AD93: =L93*100/$D93 -> 88.518944 | ... AM93: =U93*100/$D93 -> 135.80039
C94: All SMEs | D94: 24307 | E94: 26100 | F94: 24029 | G94: 22272 | H94: 21118 | I94: 20613 | J94: 21855 | K94: 21373 | L94: 21540 | M94: 19618 | N94: 20399 | O94: 21406 | P94: 21581 | Q94: 23294 | R94: 25531 | S94: 27316 | T94: 31344 | U94: 33051 | V94: =100 -> 100 | W94: =E94*100/$D94 -> 107.37648 | X94: =F94*100/$D94 -> 98.856297 | Y94: =G94*100/$D94 -> 91.627926 | Z94: =H94*100/$D94 -> 86.880323 | AA94: =I94*100/$D94 -> 84.802732 | AB94: =J94*100/$D94 -> 89.912371 | AC94: =K94*100/$D94 -> 87.929403 | AD94: =L94*100/$D94 -> 88.616448 | ... AM94: =U94*100/$D94 -> 135.97318
B95: P: Education | C95: 0 - 9 | Q95: 18716 | R95: 19418 | S95: 20453 | V95: =100 -> 100 | W95: =E95*100/$D95 -> #DIV/0! | X95: =F95*100/$D95 -> #DIV/0! | Y95: =G95*100/$D95 -> #DIV/0! | Z95: =H95*100/$D95 -> #DIV/0! | AA95: =I95*100/$D95 -> #DIV/0! | AB95: =J95*100/$D95 -> #DIV/0! | AC95: =K95*100/$D95 -> #DIV/0! | AD95: =L95*100/$D95 -> #DIV/0! | ... AM95: =U95*100/$D95 -> #DIV/0! | BA95: 1 | BB95: 1 | BC95: 1
C96: 10 - 49 | Q96: 2989 | R96: 3053 | S96: 3207 | V96: =100 -> 100 | W96: =E96*100/$D96 -> #DIV/0! | X96: =F96*100/$D96 -> #DIV/0! | Y96: =G96*100/$D96 -> #DIV/0! | Z96: =H96*100/$D96 -> #DIV/0! | AA96: =I96*100/$D96 -> #DIV/0! | AB96: =J96*100/$D96 -> #DIV/0! | AC96: =K96*100/$D96 -> #DIV/0! | AD96: =L96*100/$D96 -> #DIV/0! | ... AM96: =U96*100/$D96 -> #DIV/0! | BA96: 1 | BB96: 1 | BC96: 1
C97: 50 - 249 | Q97: 241 | R97: 283 | S97: 297 | V97: =100 -> 100 | W97: =E97*100/$D97 -> #DIV/0! | X97: =F97*100/$D97 -> #DIV/0! | Y97: =G97*100/$D97 -> #DIV/0! | Z97: =H97*100/$D97 -> #DIV/0! | AA97: =I97*100/$D97 -> #DIV/0! | AB97: =J97*100/$D97 -> #DIV/0! | AC97: =K97*100/$D97 -> #DIV/0! | AD97: =L97*100/$D97 -> #DIV/0! | ... AM97: =U97*100/$D97 -> #DIV/0! | BA97: 1 | BB97: 1 | BC97: 1
C98: 250 + | Q98: 24 | R98: 42 | S98: 44 | V98: =100 -> 100 | W98: =E98*100/$D98 -> #DIV/0! | X98: =F98*100/$D98 -> #DIV/0! | Y98: =G98*100/$D98 -> #DIV/0! | Z98: =H98*100/$D98 -> #DIV/0! | AA98: =I98*100/$D98 -> #DIV/0! | AB98: =J98*100/$D98 -> #DIV/0! | AC98: =K98*100/$D98 -> #DIV/0! | AD98: =L98*100/$D98 -> #DIV/0! | ... AM98: =U98*100/$D98 -> #DIV/0! | BA98: 1 | BB98: 1 | BC98: 1
C99: Total | Q99: 21970 | R99: 22796 | S99: 24001 | V99: =100 -> 100 | W99: =E99*100/$D99 -> #DIV/0! | X99: =F99*100/$D99 -> #DIV/0! | Y99: =G99*100/$D99 -> #DIV/0! | Z99: =H99*100/$D99 -> #DIV/0! | AA99: =I99*100/$D99 -> #DIV/0! | AB99: =J99*100/$D99 -> #DIV/0! | AC99: =K99*100/$D99 -> #DIV/0! | AD99: =L99*100/$D99 -> #DIV/0! | ... AM99: =U99*100/$D99 -> #DIV/0!
C100: All SMEs | Q100: 21946 | R100: 22754 | S100: 23957 | V100: =100 -> 100 | W100: =E100*100/$D100 -> #DIV/0! | X100: =F100*100/$D100 -> #DIV/0! | Y100: =G100*100/$D100 -> #DIV/0! | Z100: =H100*100/$D100 -> #DIV/0! | AA100: =I100*100/$D100 -> #DIV/0! | AB100: =J100*100/$D100 -> #DIV/0! | AC100: =K100*100/$D100 -> #DIV/0! | AD100: =L100*100/$D100 -> #DIV/0! | ... AM100: =U100*100/$D100 -> #DIV/0!
B101: Q: Human health and social work activities | C101: 0 - 9 | Q101: 58305 | R101: 60851 | S101: 64997 | V101: =100 -> 100 | W101: =E101*100/$D101 -> #DIV/0! | X101: =F101*100/$D101 -> #DIV/0! | Y101: =G101*100/$D101 -> #DIV/0! | Z101: =H101*100/$D101 -> #DIV/0! | AA101: =I101*100/$D101 -> #DIV/0! | AB101: =J101*100/$D101 -> #DIV/0! | AC101: =K101*100/$D101 -> #DIV/0! | AD101: =L101*100/$D101 -> #DIV/0! | ... AM101: =U101*100/$D101 -> #DIV/0! | BA101: 1 | BB101: 1 | BC101: 1
...

Sheet NoE 2DGT
A1: This sheet contains data on the number of enterprises by division (2-digit industry level) and size class.
B3: Number of enterprises
B4: =Translateupd!B7 -> Greece | V4: The table below shows the relative development for each division and size-class from 2008 onwards. | AN4: The table below provides additional information on the source of a specific data points.
B5: Unit: Number | F5: Eurostat SBS database | X5: if value ≥ 110 | AC5: if 80 < value < 100 | AN5: Source Code
F6: Data from national statistical office | X6: if 100 < value < 110 | AC6: if value < 80 | AN6: 1 = Data from Eurostat | AS6: 6 = Now-Cast
F7: Estimations, now-casts, forecasts | AN7: 2 = Data from NSO | AS7: 7 = Forecast
AN8: 4 = Estimation
B10: division NACE Rev. 2 | C10: size class | D10: 2008 | E10: 2009 | F10: 2010 | G10: 2011 | H10: 2012 | I10: 2013 | J10: 2014 | K10: 2015 | L10: 2016 | M10: 2017 | N10: 2018 | O10: 2019 | P10: 2020 | Q10: 2021 | R10: 2022 | S10: 2023 | T10: 2024 | U10: 2025 | V10: 2008 (=100) | W10: 2009 | X10: 2010 | Y10: 2011 | Z10: 2012 | AA10: 2013 | AB10: 2014 | AC10: 2015 | AD10: 2016 | AE10: 2017 | AF10: 2018 | AG10: 2019 | AH10: 2020 | AI10: 2021 | AJ10: 2022 | AK10: 2023 | AL10: 2024 | AM10: 2025 | AN10: 2008 | AO10: 2009 | AP10: 2010 | AQ10: 2011 | AR10: 2012 | AS10: 2013 | AT10: 2014 | AU10: 2015 | AV10: 2016 | AW10: 2017 | AX10: 2018 | AY10: 2019 | AZ10: 2020 | BA10: 2021 | BB10: 2022 | BC10: 2023 | BD10: 2024 | BE10: 2025
B12: B05: Mining of coal and lignite; extraction of peat | C12: 0 - 9 | H12: 0 | I12: 0 | J12: 12 | K12: 9 | L12: 0 | M12: 7 | N12: 6 | O12: 6 | P12: 7 | Q12: 7 | R12: 8 | S12: 2 | T12: 3 | U12: 2 | V12: =100 -> 100 | W12: =E12*100/$D12 -> #DIV/0! | X12: =F12*100/$D12 -> #DIV/0! | Y12: =G12*100/$D12 -> #DIV/0! | Z12: =H12*100/$D12 -> #DIV/0! | AA12: =I12*100/$D12 -> #DIV/0! | AB12: =J12*100/$D12 -> #DIV/0! | AC12: =K12*100/$D12 -> #DIV/0! | AD12: =L12*100/$D12 -> #DIV/0! | ... AM12: =U12*100/$D12 -> #DIV/0! | AR12: 1 | AS12: 1 | AT12: 1 | AU12: 1 | AV12: 4 | AW12: 4 | AX12: 4 | AY12: 4 | AZ12: 4 | BA12: 1 | BB12: 4 | BC12: 4 | BD12: 6 | BE12: 7
C13: 10 - 49 | D13: 0 | E13: 0 | F13: 0 | G13: 0 | H13: 0 | I13: 0 | J13: 0 | K13: 0 | L13: 0 | M13: 0 | N13: 0 | O13: 0 | P13: 0 | Q13: 0 | R13: 0 | S13: 0 | T13: 0 | U13: 0 | V13: =100 -> 100 | W13: =E13*100/$D13 -> #DIV/0! | X13: =F13*100/$D13 -> #DIV/0! | Y13: =G13*100/$D13 -> #DIV/0! | Z13: =H13*100/$D13 -> #DIV/0! | AA13: =I13*100/$D13 -> #DIV/0! | AB13: =J13*100/$D13 -> #DIV/0! | AC13: =K13*100/$D13 -> #DIV/0! | AD13: =L13*100/$D13 -> #DIV/0! | ... AM13: =U13*100/$D13 -> #DIV/0! | AP13: 1 | AR13: 1 | AS13: 1 | AT13: 1 | AU13: 1 | AV13: 4 | AW13: 1 | AX13: 4 | AY13: 4 | AZ13: 1 | BA13: 1 | BB13: 1 | BC13: 1 | BD13: 6 | BE13: 7
C14: 50 - 249 | I14: 2 | J14: 3 | K14: 3 | L14: 0 | M14: 3 | N14: 5 | O14: 5 | P14: 6 | Q14: 6 | R14: 7 | S14: 3 | T14: 3 | U14: 3 | V14: =100 -> 100 | W14: =E14*100/$D14 -> #DIV/0! | X14: =F14*100/$D14 -> #DIV/0! | Y14: =G14*100/$D14 -> #DIV/0! | Z14: =H14*100/$D14 -> #DIV/0! | AA14: =I14*100/$D14 -> #DIV/0! | AB14: =J14*100/$D14 -> #DIV/0! | AC14: =K14*100/$D14 -> #DIV/0! | AD14: =L14*100/$D14 -> #DIV/0! | ... AM14: =U14*100/$D14 -> #DIV/0! | AS14: 4 | AT14: 1 | AU14: 1 | AV14: 4 | AW14: 4 | AX14: 4 | AY14: 4 | AZ14: 4 | BA14: 4 | BB14: 4 | BC14: 4 | BD14: 6 | BE14: 7
C15: 250 + | D15: 0 | E15: 0 | F15: 0 | G15: 0 | H15: 0 | I15: 0 | J15: 0 | K15: 0 | L15: 0 | M15: 0 | N15: 0 | O15: 0 | P15: 0 | Q15: 0 | R15: 0 | S15: 0 | T15: 0 | U15: 0 | V15: =100 -> 100 | W15: =E15*100/$D15 -> #DIV/0! | X15: =F15*100/$D15 -> #DIV/0! | Y15: =G15*100/$D15 -> #DIV/0! | Z15: =H15*100/$D15 -> #DIV/0! | AA15: =I15*100/$D15 -> #DIV/0! | AB15: =J15*100/$D15 -> #DIV/0! | AC15: =K15*100/$D15 -> #DIV/0! | AD15: =L15*100/$D15 -> #DIV/0! | ... AM15: =U15*100/$D15 -> #DIV/0! | AN15: 4 | AO15: 4 | AP15: 1 | AQ15: 4 | AR15: 1 | AS15: 1 | AT15: 1 | AU15: 1 | AV15: 1 | AW15: 1 | AX15: 4 | AY15: 4 | AZ15: 1 | BA15: 1 | BB15: 1 | BC15: 1 | BD15: 6 | BE15: 7
C16: Total | I16: 2 | J16: 15 | K16: 12 | L16: 0 | M16: 10 | N16: 11 | O16: 11 | P16: 13 | Q16: 13 | R16: 15 | S16: 5 | T16: 6 | U16: 5 | V16: =100 -> 100 | W16: =E16*100/$D16 -> #DIV/0! | X16: =F16*100/$D16 -> #DIV/0! | Y16: =G16*100/$D16 -> #DIV/0! | Z16: =H16*100/$D16 -> #DIV/0! | AA16: =I16*100/$D16 -> #DIV/0! | AB16: =J16*100/$D16 -> #DIV/0! | AC16: =K16*100/$D16 -> #DIV/0! | AD16: =L16*100/$D16 -> #DIV/0! | ... AM16: =U16*100/$D16 -> #DIV/0!
C17: All SMEs | I17: 2 | J17: 15 | K17: 12 | L17: 0 | M17: 10 | N17: 11 | O17: 11 | P17: 13 | Q17: 13 | R17: 15 | S17: 5 | T17: 6 | U17: 5 | V17: =100 -> 100 | W17: =E17*100/$D17 -> #DIV/0! | X17: =F17*100/$D17 -> #DIV/0! | Y17: =G17*100/$D17 -> #DIV/0! | Z17: =H17*100/$D17 -> #DIV/0! | AA17: =I17*100/$D17 -> #DIV/0! | AB17: =J17*100/$D17 -> #DIV/0! | AC17: =K17*100/$D17 -> #DIV/0! | AD17: =L17*100/$D17 -> #DIV/0! | ... AM17: =U17*100/$D17 -> #DIV/0!
B18: B06: Extraction of crude petroleum and natural gas | C18: 0 - 9 | I18: 0 | J18: 0 | K18: 0 | L18: 0 | M18: 0 | N18: 0 | O18: 0 | P18: 0 | Q18: 0 | R18: 0 | S18: 3 | T18: 3 | U18: 2 | V18: =100 -> 100 | W18: =E18*100/$D18 -> #DIV/0! | X18: =F18*100/$D18 -> #DIV/0! | Y18: =G18*100/$D18 -> #DIV/0! | Z18: =H18*100/$D18 -> #DIV/0! | AA18: =I18*100/$D18 -> #DIV/0! | AB18: =J18*100/$D18 -> #DIV/0! | AC18: =K18*100/$D18 -> #DIV/0! | AD18: =L18*100/$D18 -> #DIV/0! | ... AM18: =U18*100/$D18 -> #DIV/0! | AS18: 1 | AT18: 4 | AU18: 4 | AV18: 4 | AW18: 4 | AX18: 4 | AY18: 4 | AZ18: 4 | BA18: 4 | BB18: 4 | BC18: 1 | BD18: 6 | BE18: 7
C19: 10 - 49 | F19: 0 | G19: 0 | H19: 0 | I19: 3 | J19: 4 | K19: 3 | L19: 0 | M19: 0 | N19: 0 | O19: 0 | P19: 0 | Q19: 0 | R19: 0 | S19: 0 | T19: 0 | U19: 0 | V19: =100 -> 100 | W19: =E19*100/$D19 -> #DIV/0! | X19: =F19*100/$D19 -> #DIV/0! | Y19: =G19*100/$D19 -> #DIV/0! | Z19: =H19*100/$D19 -> #DIV/0! | AA19: =I19*100/$D19 -> #DIV/0! | AB19: =J19*100/$D19 -> #DIV/0! | AC19: =K19*100/$D19 -> #DIV/0! | AD19: =L19*100/$D19 -> #DIV/0! | ... AM19: =U19*100/$D19 -> #DIV/0! | AP19: 1 | AR19: 1 | AS19: 4 | AT19: 4 | AU19: 4 | AV19: 1 | AW19: 1 | AX19: 4 | AY19: 4 | AZ19: 4 | BA19: 4 | BB19: 4 | BC19: 1 | BD19: 6 | BE19: 7
C20: 50 - 249 | F20: 0 | G20: 0 | H20: 0 | I20: 0 | J20: 0 | K20: 0 | L20: 0 | M20: 0 | N20: 0 | O20: 0 | P20: 0 | Q20: 0 | R20: 0 | S20: 0 | T20: 0 | U20: 0 | V20: =100 -> 100 | W20: =E20*100/$D20 -> #DIV/0! | X20: =F20*100/$D20 -> #DIV/0! | Y20: =G20*100/$D20 -> #DIV/0! | Z20: =H20*100/$D20 -> #DIV/0! | AA20: =I20*100/$D20 -> #DIV/0! | AB20: =J20*100/$D20 -> #DIV/0! | AC20: =K20*100/$D20 -> #DIV/0! | AD20: =L20*100/$D20 -> #DIV/0! | ... AM20: =U20*100/$D20 -> #DIV/0! | AP20: 1 | AR20: 1 | AS20: 1 | AT20: 1 | AU20: 1 | AV20: 4 | AW20: 4 | AX20: 1 | AY20: 4 | AZ20: 1 | BA20: 1 | BB20: 1 | BC20: 1 | BD20: 6 | BE20: 7
C21: 250 + | D21: 0 | E21: 0 | F21: 0 | G21: 0 | H21: 0 | I21: 0 | J21: 0 | K21: 0 | L21: 0 | M21: 0 | N21: 0 | O21: 0 | P21: 0 | Q21: 0 | R21: 0 | S21: 0 | T21: 0 | U21: 0 | V21: =100 -> 100 | W21: =E21*100/$D21 -> #DIV/0! | X21: =F21*100/$D21 -> #DIV/0! | Y21: =G21*100/$D21 -> #DIV/0! | Z21: =H21*100/$D21 -> #DIV/0! | AA21: =I21*100/$D21 -> #DIV/0! | AB21: =J21*100/$D21 -> #DIV/0! | AC21: =K21*100/$D21 -> #DIV/0! | AD21: =L21*100/$D21 -> #DIV/0! | ... AM21: =U21*100/$D21 -> #DIV/0! | AN21: 4 | AO21: 4 | AP21: 1 | AQ21: 4 | AR21: 1 | AS21: 1 | AT21: 1 | AU21: 1 | AV21: 1 | AW21: 1 | AX21: 4 | AY21: 4 | AZ21: 4 | BA21: 4 | BB21: 4 | BC21: 1 | BD21: 6 | BE21: 7
C22: Total | I22: 3 | J22: 4 | K22: 3 | L22: 0 | M22: 0 | N22: 0 | O22: 0 | P22: 0 | Q22: 0 | R22: 0 | S22: 3 | T22: 3 | U22: 2 | V22: =100 -> 100 | W22: =E22*100/$D22 -> #DIV/0! | X22: =F22*100/$D22 -> #DIV/0! | Y22: =G22*100/$D22 -> #DIV/0! | Z22: =H22*100/$D22 -> #DIV/0! | AA22: =I22*100/$D22 -> #DIV/0! | AB22: =J22*100/$D22 -> #DIV/0! | AC22: =K22*100/$D22 -> #DIV/0! | AD22: =L22*100/$D22 -> #DIV/0! | ... AM22: =U22*100/$D22 -> #DIV/0!
C23: All SMEs | I23: 3 | J23: 4 | K23: 3 | L23: 0 | M23: 0 | N23: 0 | O23: 0 | P23: 0 | Q23: 0 | R23: 0 | S23: 3 | T23: 3 | U23: 2 | V23: =100 -> 100 | W23: =E23*100/$D23 -> #DIV/0! | X23: =F23*100/$D23 -> #DIV/0! | Y23: =G23*100/$D23 -> #DIV/0! | Z23: =H23*100/$D23 -> #DIV/0! | AA23: =I23*100/$D23 -> #DIV/0! | AB23: =J23*100/$D23 -> #DIV/0! | AC23: =K23*100/$D23 -> #DIV/0! | AD23: =L23*100/$D23 -> #DIV/0! | ... AM23: =U23*100/$D23 -> #DIV/0!
B24: B07: Mining of metal ores | C24: 0 - 9 | H24: 0 | I24: 0 | J24: 17 | K24: 26 | L24: 91 | M24: 147 | N24: 154 | O24: 97 | P24: 158 | Q24: 11 | R24: 12 | S24: 151 | T24: 76 | U24: 99 | V24: =100 -> 100 | W24: =E24*100/$D24 -> #DIV/0! | X24: =F24*100/$D24 -> #DIV/0! | Y24: =G24*100/$D24 -> #DIV/0! | Z24: =H24*100/$D24 -> #DIV/0! | AA24: =I24*100/$D24 -> #DIV/0! | AB24: =J24*100/$D24 -> #DIV/0! | AC24: =K24*100/$D24 -> #DIV/0! | AD24: =L24*100/$D24 -> #DIV/0! | ... AM24: =U24*100/$D24 -> #DIV/0! | AR24: 1 | AS24: 1 | AT24: 4 | AU24: 1 | AV24: 4 | AW24: 4 | AX24: 4 | AY24: 4 | AZ24: 4 | BA24: 1 | BB24: 4 | BC24: 4 | BD24: 6 | BE24: 7
C25: 10 - 49 | D25: 0 | F25: 0 | G25: 0 | H25: 0 | I25: 0 | J25: 0 | K25: 0 | L25: 0 | M25: 0 | N25: 0 | O25: 0 | P25: 0 | Q25: 0 | R25: 0 | S25: 0 | T25: 0 | U25: 0 | V25: =100 -> 100 | W25: =E25*100/$D25 -> #DIV/0! | X25: =F25*100/$D25 -> #DIV/0! | Y25: =G25*100/$D25 -> #DIV/0! | Z25: =H25*100/$D25 -> #DIV/0! | AA25: =I25*100/$D25 -> #DIV/0! | AB25: =J25*100/$D25 -> #DIV/0! | AC25: =K25*100/$D25 -> #DIV/0! | AD25: =L25*100/$D25 -> #DIV/0! | ... AM25: =U25*100/$D25 -> #DIV/0! | AP25: 1 | AR25: 1 | AS25: 1 | AT25: 1 | AU25: 1 | AV25: 1 | AW25: 1 | AX25: 4 | AY25: 4 | AZ25: 1 | BA25: 1 | BB25: 4 | BC25: 4 | BD25: 6 | BE25: 7
C26: 50 - 249 | D26: 3 | H26: 5 | I26: 7 | J26: 22 | K26: 6 | L26: 7 | M26: 1 | N26: 0 | O26: 0 | P26: 0 | Q26: 0 | R26: 0 | S26: 0 | T26: 0 | U26: 0 | V26: =100 -> 100 | W26: =E26*100/$D26 -> 0 | X26: =F26*100/$D26 -> 0 | Y26: =G26*100/$D26 -> 0 | Z26: =H26*100/$D26 -> 166.66667 | AA26: =I26*100/$D26 -> 233.33333 | AB26: =J26*100/$D26 -> 733.33333 | AC26: =K26*100/$D26 -> 200 | AD26: =L26*100/$D26 -> 233.33333 | ... AM26: =U26*100/$D26 -> 0 | AN26: 4 | AR26: 4 | AS26: 4 | AT26: 4 | AU26: 4 | AV26: 4 | AW26: 4 | AX26: 1 | AY26: 4 | AZ26: 4 | BA26: 4 | BB26: 4 | BC26: 4 | BD26: 6 | BE26: 7
C27: 250 + | D27: 0 | E27: 0 | F27: 0 | G27: 0 | H27: 0 | I27: 0 | J27: 0 | K27: 0 | L27: 0 | M27: 0 | N27: 0 | O27: 0 | P27: 0 | Q27: 0 | R27: 0 | S27: 0 | T27: 0 | U27: 0 | V27: =100 -> 100 | W27: =E27*100/$D27 -> #DIV/0! | X27: =F27*100/$D27 -> #DIV/0! | Y27: =G27*100/$D27 -> #DIV/0! | Z27: =H27*100/$D27 -> #DIV/0! | AA27: =I27*100/$D27 -> #DIV/0! | AB27: =J27*100/$D27 -> #DIV/0! | AC27: =K27*100/$D27 -> #DIV/0! | AD27: =L27*100/$D27 -> #DIV/0! | ... AM27: =U27*100/$D27 -> #DIV/0! | AN27: 4 | AO27: 4 | AP27: 1 | AQ27: 4 | AR27: 4 | AS27: 4 | AT27: 4 | AU27: 4 | AV27: 4 | AW27: 4 | AX27: 4 | AY27: 4 | AZ27: 4 | BA27: 4 | BB27: 4 | BC27: 4 | BD27: 6 | BE27: 7
C28: Total | H28: 5 | I28: 7 | J28: 39 | K28: 32 | L28: 98 | M28: 148 | N28: 154 | O28: 97 | P28: 158 | Q28: 11 | R28: 12 | S28: 151 | T28: 76 | U28: 99 | V28: =100 -> 100 | W28: =E28*100/$D28 -> #DIV/0! | X28: =F28*100/$D28 -> #DIV/0! | Y28: =G28*100/$D28 -> #DIV/0! | Z28: =H28*100/$D28 -> #DIV/0! | AA28: =I28*100/$D28 -> #DIV/0! | AB28: =J28*100/$D28 -> #DIV/0! | AC28: =K28*100/$D28 -> #DIV/0! | AD28: =L28*100/$D28 -> #DIV/0! | ... AM28: =U28*100/$D28 -> #DIV/0!
C29: All SMEs | H29: 5 | I29: 7 | J29: 39 | K29: 32 | L29: 98 | M29: 148 | N29: 154 | O29: 97 | P29: 158 | Q29: 11 | R29: 12 | S29: 151 | T29: 76 | U29: 99 | V29: =100 -> 100 | W29: =E29*100/$D29 -> #DIV/0! | X29: =F29*100/$D29 -> #DIV/0! | Y29: =G29*100/$D29 -> #DIV/0! | Z29: =H29*100/$D29 -> #DIV/0! | AA29: =I29*100/$D29 -> #DIV/0! | AB29: =J29*100/$D29 -> #DIV/0! | AC29: =K29*100/$D29 -> #DIV/0! | AD29: =L29*100/$D29 -> #DIV/0! | ... AM29: =U29*100/$D29 -> #DIV/0!
B30: B08: Other mining and quarrying | C30: 0 - 9 | D30: 432 | E30: 412 | F30: 360 | G30: 309 | H30: 291 | I30: 299 | J30: 646 | K30: 560 | L30: 583 | M30: 508 | N30: 491 | O30: 477 | P30: 457 | Q30: 456 | R30: 446 | S30: 311 | T30: 512 | U30: 546 | V30: =100 -> 100 | W30: =E30*100/$D30 -> 95.37037 | X30: =F30*100/$D30 -> 83.333333 | Y30: =G30*100/$D30 -> 71.527778 | Z30: =H30*100/$D30 -> 67.361111 | AA30: =I30*100/$D30 -> 69.212963 | AB30: =J30*100/$D30 -> 149.53704 | AC30: =K30*100/$D30 -> 129.62963 | AD30: =L30*100/$D30 -> 134.9537 | ... AM30: =U30*100/$D30 -> 126.38889 | AN30: 1 | AO30: 4 | AP30: 4 | AQ30: 4 | AR30: 4 | AS30: 4 | AT30: 1 | AU30: 4 | AV30: 1 | AW30: 4 | AX30: 4 | AY30: 4 | AZ30: 4 | BA30: 4 | BB30: 1 | BC30: 4 | BD30: 6 | BE30: 7
C31: 10 - 49 | D31: 65 | E31: 83 | F31: 80 | G31: 76 | I31: 59 | J31: 63 | K31: 43 | L31: 38 | M31: 39 | N31: 143 | O31: 106 | P31: 85 | Q31: 83 | R31: 59 | S31: 69 | T31: 56 | U31: 47 | V31: =100 -> 100 | W31: =E31*100/$D31 -> 127.69231 | X31: =F31*100/$D31 -> 123.07692 | Y31: =G31*100/$D31 -> 116.92308 | Z31: =H31*100/$D31 -> 0 | AA31: =I31*100/$D31 -> 90.769231 | AB31: =J31*100/$D31 -> 96.923077 | AC31: =K31*100/$D31 -> 66.153846 | AD31: =L31*100/$D31 -> 58.461538 | ... AM31: =U31*100/$D31 -> 72.307692 | AN31: 1 | AO31: 4 | AP31: 1 | AQ31: 1 | AS31: 4 | AT31: 4 | AU31: 4 | AV31: 4 | AW31: 4 | AX31: 4 | AY31: 4 | AZ31: 4 | BA31: 4 | BB31: 4 | BC31: 4 | BD31: 6 | BE31: 7
C32: 50 - 249 | D32: 11 | F32: 10 | G32: 8 | I32: 0 | J32: 7 | K32: 6 | L32: 3 | M32: 1 | N32: 3 | O32: 2 | P32: 1 | Q32: 3 | R32: 3 | S32: 4 | T32: 10 | U32: 8 | V32: =100 -> 100 | W32: =E32*100/$D32 -> 0 | X32: =F32*100/$D32 -> 90.909091 | Y32: =G32*100/$D32 -> 72.727273 | Z32: =H32*100/$D32 -> 0 | AA32: =I32*100/$D32 -> 0 | AB32: =J32*100/$D32 -> 63.636364 | AC32: =K32*100/$D32 -> 54.545455 | AD32: =L32*100/$D32 -> 27.272727 | ... AM32: =U32*100/$D32 -> 72.727273 | AN32: 1 | AP32: 4 | AQ32: 4 | AS32: 4 | AT32: 4 | AU32: 4 | AV32: 4 | AW32: 4 | AX32: 4 | AY32: 4 | AZ32: 4 | BA32: 4 | BB32: 4 | BC32: 4 | BD32: 6 | BE32: 7
C33: 250 + | D33: 4 | E33: 4 | F33: 4 | G33: 4 | H33: 4 | I33: 4 | J33: 4 | K33: 4 | L33: 2 | M33: 6 | N33: 7 | O33: 6 | P33: 5 | Q33: 4 | R33: 4 | S33: 9 | T33: 5 | U33: 4 | V33: =100 -> 100 | W33: =E33*100/$D33 -> 100 | X33: =F33*100/$D33 -> 100 | Y33: =G33*100/$D33 -> 100 | Z33: =H33*100/$D33 -> 100 | AA33: =I33*100/$D33 -> 100 | AB33: =J33*100/$D33 -> 100 | AC33: =K33*100/$D33 -> 100 | AD33: =L33*100/$D33 -> 50 | ... AM33: =U33*100/$D33 -> 100 | AN33: 1 | AO33: 4 | AP33: 4 | AQ33: 4 | AR33: 4 | AS33: 4 | AT33: 4 | AU33: 4 | AV33: 4 | AW33: 4 | AX33: 4 | AY33: 4 | AZ33: 4 | BA33: 4 | BB33: 4 | BC33: 4 | BD33: 6 | BE33: 7
C34: Total | D34: 512 | F34: 454 | G34: 397 | I34: 362 | J34: 720 | K34: 613 | L34: 626 | M34: 554 | N34: 644 | O34: 591 | P34: 548 | Q34: 546 | R34: 512 | S34: 393 | T34: 583 | U34: 605 | V34: =100 -> 100 | W34: =E34*100/$D34 -> 0 | X34: =F34*100/$D34 -> 88.671875 | Y34: =G34*100/$D34 -> 77.539062 | Z34: =H34*100/$D34 -> 0 | AA34: =I34*100/$D34 -> 70.703125 | AB34: =J34*100/$D34 -> 140.625 | AC34: =K34*100/$D34 -> 119.72656 | AD34: =L34*100/$D34 -> 122.26562 | ... AM34: =U34*100/$D34 -> 118.16406
C35: All SMEs | D35: 508 | F35: 450 | G35: 393 | I35: 358 | J35: 716 | K35: 609 | L35: 624 | M35: 548 | N35: 637 | O35: 585 | P35: 543 | Q35: 542 | R35: 508 | S35: 384 | T35: 578 | U35: 601 | V35: =100 -> 100 | W35: =E35*100/$D35 -> 0 | X35: =F35*100/$D35 -> 88.582677 | Y35: =G35*100/$D35 -> 77.362205 | Z35: =H35*100/$D35 -> 0 | AA35: =I35*100/$D35 -> 70.472441 | AB35: =J35*100/$D35 -> 140.94488 | AC35: =K35*100/$D35 -> 119.88189 | AD35: =L35*100/$D35 -> 122.83465 | ... AM35: =U35*100/$D35 -> 118.30709
B36: B09: Mining support service activities | C36: 0 - 9 | F36: 0 | I36: 0 | J36: 0 | K36: 0 | L36: 0 | M36: 0 | N36: 0 | O36: 0 | P36: 0 | Q36: 0 | R36: 0 | S36: 0 | T36: 0 | U36: 0 | V36: =100 -> 100 | W36: =E36*100/$D36 -> #DIV/0! | X36: =F36*100/$D36 -> #DIV/0! | Y36: =G36*100/$D36 -> #DIV/0! | Z36: =H36*100/$D36 -> #DIV/0! | AA36: =I36*100/$D36 -> #DIV/0! | AB36: =J36*100/$D36 -> #DIV/0! | AC36: =K36*100/$D36 -> #DIV/0! | AD36: =L36*100/$D36 -> #DIV/0! | ... AM36: =U36*100/$D36 -> #DIV/0! | AP36: 1 | AS36: 4 | AT36: 4 | AU36: 4 | AV36: 4 | AW36: 4 | AX36: 4 | AY36: 4 | AZ36: 4 | BA36: 4 | BB36: 4 | BC36: 4 | BD36: 6 | BE36: 7
C37: 10 - 49 | F37: 0 | G37: 0 | H37: 0 | I37: 0 | J37: 0 | V37: =100 -> 100 | W37: =E37*100/$D37 -> #DIV/0! | X37: =F37*100/$D37 -> #DIV/0! | Y37: =G37*100/$D37 -> #DIV/0! | Z37: =H37*100/$D37 -> #DIV/0! | AA37: =I37*100/$D37 -> #DIV/0! | AB37: =J37*100/$D37 -> #DIV/0! | AC37: =K37*100/$D37 -> #DIV/0! | AD37: =L37*100/$D37 -> #DIV/0! | ... AM37: =U37*100/$D37 -> #DIV/0! | AP37: 1 | AS37: 4 | AT37: 4
C38: 50 - 249 | F38: 0 | G38: 0 | H38: 0 | I38: 0 | J38: 0 | K38: 0 | L38: 0 | M38: 0 | N38: 0 | O38: 0 | P38: 0 | Q38: 0 | R38: 0 | S38: 0 | T38: 0 | U38: 0 | V38: =100 -> 100 | W38: =E38*100/$D38 -> #DIV/0! | X38: =F38*100/$D38 -> #DIV/0! | Y38: =G38*100/$D38 -> #DIV/0! | Z38: =H38*100/$D38 -> #DIV/0! | AA38: =I38*100/$D38 -> #DIV/0! | AB38: =J38*100/$D38 -> #DIV/0! | AC38: =K38*100/$D38 -> #DIV/0! | AD38: =L38*100/$D38 -> #DIV/0! | ... AM38: =U38*100/$D38 -> #DIV/0! | AP38: 1 | AR38: 1 | AS38: 1 | AT38: 1 | AU38: 4 | AV38: 1 | AW38: 1 | AX38: 1 | AY38: 4 | AZ38: 1 | BA38: 1 | BB38: 1 | BC38: 1 | BD38: 6 | BE38: 7
C39: 250 + | D39: 0 | E39: 0 | F39: 0 | G39: 0 | H39: 0 | I39: 0 | J39: 0 | K39: 0 | L39: 0 | M39: 0 | N39: 0 | O39: 0 | P39: 0 | Q39: 0 | R39: 0 | S39: 0 | T39: 0 | U39: 0 | V39: =100 -> 100 | W39: =E39*100/$D39 -> #DIV/0! | X39: =F39*100/$D39 -> #DIV/0! | Y39: =G39*100/$D39 -> #DIV/0! | Z39: =H39*100/$D39 -> #DIV/0! | AA39: =I39*100/$D39 -> #DIV/0! | AB39: =J39*100/$D39 -> #DIV/0! | AC39: =K39*100/$D39 -> #DIV/0! | AD39: =L39*100/$D39 -> #DIV/0! | ... AM39: =U39*100/$D39 -> #DIV/0! | AS39: 4 | AT39: 4 | AU39: 1 | AV39: 4 | AW39: 4 | AX39: 4 | AY39: 1 | AZ39: 1 | BA39: 1 | BB39: 1 | BC39: 1 | BD39: 6 | BE39: 7
C40: Total | F40: 0 | I40: 0 | J40: 0 | V40: =100 -> 100 | W40: =E40*100/$D40 -> #DIV/0! | X40: =F40*100/$D40 -> #DIV/0! | Y40: =G40*100/$D40 -> #DIV/0! | Z40: =H40*100/$D40 -> #DIV/0! | AA40: =I40*100/$D40 -> #DIV/0! | AB40: =J40*100/$D40 -> #DIV/0! | AC40: =K40*100/$D40 -> #DIV/0! | AD40: =L40*100/$D40 -> #DIV/0! | ... AM40: =U40*100/$D40 -> #DIV/0!
C41: All SMEs | F41: 0 | I41: 0 | J41: 0 | V41: =100 -> 100 | W41: =E41*100/$D41 -> #DIV/0! | X41: =F41*100/$D41 -> #DIV/0! | Y41: =G41*100/$D41 -> #DIV/0! | Z41: =H41*100/$D41 -> #DIV/0! | AA41: =I41*100/$D41 -> #DIV/0! | AB41: =J41*100/$D41 -> #DIV/0! | AC41: =K41*100/$D41 -> #DIV/0! | AD41: =L41*100/$D41 -> #DIV/0! | ... AM41: =U41*100/$D41 -> #DIV/0!
B42: C10: Manufacture of food products | C42: 0 - 9 | D42: 14744 | E42: 14967 | F42: 14492 | G42: 14068 | H42: 12888 | I42: 14007 | J42: 14874 | K42: 14279 | L42: 14305 | M42: 13642 | N42: 13355 | O42: 13081 | P42: 12837 | Q42: 12712 | R42: 12614 | S42: 12605 | T42: 12807 | U42: 13087 | V42: =100 -> 100 | W42: =E42*100/$D42 -> 101.51248 | X42: =F42*100/$D42 -> 98.29083 | Y42: =G42*100/$D42 -> 95.415084 | Z42: =H42*100/$D42 -> 87.411829 | AA42: =I42*100/$D42 -> 95.001356 | AB42: =J42*100/$D42 -> 100.88171 | AC42: =K42*100/$D42 -> 96.846175 | AD42: =L42*100/$D42 -> 97.022518 | ... AM42: =U42*100/$D42 -> 88.76153 | AN42: 1 | AO42: 1 | AP42: 1 | AQ42: 1 | AR42: 1 | AS42: 1 | AT42: 1 | AU42: 1 | AV42: 1 | AW42: 1 | AX42: 1 | AY42: 1 | AZ42: 1 | BA42: 1 | BB42: 1 | BC42: 1 | BD42: 6 | BE42: 7
C43: 10 - 49 | D43: 553 | E43: 598 | F43: 616 | G43: 604 | H43: 600 | I43: 431 | J43: 1179 | K43: 1148 | L43: 1259 | M43: 1370 | N43: 1500 | O43: 1688 | P43: 1604 | Q43: 1707 | R43: 1766 | S43: 1777 | T43: 1609 | U43: 1526 | V43: =100 -> 100 | W43: =E43*100/$D43 -> 108.13743 | X43: =F43*100/$D43 -> 111.39241 | Y43: =G43*100/$D43 -> 109.22242 | Z43: =H43*100/$D43 -> 108.4991 | AA43: =I43*100/$D43 -> 77.938517 | AB43: =J43*100/$D43 -> 213.20072 | AC43: =K43*100/$D43 -> 207.59494 | AD43: =L43*100/$D43 -> 227.66727 | ... AM43: =U43*100/$D43 -> 275.94937 | AN43: 1 | AO43: 1 | AP43: 1 | AQ43: 1 | AR43: 1 | AS43: 1 | AT43: 1 | AU43: 1 | AV43: 1 | AW43: 1 | AX43: 1 | AY43: 1 | AZ43: 1 | BA43: 1 | BB43: 1 | BC43: 1 | BD43: 6 | BE43: 7
C44: 50 - 249 | D44: 152 | E44: 167 | F44: 174 | G44: 171 | H44: 185 | I44: 193 | J44: 223 | K44: 221 | L44: 233 | M44: 242 | N44: 248 | O44: 267 | P44: 262 | Q44: 266 | R44: 286 | S44: 282 | T44: 247 | U44: 227 | V44: =100 -> 100 | W44: =E44*100/$D44 -> 109.86842 | X44: =F44*100/$D44 -> 114.47368 | Y44: =G44*100/$D44 -> 112.5 | Z44: =H44*100/$D44 -> 121.71053 | AA44: =I44*100/$D44 -> 126.97368 | AB44: =J44*100/$D44 -> 146.71053 | AC44: =K44*100/$D44 -> 145.39474 | AD44: =L44*100/$D44 -> 153.28947 | ... AM44: =U44*100/$D44 -> 149.34211 | AN44: 1 | AO44: 1 | AP44: 1 | AQ44: 1 | AR44: 1 | AS44: 1 | AT44: 1 | AU44: 1 | AV44: 1 | AW44: 1 | AX44: 1 | AY44: 1 | AZ44: 1 | BA44: 1 | BB44: 1 | BC44: 1 | BD44: 6 | BE44: 7
C45: 250 + | D45: 36 | E45: 37 | F45: 43 | G45: 40 | H45: 42 | I45: 43 | J45: 43 | K45: 42 | L45: 45 | M45: 55 | N45: 61 | O45: 57 | P45: 57 | Q45: 62 | R45: 65 | S45: 68 | T45: 59 | U45: 51 | V45: =100 -> 100 | W45: =E45*100/$D45 -> 102.77778 | X45: =F45*100/$D45 -> 119.44444 | Y45: =G45*100/$D45 -> 111.11111 | Z45: =H45*100/$D45 -> 116.66667 | AA45: =I45*100/$D45 -> 119.44444 | AB45: =J45*100/$D45 -> 119.44444 | AC45: =K45*100/$D45 -> 116.66667 | AD45: =L45*100/$D45 -> 125 | ... AM45: =U45*100/$D45 -> 141.66667 | AN45: 1 | AO45: 1 | AP45: 1 | AQ45: 1 | AR45: 1 | AS45: 1 | AT45: 1 | AU45: 1 | AV45: 1 | AW45: 1 | AX45: 1 | AY45: 1 | AZ45: 1 | BA45: 1 | BB45: 1 | BC45: 1 | BD45: 6 | BE45: 7
C46: Total | D46: 15485 | E46: 15769 | F46: 15325 | G46: 14883 | H46: 13715 | I46: 14674 | J46: 16319 | K46: 15690 | L46: 15842 | M46: 15309 | N46: 15164 | O46: 15093 | P46: 14760 | Q46: 14747 | R46: 14731 | S46: 14732 | T46: 14722 | U46: 14891 | V46: =100 -> 100 | W46: =E46*100/$D46 -> 101.83403 | X46: =F46*100/$D46 -> 98.966742 | Y46: =G46*100/$D46 -> 96.112367 | Z46: =H46*100/$D46 -> 88.569583 | AA46: =I46*100/$D46 -> 94.762674 | AB46: =J46*100/$D46 -> 105.38586 | AC46: =K46*100/$D46 -> 101.32386 | AD46: =L46*100/$D46 -> 102.30546 | ... AM46: =U46*100/$D46 -> 96.16403
C47: All SMEs | D47: 15449 | E47: 15732 | F47: 15282 | G47: 14843 | H47: 13673 | I47: 14631 | J47: 16276 | K47: 15648 | L47: 15797 | M47: 15254 | N47: 15103 | O47: 15036 | P47: 14703 | Q47: 14685 | R47: 14666 | S47: 14664 | T47: 14663 | U47: 14840 | V47: =100 -> 100 | W47: =E47*100/$D47 -> 101.83183 | X47: =F47*100/$D47 -> 98.919024 | Y47: =G47*100/$D47 -> 96.077416 | Z47: =H47*100/$D47 -> 88.50411 | AA47: =I47*100/$D47 -> 94.705159 | AB47: =J47*100/$D47 -> 105.3531 | AC47: =K47*100/$D47 -> 101.28811 | AD47: =L47*100/$D47 -> 102.25257 | ... AM47: =U47*100/$D47 -> 96.057997
B48: C11: Manufacture of beverages | C48: 0 - 9 | D48: 787 | E48: 835 | F48: 824 | G48: 804 | H48: 695 | I48: 663 | J48: 1017 | K48: 911 | L48: 992 | M48: 1021 | N48: 995 | O48: 1032 | P48: 1043 | Q48: 1039 | R48: 1049 | S48: 1054 | T48: 1071 | U48: 1094 | V48: =100 -> 100 | W48: =E48*100/$D48 -> 106.09911 | X48: =F48*100/$D48 -> 104.7014 | Y48: =G48*100/$D48 -> 102.1601 | Z48: =H48*100/$D48 -> 88.310038 | AA48: =I48*100/$D48 -> 84.243964 | AB48: =J48*100/$D48 -> 129.2249 | AC48: =K48*100/$D48 -> 115.75604 | AD48: =L48*100/$D48 -> 126.04828 | ... AM48: =U48*100/$D48 -> 139.00889 | AN48: 1 | AO48: 1 | AP48: 1 | AQ48: 1 | AR48: 1 | AS48: 1 | AT48: 1 | AU48: 1 | AV48: 1 | AW48: 1 | AX48: 1 | AY48: 1 | AZ48: 1 | BA48: 1 | BB48: 1 | BC48: 1 | BD48: 6 | BE48: 7
C49: 10 - 49 | D49: 56 | E49: 60 | F49: 64 | G49: 58 | H49: 69 | I49: 60 | J49: 88 | K49: 74 | L49: 78 | M49: 74 | N49: 77 | O49: 87 | P49: 71 | Q49: 73 | R49: 92 | S49: 92 | T49: 83 | U49: 79 | V49: =100 -> 100 | W49: =E49*100/$D49 -> 107.14286 | X49: =F49*100/$D49 -> 114.28571 | Y49: =G49*100/$D49 -> 103.57143 | Z49: =H49*100/$D49 -> 123.21429 | AA49: =I49*100/$D49 -> 107.14286 | AB49: =J49*100/$D49 -> 157.14286 | AC49: =K49*100/$D49 -> 132.14286 | AD49: =L49*100/$D49 -> 139.28571 | ... AM49: =U49*100/$D49 -> 141.07143 | AN49: 1 | AO49: 1 | AP49: 1 | AQ49: 1 | AR49: 1 | AS49: 1 | AT49: 1 | AU49: 1 | AV49: 1 | AW49: 1 | AX49: 1 | AY49: 1 | AZ49: 1 | BA49: 1 | BB49: 1 | BC49: 1 | BD49: 6 | BE49: 7
C50: 50 - 249 | D50: 19 | E50: 25 | F50: 25 | G50: 26 | H50: 25 | I50: 26 | J50: 26 | K50: 24 | L50: 23 | M50: 24 | N50: 24 | O50: 26 | P50: 28 | Q50: 27 | R50: 26 | S50: 29 | T50: 26 | U50: 24 | V50: =100 -> 100 | W50: =E50*100/$D50 -> 131.57895 | X50: =F50*100/$D50 -> 131.57895 | Y50: =G50*100/$D50 -> 136.84211 | Z50: =H50*100/$D50 -> 131.57895 | AA50: =I50*100/$D50 -> 136.84211 | AB50: =J50*100/$D50 -> 136.84211 | AC50: =K50*100/$D50 -> 126.31579 | AD50: =L50*100/$D50 -> 121.05263 | ... AM50: =U50*100/$D50 -> 126.31579 | AN50: 1 | AO50: 1 | AP50: 1 | AQ50: 1 | AR50: 1 | AS50: 1 | AT50: 1 | AU50: 1 | AV50: 1 | AW50: 1 | AX50: 1 | AY50: 1 | AZ50: 1 | BA50: 1 | BB50: 1 | BC50: 1 | BD50: 6 | BE50: 7
C51: 250 + | D51: 6 | E51: 6 | F51: 5 | G51: 5 | H51: 6 | I51: 6 | J51: 6 | K51: 4 | L51: 4 | M51: 4 | N51: 5 | O51: 5 | P51: 5 | Q51: 5 | R51: 5 | S51: 5 | T51: 5 | U51: 4 | V51: =100 -> 100 | W51: =E51*100/$D51 -> 100 | X51: =F51*100/$D51 -> 83.333333 | Y51: =G51*100/$D51 -> 83.333333 | Z51: =H51*100/$D51 -> 100 | AA51: =I51*100/$D51 -> 100 | AB51: =J51*100/$D51 -> 100 | AC51: =K51*100/$D51 -> 66.666667 | AD51: =L51*100/$D51 -> 66.666667 | ... AM51: =U51*100/$D51 -> 66.666667 | AN51: 1 | AO51: 1 | AP51: 1 | AQ51: 1 | AR51: 1 | AS51: 1 | AT51: 1 | AU51: 1 | AV51: 1 | AW51: 1 | AX51: 1 | AY51: 1 | AZ51: 1 | BA51: 1 | BB51: 1 | BC51: 1 | BD51: 6 | BE51: 7
C52: Total | D52: 868 | E52: 926 | F52: 918 | G52: 893 | H52: 795 | I52: 755 | J52: 1137 | K52: 1013 | L52: 1097 | M52: 1123 | N52: 1101 | O52: 1150 | P52: 1147 | Q52: 1144 | R52: 1172 | S52: 1180 | T52: 1185 | U52: 1201 | V52: =100 -> 100 | W52: =E52*100/$D52 -> 106.68203 | X52: =F52*100/$D52 -> 105.76037 | Y52: =G52*100/$D52 -> 102.88018 | Z52: =H52*100/$D52 -> 91.589862 | AA52: =I52*100/$D52 -> 86.981567 | AB52: =J52*100/$D52 -> 130.99078 | AC52: =K52*100/$D52 -> 116.70507 | AD52: =L52*100/$D52 -> 126.38249 | ... AM52: =U52*100/$D52 -> 138.36406
C53: All SMEs | D53: 862 | E53: 920 | F53: 913 | G53: 888 | H53: 789 | I53: 749 | J53: 1131 | K53: 1009 | L53: 1093 | M53: 1119 | N53: 1096 | O53: 1145 | P53: 1142 | Q53: 1139 | R53: 1167 | S53: 1175 | T53: 1180 | U53: 1197 | V53: =100 -> 100 | W53: =E53*100/$D53 -> 106.72854 | X53: =F53*100/$D53 -> 105.91647 | Y53: =G53*100/$D53 -> 103.01624 | Z53: =H53*100/$D53 -> 91.531323 | AA53: =I53*100/$D53 -> 86.890951 | AB53: =J53*100/$D53 -> 131.2065 | AC53: =K53*100/$D53 -> 117.05336 | AD53: =L53*100/$D53 -> 126.79814 | ... AM53: =U53*100/$D53 -> 138.86311
B54: C12: Manufacture of tobacco products | C54: 0 - 9 | D54: 0 | E54: 0 | F54: 0 | G54: 0 | H54: 0 | I54: 0 | J54: 12 | K54: 12 | L54: 14 | M54: 10 | N54: 11 | O54: 13 | P54: 12 | Q54: 13 | R54: 16 | S54: 17 | T54: 18 | U54: 19 | V54: =100 -> 100 | W54: =E54*100/$D54 -> #DIV/0! | X54: =F54*100/$D54 -> #DIV/0! | Y54: =G54*100/$D54 -> #DIV/0! | Z54: =H54*100/$D54 -> #DIV/0! | AA54: =I54*100/$D54 -> #DIV/0! | AB54: =J54*100/$D54 -> #DIV/0! | AC54: =K54*100/$D54 -> #DIV/0! | AD54: =L54*100/$D54 -> #DIV/0! | ... AM54: =U54*100/$D54 -> #DIV/0! | AN54: 4 | AO54: 4 | AP54: 1 | AQ54: 4 | AR54: 1 | AS54: 1 | AT54: 1 | AU54: 1 | AV54: 1 | AW54: 1 | AX54: 1 | AY54: 1 | AZ54: 4 | BA54: 1 | BB54: 1 | BC54: 1 | BD54: 6 | BE54: 7
C55: 10 - 49 | D55: 0 | E55: 0 | F55: 0 | G55: 0 | H55: 0 | I55: 0 | J55: 0 | K55: 0 | L55: 0 | M55: 0 | N55: 0 | O55: 0 | P55: 0 | Q55: 0 | R55: 0 | S55: 0 | T55: 0 | U55: 0 | V55: =100 -> 100 | W55: =E55*100/$D55 -> #DIV/0! | X55: =F55*100/$D55 -> #DIV/0! | Y55: =G55*100/$D55 -> #DIV/0! | Z55: =H55*100/$D55 -> #DIV/0! | AA55: =I55*100/$D55 -> #DIV/0! | AB55: =J55*100/$D55 -> #DIV/0! | AC55: =K55*100/$D55 -> #DIV/0! | AD55: =L55*100/$D55 -> #DIV/0! | ... AM55: =U55*100/$D55 -> #DIV/0! | AN55: 4 | AO55: 4 | AP55: 1 | AQ55: 4 | AR55: 4 | AS55: 1 | AT55: 1 | AU55: 1 | AV55: 1 | AW55: 1 | AX55: 4 | AY55: 1 | AZ55: 4 | BA55: 1 | BB55: 1 | BC55: 1 | BD55: 6 | BE55: 7
C56: 50 - 249 | D56: 1 | E56: 0 | F56: 2 | G56: 2 | H56: 3 | I56: 2 | J56: 2 | K56: 2 | L56: 2 | M56: 3 | N56: 6 | O56: 4 | P56: 3 | Q56: 3 | R56: 4 | S56: 4 | T56: 4 | U56: 4 | V56: =100 -> 100 | W56: =E56*100/$D56 -> 0 | X56: =F56*100/$D56 -> 200 | Y56: =G56*100/$D56 -> 200 | Z56: =H56*100/$D56 -> 300 | AA56: =I56*100/$D56 -> 200 | AB56: =J56*100/$D56 -> 200 | AC56: =K56*100/$D56 -> 200 | AD56: =L56*100/$D56 -> 200 | ... AM56: =U56*100/$D56 -> 400 | AN56: 4 | AO56: 4 | AP56: 4 | AQ56: 4 | AR56: 4 | AS56: 4 | AT56: 4 | AU56: 4 | AV56: 4 | AW56: 1 | AX56: 4 | AY56: 1 | AZ56: 4 | BA56: 1 | BB56: 1 | BC56: 1 | BD56: 6 | BE56: 7
C57: 250 + | D57: 4 | E57: 4 | F57: 3 | G57: 3 | H57: 3 | I57: 4 | J57: 4 | K57: 4 | L57: 4 | M57: 3 | N57: 3 | O57: 3 | P57: 3 | Q57: 4 | R57: 3 | S57: 3 | T57: 3 | U57: 3 | V57: =100 -> 100 | W57: =E57*100/$D57 -> 100 | X57: =F57*100/$D57 -> 75 | Y57: =G57*100/$D57 -> 75 | Z57: =H57*100/$D57 -> 75 | AA57: =I57*100/$D57 -> 100 | AB57: =J57*100/$D57 -> 100 | AC57: =K57*100/$D57 -> 100 | AD57: =L57*100/$D57 -> 100 | ... AM57: =U57*100/$D57 -> 75 | AN57: 4 | AO57: 1 | AP57: 4 | AQ57: 4 | AR57: 4 | AS57: 4 | AT57: 4 | AU57: 4 | AV57: 4 | AW57: 1 | AX57: 4 | AY57: 1 | AZ57: 4 | BA57: 1 | BB57: 1 | BC57: 1 | BD57: 6 | BE57: 7
C58: Total | D58: 5 | E58: 4 | F58: 5 | G58: 5 | H58: 6 | I58: 6 | J58: 18 | K58: 18 | L58: 20 | M58: 16 | N58: 20 | O58: 20 | P58: 18 | Q58: 20 | R58: 23 | S58: 24 | T58: 25 | U58: 26 | V58: =100 -> 100 | W58: =E58*100/$D58 -> 80 | X58: =F58*100/$D58 -> 100 | Y58: =G58*100/$D58 -> 100 | Z58: =H58*100/$D58 -> 120 | AA58: =I58*100/$D58 -> 120 | AB58: =J58*100/$D58 -> 360 | AC58: =K58*100/$D58 -> 360 | AD58: =L58*100/$D58 -> 400 | ... AM58: =U58*100/$D58 -> 520
C59: All SMEs | D59: 1 | E59: 0 | F59: 2 | G59: 2 | H59: 3 | I59: 2 | J59: 14 | K59: 14 | L59: 16 | M59: 13 | N59: 17 | O59: 17 | P59: 15 | Q59: 16 | R59: 20 | S59: 21 | T59: 22 | U59: 23 | V59: =100 -> 100 | W59: =E59*100/$D59 -> 0 | X59: =F59*100/$D59 -> 200 | Y59: =G59*100/$D59 -> 200 | Z59: =H59*100/$D59 -> 300 | AA59: =I59*100/$D59 -> 200 | AB59: =J59*100/$D59 -> 1400 | AC59: =K59*100/$D59 -> 1400 | AD59: =L59*100/$D59 -> 1600 | ... AM59: =U59*100/$D59 -> 2300
B60: C13: Manufacture of textiles | C60: 0 - 9 | D60: 2561 | E60: 2045 | F60: 1928 | G60: 1824 | H60: 1690 | I60: 1541 | J60: 1621 | K60: 1556 | L60: 1535 | M60: 1387 | N60: 1347 | O60: 1367 | P60: 1372 | Q60: 1372 | R60: 1406 | S60: 1404 | T60: 1426 | U60: 1457 | V60: =100 -> 100 | W60: =E60*100/$D60 -> 79.85162 | X60: =F60*100/$D60 -> 75.283093 | Y60: =G60*100/$D60 -> 71.222179 | Z60: =H60*100/$D60 -> 65.989848 | AA60: =I60*100/$D60 -> 60.171808 | AB60: =J60*100/$D60 -> 63.295588 | AC60: =K60*100/$D60 -> 60.757517 | AD60: =L60*100/$D60 -> 59.937524 | ... AM60: =U60*100/$D60 -> 56.891839 | AN60: 1 | AO60: 1 | AP60: 1 | AQ60: 1 | AR60: 1 | AS60: 1 | AT60: 1 | AU60: 1 | AV60: 1 | AW60: 1 | AX60: 1 | AY60: 1 | AZ60: 1 | BA60: 1 | BB60: 1 | BC60: 1 | BD60: 6 | BE60: 7
C61: 10 - 49 | D61: 109 | E61: 119 | F61: 108 | G61: 106 | H61: 97 | I61: 67 | J61: 111 | K61: 89 | L61: 88 | M61: 96 | N61: 128 | O61: 122 | P61: 107 | Q61: 123 | R61: 124 | S61: 122 | T61: 110 | U61: 104 | V61: =100 -> 100 | W61: =E61*100/$D61 -> 109.17431 | X61: =F61*100/$D61 -> 99.082569 | Y61: =G61*100/$D61 -> 97.247706 | Z61: =H61*100/$D61 -> 88.990826 | AA61: =I61*100/$D61 -> 61.46789 | AB61: =J61*100/$D61 -> 101.83486 | AC61: =K61*100/$D61 -> 81.651376 | AD61: =L61*100/$D61 -> 80.733945 | ... AM61: =U61*100/$D61 -> 95.412844 | AN61: 1 | AO61: 1 | AP61: 1 | AQ61: 1 | AR61: 4 | AS61: 1 | AT61: 4 | AU61: 1 | AV61: 1 | AW61: 1 | AX61: 1 | AY61: 4 | AZ61: 4 | BA61: 1 | BB61: 1 | BC61: 1 | BD61: 6 | BE61: 7
C62: 50 - 249 | D62: 36 | E62: 36 | F62: 24 | G62: 20 | H62: 20 | I62: 18 | J62: 19 | K62: 17 | L62: 20 | M62: 19 | N62: 23 | O62: 19 | P62: 17 | Q62: 19 | R62: 21 | S62: 21 | T62: 18 | U62: 17 | V62: =100 -> 100 | W62: =E62*100/$D62 -> 100 | X62: =F62*100/$D62 -> 66.666667 | Y62: =G62*100/$D62 -> 55.555556 | Z62: =H62*100/$D62 -> 55.555556 | AA62: =I62*100/$D62 -> 50 | AB62: =J62*100/$D62 -> 52.777778 | AC62: =K62*100/$D62 -> 47.222222 | AD62: =L62*100/$D62 -> 55.555556 | ... AM62: =U62*100/$D62 -> 47.222222 | AN62: 1 | AO62: 1 | AP62: 1 | AQ62: 1 | AR62: 1 | AS62: 4 | AT62: 1 | AU62: 4 | AV62: 1 | AW62: 1 | AX62: 1 | AY62: 1 | AZ62: 4 | BA62: 1 | BB62: 1 | BC62: 1 | BD62: 6 | BE62: 7
C63: 250 + | D63: 6 | E63: 6 | F63: 5 | G63: 4 | H63: 4 | I63: 4 | J63: 4 | K63: 4 | L63: 3 | M63: 3 | N63: 4 | O63: 4 | P63: 4 | Q63: 3 | R63: 3 | S63: 3 | T63: 3 | U63: 3 | V63: =100 -> 100 | W63: =E63*100/$D63 -> 100 | X63: =F63*100/$D63 -> 83.333333 | Y63: =G63*100/$D63 -> 66.666667 | Z63: =H63*100/$D63 -> 66.666667 | AA63: =I63*100/$D63 -> 66.666667 | AB63: =J63*100/$D63 -> 66.666667 | AC63: =K63*100/$D63 -> 66.666667 | AD63: =L63*100/$D63 -> 50 | ... AM63: =U63*100/$D63 -> 50 | AN63: 1 | AO63: 1 | AP63: 1 | AQ63: 1 | AR63: 4 | AS63: 4 | AT63: 4 | AU63: 4 | AV63: 4 | AW63: 4 | AX63: 1 | AY63: 4 | AZ63: 4 | BA63: 1 | BB63: 1 | BC63: 1 | BD63: 6 | BE63: 7
C64: Total | D64: 2712 | E64: 2206 | F64: 2065 | G64: 1954 | H64: 1811 | I64: 1630 | J64: 1755 | K64: 1666 | L64: 1646 | M64: 1505 | N64: 1502 | O64: 1512 | P64: 1500 | Q64: 1517 | R64: 1554 | S64: 1550 | T64: 1557 | U64: 1581 | V64: =100 -> 100 | W64: =E64*100/$D64 -> 81.342183 | X64: =F64*100/$D64 -> 76.143068 | Y64: =G64*100/$D64 -> 72.050147 | Z64: =H64*100/$D64 -> 66.777286 | AA64: =I64*100/$D64 -> 60.103245 | AB64: =J64*100/$D64 -> 64.712389 | AC64: =K64*100/$D64 -> 61.430678 | AD64: =L64*100/$D64 -> 60.693215 | ... AM64: =U64*100/$D64 -> 58.29646
C65: All SMEs | D65: 2706 | E65: 2200 | F65: 2060 | G65: 1950 | H65: 1807 | I65: 1626 | J65: 1751 | K65: 1662 | L65: 1643 | M65: 1502 | N65: 1498 | O65: 1508 | P65: 1496 | Q65: 1514 | R65: 1551 | S65: 1547 | T65: 1554 | U65: 1578 | V65: =100 -> 100 | W65: =E65*100/$D65 -> 81.300813 | X65: =F65*100/$D65 -> 76.127125 | Y65: =G65*100/$D65 -> 72.062084 | Z65: =H65*100/$D65 -> 66.777531 | AA65: =I65*100/$D65 -> 60.088692 | AB65: =J65*100/$D65 -> 64.708056 | AC65: =K65*100/$D65 -> 61.419069 | AD65: =L65*100/$D65 -> 60.716925 | ... AM65: =U65*100/$D65 -> 58.314856
B66: C14: Manufacture of wearing apparel | C66: 0 - 9 | D66: 11034 | E66: 10550 | F66: 9647 | G66: 7531 | H66: 7486 | I66: 6129 | J66: 4799 | K66: 4460 | L66: 4475 | M66: 3618 | N66: 3502 | O66: 3442 | P66: 3276 | Q66: 3200 | R66: 3207 | S66: 3122 | T66: 3173 | U66: 3242 | V66: =100 -> 100 | W66: =E66*100/$D66 -> 95.613558 | X66: =F66*100/$D66 -> 87.429763 | Y66: =G66*100/$D66 -> 68.252674 | Z66: =H66*100/$D66 -> 67.844843 | AA66: =I66*100/$D66 -> 55.546493 | AB66: =J66*100/$D66 -> 43.49284 | AC66: =K66*100/$D66 -> 40.420518 | AD66: =L66*100/$D66 -> 40.556462 | ... AM66: =U66*100/$D66 -> 29.38191 | AN66: 1 | AO66: 1 | AP66: 1 | AQ66: 1 | AR66: 1 | AS66: 1 | AT66: 1 | AU66: 1 | AV66: 1 | AW66: 1 | AX66: 1 | AY66: 1 | AZ66: 1 | BA66: 1 | BB66: 1 | BC66: 1 | BD66: 6 | BE66: 7
C67: 10 - 49 | D67: 261 | E67: 265 | F67: 239 | G67: 225 | H67: 212 | I67: 125 | J67: 262 | K67: 216 | L67: 220 | M67: 249 | N67: 323 | O67: 285 | P67: 250 | Q67: 265 | R67: 246 | S67: 237 | T67: 215 | U67: 204 | V67: =100 -> 100 | W67: =E67*100/$D67 -> 101.53257 | X67: =F67*100/$D67 -> 91.570881 | Y67: =G67*100/$D67 -> 86.206897 | Z67: =H67*100/$D67 -> 81.226054 | AA67: =I67*100/$D67 -> 47.89272 | AB67: =J67*100/$D67 -> 100.38314 | AC67: =K67*100/$D67 -> 82.758621 | AD67: =L67*100/$D67 -> 84.291188 | ... AM67: =U67*100/$D67 -> 78.16092 | AN67: 1 | AO67: 4 | AP67: 4 | AQ67: 1 | AR67: 1 | AS67: 1 | AT67: 1 | AU67: 1 | AV67: 1 | AW67: 1 | AX67: 1 | AY67: 4 | AZ67: 1 | BA67: 1 | BB67: 1 | BC67: 1 | BD67: 6 | BE67: 7
C68: 50 - 249 | D68: 51 | E68: 65 | F68: 41 | G68: 26 | H68: 29 | I68: 25 | J68: 35 | K68: 31 | L68: 30 | M68: 27 | N68: 42 | O68: 39 | P68: 31 | Q68: 30 | R68: 30 | S68: 30 | T68: 27 | U68: 25 | V68: =100 -> 100 | W68: =E68*100/$D68 -> 127.45098 | X68: =F68*100/$D68 -> 80.392157 | Y68: =G68*100/$D68 -> 50.980392 | Z68: =H68*100/$D68 -> 56.862745 | AA68: =I68*100/$D68 -> 49.019608 | AB68: =J68*100/$D68 -> 68.627451 | AC68: =K68*100/$D68 -> 60.784314 | AD68: =L68*100/$D68 -> 58.823529 | ... AM68: =U68*100/$D68 -> 49.019608 | AN68: 1 | AO68: 1 | AP68: 1 | AQ68: 4 | AR68: 1 | AS68: 1 | AT68: 4 | AU68: 4 | AV68: 4 | AW68: 4 | AX68: 4 | AY68: 1 | AZ68: 4 | BA68: 1 | BB68: 1 | BC68: 1 | BD68: 6 | BE68: 7
C69: 250 + | D69: 3 | E69: 2 | F69: 2 | G69: 1 | H69: 0 | I69: 3 | J69: 3 | K69: 3 | L69: 3 | M69: 3 | N69: 3 | O69: 3 | P69: 3 | Q69: 2 | R69: 3 | S69: 3 | T69: 3 | U69: 3 | V69: =100 -> 100 | W69: =E69*100/$D69 -> 66.666667 | X69: =F69*100/$D69 -> 66.666667 | Y69: =G69*100/$D69 -> 33.333333 | Z69: =H69*100/$D69 -> 0 | AA69: =I69*100/$D69 -> 100 | AB69: =J69*100/$D69 -> 100 | AC69: =K69*100/$D69 -> 100 | AD69: =L69*100/$D69 -> 100 | ... AM69: =U69*100/$D69 -> 100 | AN69: 1 | AO69: 4 | AP69: 4 | AQ69: 4 | AR69: 1 | AS69: 1 | AT69: 4 | AU69: 4 | AV69: 4 | AW69: 4 | AX69: 4 | AY69: 4 | AZ69: 4 | BA69: 4 | BB69: 1 | BC69: 1 | BD69: 6 | BE69: 7
C70: Total | D70: 11349 | E70: 10882 | F70: 9929 | G70: 7783 | H70: 7727 | I70: 6282 | J70: 5099 | K70: 4710 | L70: 4728 | M70: 3897 | N70: 3870 | O70: 3769 | P70: 3560 | Q70: 3497 | R70: 3486 | S70: 3392 | T70: 3418 | U70: 3474 | V70: =100 -> 100 | W70: =E70*100/$D70 -> 95.8851 | X70: =F70*100/$D70 -> 87.487884 | Y70: =G70*100/$D70 -> 68.578729 | Z70: =H70*100/$D70 -> 68.085294 | AA70: =I70*100/$D70 -> 55.352895 | AB70: =J70*100/$D70 -> 44.929069 | AC70: =K70*100/$D70 -> 41.501454 | AD70: =L70*100/$D70 -> 41.660058 | ... AM70: =U70*100/$D70 -> 30.610626
C71: All SMEs | D71: 11346 | E71: 10880 | F71: 9927 | G71: 7782 | H71: 7727 | I71: 6279 | J71: 5096 | K71: 4707 | L71: 4725 | M71: 3894 | N71: 3867 | O71: 3766 | P71: 3557 | Q71: 3495 | R71: 3483 | S71: 3389 | T71: 3415 | U71: 3471 | V71: =100 -> 100 | W71: =E71*100/$D71 -> 95.892826 | X71: =F71*100/$D71 -> 87.49339 | Y71: =G71*100/$D71 -> 68.588049 | Z71: =H71*100/$D71 -> 68.103296 | AA71: =I71*100/$D71 -> 55.341089 | AB71: =J71*100/$D71 -> 44.914507 | AC71: =K71*100/$D71 -> 41.485986 | AD71: =L71*100/$D71 -> 41.644632 | ... AM71: =U71*100/$D71 -> 30.592279
B72: C15: Manufacture of leather and related products | C72: 0 - 9 | D72: 1347 | E72: 1316 | F72: 1231 | G72: 999 | H72: 786 | I72: 1019 | J72: 778 | K72: 743 | L72: 739 | M72: 662 | N72: 671 | O72: 677 | P72: 641 | Q72: 627 | R72: 614 | S72: 596 | T72: 606 | U72: 619 | V72: =100 -> 100 | W72: =E72*100/$D72 -> 97.698589 | X72: =F72*100/$D72 -> 91.38827 | Y72: =G72*100/$D72 -> 74.164811 | Z72: =H72*100/$D72 -> 58.351893 | AA72: =I72*100/$D72 -> 75.649592 | AB72: =J72*100/$D72 -> 57.757981 | AC72: =K72*100/$D72 -> 55.159614 | AD72: =L72*100/$D72 -> 54.862658 | ... AM72: =U72*100/$D72 -> 45.953972 | AN72: 1 | AO72: 1 | AP72: 1 | AQ72: 1 | AR72: 1 | AS72: 1 | AT72: 1 | AU72: 1 | AV72: 1 | AW72: 1 | AX72: 1 | AY72: 1 | AZ72: 1 | BA72: 1 | BB72: 1 | BC72: 1 | BD72: 6 | BE72: 7
C73: 10 - 49 | D73: 53 | E73: 56 | F73: 42 | G73: 35 | H73: 34 | I73: 26 | J73: 52 | K73: 42 | L73: 40 | M73: 44 | N73: 54 | O73: 51 | P73: 44 | Q73: 45 | R73: 40 | S73: 39 | T73: 35 | U73: 33 | V73: =100 -> 100 | W73: =E73*100/$D73 -> 105.66038 | X73: =F73*100/$D73 -> 79.245283 | Y73: =G73*100/$D73 -> 66.037736 | Z73: =H73*100/$D73 -> 64.150943 | AA73: =I73*100/$D73 -> 49.056604 | AB73: =J73*100/$D73 -> 98.113208 | AC73: =K73*100/$D73 -> 79.245283 | AD73: =L73*100/$D73 -> 75.471698 | ... AM73: =U73*100/$D73 -> 62.264151 | AN73: 1 | AO73: 4 | AP73: 1 | AQ73: 1 | AR73: 1 | AS73: 1 | AT73: 1 | AU73: 1 | AV73: 1 | AW73: 1 | AX73: 1 | AY73: 1 | AZ73: 1 | BA73: 1 | BB73: 1 | BC73: 1 | BD73: 6 | BE73: 7
C74: 50 - 249 | D74: 7 | E74: 8 | F74: 7 | G74: 4 | H74: 5 | I74: 4 | J74: 7 | K74: 8 | L74: 8 | M74: 9 | N74: 9 | O74: 9 | P74: 9 | Q74: 8 | R74: 7 | S74: 7 | T74: 6 | U74: 6 | V74: =100 -> 100 | W74: =E74*100/$D74 -> 114.28571 | X74: =F74*100/$D74 -> 100 | Y74: =G74*100/$D74 -> 57.142857 | Z74: =H74*100/$D74 -> 71.428571 | AA74: =I74*100/$D74 -> 57.142857 | AB74: =J74*100/$D74 -> 100 | AC74: =K74*100/$D74 -> 114.28571 | AD74: =L74*100/$D74 -> 114.28571 | ... AM74: =U74*100/$D74 -> 85.714286 | AN74: 4 | AO74: 4 | AP74: 1 | AQ74: 1 | AR74: 1 | AS74: 1 | AT74: 1 | AU74: 1 | AV74: 1 | AW74: 1 | AX74: 1 | AY74: 1 | AZ74: 1 | BA74: 1 | BB74: 1 | BC74: 1 | BD74: 6 | BE74: 7
C75: 250 + | D75: 1 | E75: 0 | F75: 0 | G75: 0 | H75: 0 | I75: 0 | J75: 0 | K75: 0 | L75: 0 | M75: 0 | N75: 0 | O75: 0 | P75: 0 | Q75: 0 | R75: 0 | S75: 0 | T75: 0 | U75: 0 | V75: =100 -> 100 | W75: =E75*100/$D75 -> 0 | X75: =F75*100/$D75 -> 0 | Y75: =G75*100/$D75 -> 0 | Z75: =H75*100/$D75 -> 0 | AA75: =I75*100/$D75 -> 0 | AB75: =J75*100/$D75 -> 0 | AC75: =K75*100/$D75 -> 0 | AD75: =L75*100/$D75 -> 0 | ... AM75: =U75*100/$D75 -> 0 | AN75: 4 | AO75: 4 | AP75: 1 | AQ75: 4 | AR75: 1 | AS75: 1 | AT75: 1 | AU75: 1 | AV75: 1 | AW75: 1 | AX75: 1 | AY75: 1 | AZ75: 1 | BA75: 1 | BB75: 1 | BC75: 1 | BD75: 6 | BE75: 7
C76: Total | D76: 1408 | E76: 1380 | F76: 1280 | G76: 1038 | H76: 825 | I76: 1049 | J76: 837 | K76: 793 | L76: 787 | M76: 715 | N76: 734 | O76: 737 | P76: 694 | Q76: 680 | R76: 661 | S76: 642 | T76: 647 | U76: 658 | V76: =100 -> 100 | W76: =E76*100/$D76 -> 98.011364 | X76: =F76*100/$D76 -> 90.909091 | Y76: =G76*100/$D76 -> 73.721591 | Z76: =H76*100/$D76 -> 58.59375 | AA76: =I76*100/$D76 -> 74.502841 | AB76: =J76*100/$D76 -> 59.446023 | AC76: =K76*100/$D76 -> 56.321023 | AD76: =L76*100/$D76 -> 55.894886 | ... AM76: =U76*100/$D76 -> 46.732955
C77: All SMEs | D77: 1407 | E77: 1380 | F77: 1280 | G77: 1038 | H77: 825 | I77: 1049 | J77: 837 | K77: 793 | L77: 787 | M77: 715 | N77: 734 | O77: 737 | P77: 694 | Q77: 680 | R77: 661 | S77: 642 | T77: 647 | U77: 658 | V77: =100 -> 100 | W77: =E77*100/$D77 -> 98.081023 | X77: =F77*100/$D77 -> 90.973703 | Y77: =G77*100/$D77 -> 73.773987 | Z77: =H77*100/$D77 -> 58.635394 | AA77: =I77*100/$D77 -> 74.555792 | AB77: =J77*100/$D77 -> 59.488273 | AC77: =K77*100/$D77 -> 56.361052 | AD77: =L77*100/$D77 -> 55.934613 | ... AM77: =U77*100/$D77 -> 46.766169
B78: C16: Manufacture of wood and of products of wood and cork, except furniture; manufacture of articles of straw and plaiting materials | C78: 0 - 9 | D78: 5837 | E78: 6301 | F78: 5902 | G78: 5506 | H78: 4812 | I78: 3109 | J78: 3086 | K78: 2898 | L78: 3015 | M78: 2347 | N78: 2241 | O78: 2231 | P78: 2178 | Q78: 2140 | R78: 2156 | S78: 2131 | T78: 2166 | U78: 2213 | V78: =100 -> 100 | W78: =E78*100/$D78 -> 107.94929 | X78: =F78*100/$D78 -> 101.11359 | Y78: =G78*100/$D78 -> 94.329279 | Z78: =H78*100/$D78 -> 82.439609 | AA78: =I78*100/$D78 -> 53.263663 | AB78: =J78*100/$D78 -> 52.869625 | AC78: =K78*100/$D78 -> 49.648792 | AD78: =L78*100/$D78 -> 51.653247 | ... AM78: =U78*100/$D78 -> 37.913312 | AN78: 1 | AO78: 1 | AP78: 1 | AQ78: 1 | AR78: 1 | AS78: 1 | AT78: 1 | AU78: 1 | AV78: 1 | AW78: 1 | AX78: 1 | AY78: 1 | AZ78: 1 | BA78: 1 | BB78: 1 | BC78: 1 | BD78: 6 | BE78: 7
C79: 10 - 49 | D79: 90 | E79: 113 | F79: 99 | G79: 91 | H79: 88 | I79: 57 | J79: 90 | K79: 75 | L79: 94 | M79: 94 | N79: 111 | O79: 112 | P79: 103 | Q79: 120 | R79: 134 | S79: 134 | T79: 121 | U79: 115 | V79: =100 -> 100 | W79: =E79*100/$D79 -> 125.55556 | X79: =F79*100/$D79 -> 110 | Y79: =G79*100/$D79 -> 101.11111 | Z79: =H79*100/$D79 -> 97.777778 | AA79: =I79*100/$D79 -> 63.333333 | AB79: =J79*100/$D79 -> 100 | AC79: =K79*100/$D79 -> 83.333333 | AD79: =L79*100/$D79 -> 104.44444 | ... AM79: =U79*100/$D79 -> 127.77778 | AN79: 1 | AO79: 4 | AP79: 1 | AQ79: 1 | AR79: 4 | AS79: 4 | AT79: 4 | AU79: 4 | AV79: 1 | AW79: 4 | AX79: 4 | AY79: 1 | AZ79: 1 | BA79: 1 | BB79: 4 | BC79: 4 | BD79: 6 | BE79: 7
C80: 50 - 249 | D80: 8 | E80: 10 | F80: 7 | G80: 5 | H80: 6 | I80: 3 | J80: 6 | K80: 5 | L80: 6 | M80: 7 | N80: 8 | O80: 9 | P80: 10 | Q80: 10 | R80: 13 | S80: 12 | T80: 10 | U80: 9 | V80: =100 -> 100 | W80: =E80*100/$D80 -> 125 | X80: =F80*100/$D80 -> 87.5 | Y80: =G80*100/$D80 -> 62.5 | Z80: =H80*100/$D80 -> 75 | AA80: =I80*100/$D80 -> 37.5 | AB80: =J80*100/$D80 -> 75 | AC80: =K80*100/$D80 -> 62.5 | AD80: =L80*100/$D80 -> 75 | ... AM80: =U80*100/$D80 -> 112.5 | AN80: 1 | AO80: 1 | AP80: 1 | AQ80: 1 | AR80: 4 | AS80: 4 | AT80: 4 | AU80: 4 | AV80: 1 | AW80: 4 | AX80: 4 | AY80: 1 | AZ80: 1 | BA80: 1 | BB80: 4 | BC80: 4 | BD80: 6 | BE80: 7
C81: 250 + | D81: 3 | E81: 3 | F81: 3 | G81: 3 | H81: 2 | I81: 2 | J81: 1 | K81: 0 | L81: 0 | M81: 0 | N81: 0 | O81: 0 | P81: 0 | Q81: 0 | R81: 0 | S81: 0 | T81: 0 | U81: 0 | V81: =100 -> 100 | W81: =E81*100/$D81 -> 100 | X81: =F81*100/$D81 -> 100 | Y81: =G81*100/$D81 -> 100 | Z81: =H81*100/$D81 -> 66.666667 | AA81: =I81*100/$D81 -> 66.666667 | AB81: =J81*100/$D81 -> 33.333333 | AC81: =K81*100/$D81 -> 0 | AD81: =L81*100/$D81 -> 0 | ... AM81: =U81*100/$D81 -> 0 | AN81: 1 | AO81: 4 | AP81: 1 | AQ81: 1 | AR81: 4 | AS81: 4 | AT81: 4 | AU81: 4 | AV81: 1 | AW81: 4 | AX81: 4 | AY81: 1 | AZ81: 1 | BA81: 1 | BB81: 4 | BC81: 4 | BD81: 6 | BE81: 7
C82: Total | D82: 5938 | E82: 6427 | F82: 6011 | G82: 5605 | H82: 4908 | I82: 3171 | J82: 3183 | K82: 2978 | L82: 3115 | M82: 2448 | N82: 2360 | O82: 2352 | P82: 2291 | Q82: 2270 | R82: 2303 | S82: 2277 | T82: 2297 | U82: 2337 | V82: =100 -> 100 | W82: =E82*100/$D82 -> 108.2351 | X82: =F82*100/$D82 -> 101.22937 | Y82: =G82*100/$D82 -> 94.392051 | Z82: =H82*100/$D82 -> 82.654092 | AA82: =I82*100/$D82 -> 53.401819 | AB82: =J82*100/$D82 -> 53.603907 | AC82: =K82*100/$D82 -> 50.151566 | AD82: =L82*100/$D82 -> 52.45874 | ... AM82: =U82*100/$D82 -> 39.356686
C83: All SMEs | D83: 5935 | E83: 6424 | F83: 6008 | G83: 5602 | H83: 4906 | I83: 3169 | J83: 3182 | K83: 2978 | L83: 3115 | M83: 2448 | N83: 2360 | O83: 2352 | P83: 2291 | Q83: 2270 | R83: 2303 | S83: 2277 | T83: 2297 | U83: 2337 | V83: =100 -> 100 | W83: =E83*100/$D83 -> 108.23926 | X83: =F83*100/$D83 -> 101.22999 | Y83: =G83*100/$D83 -> 94.389217 | Z83: =H83*100/$D83 -> 82.662174 | AA83: =I83*100/$D83 -> 53.395114 | AB83: =J83*100/$D83 -> 53.614153 | AC83: =K83*100/$D83 -> 50.176917 | AD83: =L83*100/$D83 -> 52.485257 | ... AM83: =U83*100/$D83 -> 39.37658
B84: C17: Manufacture of paper and paper products | C84: 0 - 9 | D84: 768 | E84: 739 | F84: 705 | G84: 642 | H84: 637 | I84: 529 | J84: 536 | K84: 540 | L84: 521 | M84: 482 | N84: 474 | O84: 460 | P84: 454 | Q84: 443 | R84: 441 | S84: 438 | T84: 445 | U84: 455 | V84: =100 -> 100 | W84: =E84*100/$D84 -> 96.223958 | X84: =F84*100/$D84 -> 91.796875 | Y84: =G84*100/$D84 -> 83.59375 | Z84: =H84*100/$D84 -> 82.942708 | AA84: =I84*100/$D84 -> 68.880208 | AB84: =J84*100/$D84 -> 69.791667 | AC84: =K84*100/$D84 -> 70.3125 | AD84: =L84*100/$D84 -> 67.838542 | ... AM84: =U84*100/$D84 -> 59.244792 | AN84: 1 | AO84: 1 | AP84: 1 | AQ84: 1 | AR84: 1 | AS84: 1 | AT84: 1 | AU84: 1 | AV84: 1 | AW84: 1 | AX84: 1 | AY84: 1 | AZ84: 1 | BA84: 1 | BB84: 1 | BC84: 1 | BD84: 6 | BE84: 7
C85: 10 - 49 | D85: 75 | E85: 87 | F85: 87 | G85: 84 | H85: 79 | I85: 73 | J85: 114 | K85: 103 | L85: 85 | M85: 98 | N85: 108 | O85: 114 | P85: 109 | Q85: 110 | R85: 110 | S85: 111 | T85: 101 | U85: 96 | V85: =100 -> 100 | W85: =E85*100/$D85 -> 116 | X85: =F85*100/$D85 -> 116 | Y85: =G85*100/$D85 -> 112 | Z85: =H85*100/$D85 -> 105.33333 | AA85: =I85*100/$D85 -> 97.333333 | AB85: =J85*100/$D85 -> 152 | AC85: =K85*100/$D85 -> 137.33333 | AD85: =L85*100/$D85 -> 113.33333 | ... AM85: =U85*100/$D85 -> 128 | AN85: 1 | AO85: 1 | AP85: 1 | AQ85: 1 | AR85: 1 | AS85: 1 | AT85: 1 | AU85: 1 | AV85: 1 | AW85: 1 | AX85: 1 | AY85: 1 | AZ85: 1 | BA85: 1 | BB85: 1 | BC85: 1 | BD85: 6 | BE85: 7
C86: 50 - 249 | D86: 28 | E86: 33 | F86: 27 | G86: 25 | H86: 29 | I86: 28 | J86: 28 | K86: 27 | L86: 31 | M86: 31 | N86: 32 | O86: 35 | P86: 33 | Q86: 39 | R86: 38 | S86: 36 | T86: 31 | U86: 29 | V86: =100 -> 100 | W86: =E86*100/$D86 -> 117.85714 | X86: =F86*100/$D86 -> 96.428571 | Y86: =G86*100/$D86 -> 89.285714 | Z86: =H86*100/$D86 -> 103.57143 | AA86: =I86*100/$D86 -> 100 | AB86: =J86*100/$D86 -> 100 | AC86: =K86*100/$D86 -> 96.428571 | AD86: =L86*100/$D86 -> 110.71429 | ... AM86: =U86*100/$D86 -> 103.57143 | AN86: 1 | AO86: 1 | AP86: 1 | AQ86: 1 | AR86: 1 | AS86: 4 | AT86: 4 | AU86: 4 | AV86: 4 | AW86: 4 | AX86: 1 | AY86: 1 | AZ86: 1 | BA86: 1 | BB86: 1 | BC86: 1 | BD86: 6 | BE86: 7
C87: 250 + | D87: 7 | E87: 5 | F87: 3 | G87: 3 | H87: 3 | I87: 3 | J87: 3 | K87: 3 | L87: 3 | M87: 3 | N87: 4 | O87: 3 | P87: 4 | Q87: 3 | R87: 6 | S87: 5 | T87: 5 | U87: 4 | V87: =100 -> 100 | W87: =E87*100/$D87 -> 71.428571 | X87: =F87*100/$D87 -> 42.857143 | Y87: =G87*100/$D87 -> 42.857143 | Z87: =H87*100/$D87 -> 42.857143 | AA87: =I87*100/$D87 -> 42.857143 | AB87: =J87*100/$D87 -> 42.857143 | AC87: =K87*100/$D87 -> 42.857143 | AD87: =L87*100/$D87 -> 42.857143 | ... AM87: =U87*100/$D87 -> 57.142857 | AN87: 1 | AO87: 1 | AP87: 1 | AQ87: 1 | AR87: 1 | AS87: 4 | AT87: 4 | AU87: 4 | AV87: 4 | AW87: 4 | AX87: 1 | AY87: 1 | AZ87: 1 | BA87: 1 | BB87: 1 | BC87: 1 | BD87: 6 | BE87: 7
C88: Total | D88: 878 | E88: 864 | F88: 822 | G88: 754 | H88: 748 | I88: 633 | J88: 681 | K88: 673 | L88: 640 | M88: 614 | N88: 618 | O88: 612 | P88: 600 | Q88: 595 | R88: 595 | S88: 590 | T88: 582 | U88: 584 | V88: =100 -> 100 | W88: =E88*100/$D88 -> 98.405467 | X88: =F88*100/$D88 -> 93.621868 | Y88: =G88*100/$D88 -> 85.876993 | Z88: =H88*100/$D88 -> 85.193622 | AA88: =I88*100/$D88 -> 72.095672 | AB88: =J88*100/$D88 -> 77.562642 | AC88: =K88*100/$D88 -> 76.651481 | AD88: =L88*100/$D88 -> 72.892938 | ... AM88: =U88*100/$D88 -> 66.514806
C89: All SMEs | D89: 871 | E89: 859 | F89: 819 | G89: 751 | H89: 745 | I89: 630 | J89: 678 | K89: 670 | L89: 637 | M89: 611 | N89: 614 | O89: 609 | P89: 596 | Q89: 592 | R89: 589 | S89: 585 | T89: 577 | U89: 580 | V89: =100 -> 100 | W89: =E89*100/$D89 -> 98.622273 | X89: =F89*100/$D89 -> 94.029851 | Y89: =G89*100/$D89 -> 86.222732 | Z89: =H89*100/$D89 -> 85.533869 | AA89: =I89*100/$D89 -> 72.330654 | AB89: =J89*100/$D89 -> 77.841561 | AC89: =K89*100/$D89 -> 76.923077 | AD89: =L89*100/$D89 -> 73.134328 | ... AM89: =U89*100/$D89 -> 66.590126
B90: C18: Printing and reproduction of recorded media | C90: 0 - 9 | D90: 3230 | E90: 3293 | F90: 3168 | G90: 2948 | H90: 2354 | I90: 2311 | J90: 2850 | K90: 2688 | L90: 2564 | M90: 2439 | N90: 2443 | O90: 2465 | P90: 2466 | Q90: 2553 | R90: 2692 | S90: 2742 | T90: 2787 | U90: 2848 | V90: =100 -> 100 | W90: =E90*100/$D90 -> 101.95046 | X90: =F90*100/$D90 -> 98.080495 | Y90: =G90*100/$D90 -> 91.26935 | Z90: =H90*100/$D90 -> 72.879257 | AA90: =I90*100/$D90 -> 71.547988 | AB90: =J90*100/$D90 -> 88.235294 | AC90: =K90*100/$D90 -> 83.219814 | AD90: =L90*100/$D90 -> 79.380805 | ... AM90: =U90*100/$D90 -> 88.173375 | AN90: 1 | AO90: 1 | AP90: 1 | AQ90: 1 | AR90: 1 | AS90: 1 | AT90: 1 | AU90: 1 | AV90: 1 | AW90: 1 | AX90: 1 | AY90: 1 | AZ90: 1 | BA90: 1 | BB90: 1 | BC90: 1 | BD90: 6 | BE90: 7
C91: 10 - 49 | D91: 140 | E91: 145 | F91: 156 | G91: 147 | H91: 142 | I91: 94 | J91: 139 | K91: 125 | L91: 134 | M91: 136 | N91: 160 | O91: 167 | P91: 156 | Q91: 161 | R91: 174 | S91: 173 | T91: 157 | U91: 149 | V91: =100 -> 100 | W91: =E91*100/$D91 -> 103.57143 | X91: =F91*100/$D91 -> 111.42857 | Y91: =G91*100/$D91 -> 105 | Z91: =H91*100/$D91 -> 101.42857 | AA91: =I91*100/$D91 -> 67.142857 | AB91: =J91*100/$D91 -> 99.285714 | AC91: =K91*100/$D91 -> 89.285714 | AD91: =L91*100/$D91 -> 95.714286 | ... AM91: =U91*100/$D91 -> 106.42857 | AN91: 1 | AO91: 4 | AP91: 1 | AQ91: 1 | AR91: 4 | AS91: 4 | AT91: 4 | AU91: 4 | AV91: 4 | AW91: 4 | AX91: 1 | AY91: 4 | AZ91: 4 | BA91: 2 | BB91: 4 | BC91: 4 | BD91: 6 | BE91: 7
C92: 50 - 249 | D92: 22 | E92: 22 | F92: 21 | G92: 15 | H92: 15 | I92: 9 | J92: 14 | K92: 13 | L92: 14 | M92: 14 | N92: 16 | O92: 14 | P92: 13 | Q92: 14 | R92: 17 | S92: 20 | T92: 17 | U92: 16 | V92: =100 -> 100 | W92: =E92*100/$D92 -> 100 | X92: =F92*100/$D92 -> 95.454545 | Y92: =G92*100/$D92 -> 68.181818 | Z92: =H92*100/$D92 -> 68.181818 | AA92: =I92*100/$D92 -> 40.909091 | AB92: =J92*100/$D92 -> 63.636364 | AC92: =K92*100/$D92 -> 59.090909 | AD92: =L92*100/$D92 -> 63.636364 | ... AM92: =U92*100/$D92 -> 72.727273 | AN92: 4 | AO92: 1 | AP92: 1 | AQ92: 1 | AR92: 4 | AS92: 4 | AT92: 4 | AU92: 4 | AV92: 4 | AW92: 4 | AX92: 1 | AY92: 1 | AZ92: 4 | BA92: 1 | BB92: 1 | BC92: 4 | BD92: 6 | BE92: 7
C93: 250 + | D93: 1 | E93: 2 | F93: 3 | G93: 3 | H93: 2 | I93: 2 | J93: 2 | K93: 1 | L93: 1 | M93: 0 | N93: 0 | O93: 0 | P93: 0 | Q93: 0 | R93: 0 | S93: 0 | T93: 0 | U93: 0 | V93: =100 -> 100 | W93: =E93*100/$D93 -> 200 | X93: =F93*100/$D93 -> 300 | Y93: =G93*100/$D93 -> 300 | Z93: =H93*100/$D93 -> 200 | AA93: =I93*100/$D93 -> 200 | AB93: =J93*100/$D93 -> 200 | AC93: =K93*100/$D93 -> 100 | AD93: =L93*100/$D93 -> 100 | ... AM93: =U93*100/$D93 -> 0 | AN93: 4 | AO93: 4 | AP93: 1 | AQ93: 1 | AR93: 4 | AS93: 4 | AT93: 4 | AU93: 4 | AV93: 4 | AW93: 4 | AX93: 1 | AY93: 4 | AZ93: 4 | BA93: 4 | BB93: 4 | BC93: 4 | BD93: 6 | BE93: 7
C94: Total | D94: 3393 | E94: 3462 | F94: 3348 | G94: 3113 | H94: 2513 | I94: 2416 | J94: 3005 | K94: 2827 | L94: 2713 | M94: 2589 | N94: 2619 | O94: 2646 | P94: 2635 | Q94: 2728 | R94: 2883 | S94: 2935 | T94: 2961 | U94: 3013 | V94: =100 -> 100 | W94: =E94*100/$D94 -> 102.0336 | X94: =F94*100/$D94 -> 98.67374 | Y94: =G94*100/$D94 -> 91.747716 | Z94: =H94*100/$D94 -> 74.06425 | AA94: =I94*100/$D94 -> 71.205423 | AB94: =J94*100/$D94 -> 88.564692 | AC94: =K94*100/$D94 -> 83.318597 | AD94: =L94*100/$D94 -> 79.958739 | ... AM94: =U94*100/$D94 -> 88.800472
C95: All SMEs | D95: 3392 | E95: 3460 | F95: 3345 | G95: 3110 | H95: 2511 | I95: 2414 | J95: 3003 | K95: 2826 | L95: 2712 | M95: 2589 | N95: 2619 | O95: 2646 | P95: 2635 | Q95: 2728 | R95: 2883 | S95: 2935 | T95: 2961 | U95: 3013 | V95: =100 -> 100 | W95: =E95*100/$D95 -> 102.00472 | X95: =F95*100/$D95 -> 98.614387 | Y95: =G95*100/$D95 -> 91.686321 | Z95: =H95*100/$D95 -> 74.027123 | AA95: =I95*100/$D95 -> 71.167453 | AB95: =J95*100/$D95 -> 88.53184 | AC95: =K95*100/$D95 -> 83.313679 | AD95: =L95*100/$D95 -> 79.95283 | ... AM95: =U95*100/$D95 -> 88.826651
B96: C19: Manufacture of coke and refined petroleum products | C96: 0 - 9 | D96: 0 | E96: 0 | F96: 0 | G96: 59 | H96: 46 | I96: 40 | J96: 41 | K96: 34 | L96: 35 | M96: 30 | N96: 32 | O96: 29 | P96: 31 | Q96: 32 | R96: 28 | S96: 27 | T96: 28 | U96: 29 | V96: =100 -> 100 | W96: =E96*100/$D96 -> #DIV/0! | X96: =F96*100/$D96 -> #DIV/0! | Y96: =G96*100/$D96 -> #DIV/0! | Z96: =H96*100/$D96 -> #DIV/0! | AA96: =I96*100/$D96 -> #DIV/0! | AB96: =J96*100/$D96 -> #DIV/0! | AC96: =K96*100/$D96 -> #DIV/0! | AD96: =L96*100/$D96 -> #DIV/0! | ... AM96: =U96*100/$D96 -> #DIV/0! | AN96: 4 | AO96: 4 | AP96: 1 | AQ96: 1 | AR96: 1 | AS96: 1 | AT96: 1 | AU96: 1 | AV96: 1 | AW96: 1 | AX96: 1 | AY96: 1 | AZ96: 1 | BA96: 1 | BB96: 1 | BC96: 1 | BD96: 6 | BE96: 7
C97: 10 - 49 | D97: 4 | E97: 4 | F97: 4 | G97: 5 | H97: 6 | I97: 5 | J97: 3 | K97: 3 | L97: 3 | M97: 5 | N97: 2 | O97: 3 | P97: 3 | Q97: 3 | R97: 4 | S97: 2 | T97: 2 | U97: 2 | V97: =100 -> 100 | W97: =E97*100/$D97 -> 100 | X97: =F97*100/$D97 -> 100 | Y97: =G97*100/$D97 -> 125 | Z97: =H97*100/$D97 -> 150 | AA97: =I97*100/$D97 -> 125 | AB97: =J97*100/$D97 -> 75 | AC97: =K97*100/$D97 -> 75 | AD97: =L97*100/$D97 -> 75 | ... AM97: =U97*100/$D97 -> 50 | AN97: 4 | AO97: 4 | AP97: 1 | AQ97: 4 | AR97: 1 | AS97: 1 | AT97: 1 | AU97: 4 | AV97: 4 | AW97: 4 | AX97: 4 | AY97: 4 | AZ97: 4 | BA97: 2 | BB97: 4 | BC97: 4 | BD97: 6 | BE97: 7
C98: 50 - 249 | D98: 0 | E98: 0 | F98: 0 | G98: 0 | H98: 0 | I98: 0 | J98: 0 | K98: 0 | L98: 0 | M98: 0 | N98: 0 | O98: 0 | P98: 0 | Q98: 0 | R98: 0 | S98: 0 | T98: 0 | U98: 0 | V98: =100 -> 100 | W98: =E98*100/$D98 -> #DIV/0! | X98: =F98*100/$D98 -> #DIV/0! | Y98: =G98*100/$D98 -> #DIV/0! | Z98: =H98*100/$D98 -> #DIV/0! | AA98: =I98*100/$D98 -> #DIV/0! | AB98: =J98*100/$D98 -> #DIV/0! | AC98: =K98*100/$D98 -> #DIV/0! | AD98: =L98*100/$D98 -> #DIV/0! | ... AM98: =U98*100/$D98 -> #DIV/0! | AN98: 4 | AO98: 4 | AP98: 1 | AQ98: 4 | AR98: 1 | AS98: 1 | AT98: 1 | AU98: 4 | AV98: 4 | AW98: 4 | AX98: 1 | AY98: 1 | AZ98: 1 | BA98: 1 | BB98: 1 | BC98: 4 | BD98: 6 | BE98: 7
C99: 250 + | D99: 3 | E99: 3 | F99: 3 | G99: 3 | H99: 3 | I99: 3 | J99: 3 | K99: 3 | L99: 3 | M99: 3 | N99: 3 | O99: 3 | P99: 3 | Q99: 3 | R99: 4 | S99: 4 | T99: 4 | U99: 3 | V99: =100 -> 100 | W99: =E99*100/$D99 -> 100 | X99: =F99*100/$D99 -> 100 | Y99: =G99*100/$D99 -> 100 | Z99: =H99*100/$D99 -> 100 | AA99: =I99*100/$D99 -> 100 | AB99: =J99*100/$D99 -> 100 | AC99: =K99*100/$D99 -> 100 | AD99: =L99*100/$D99 -> 100 | ... AM99: =U99*100/$D99 -> 100 | AN99: 1 | AO99: 4 | AP99: 1 | AQ99: 1 | AR99: 1 | AS99: 1 | AT99: 1 | AU99: 4 | AV99: 4 | AW99: 4 | AX99: 4 | AY99: 4 | AZ99: 4 | BA99: 4 | BB99: 4 | BC99: 4 | BD99: 6 | BE99: 7
C100: Total | D100: 7 | E100: 7 | F100: 7 | G100: 67 | H100: 55 | I100: 48 | J100: 47 | K100: 40 | L100: 41 | M100: 38 | N100: 37 | O100: 35 | P100: 37 | Q100: 38 | R100: 36 | S100: 33 | T100: 34 | U100: 34 | V100: =100 -> 100 | W100: =E100*100/$D100 -> 100 | X100: =F100*100/$D100 -> 100 | Y100: =G100*100/$D100 -> 957.14286 | Z100: =H100*100/$D100 -> 785.71429 | AA100: =I100*100/$D100 -> 685.71429 | AB100: =J100*100/$D100 -> 671.42857 | AC100: =K100*100/$D100 -> 571.42857 | AD100: =L100*100/$D100 -> 585.71429 | ... AM100: =U100*100/$D100 -> 485.71429
C101: All SMEs | D101: 4 | E101: 4 | F101: 4 | G101: 64 | H101: 52 | I101: 45 | J101: 44 | K101: 37 | L101: 38 | M101: 35 | N101: 34 | O101: 32 | P101: 34 | Q101: 35 | R101: 32 | S101: 29 | T101: 30 | U101: 31 | V101: =100 -> 100 | W101: =E101*100/$D101 -> 100 | X101: =F101*100/$D101 -> 100 | Y101: =G101*100/$D101 -> 1600 | Z101: =H101*100/$D101 -> 1300 | AA101: =I101*100/$D101 -> 1125 | AB101: =J101*100/$D101 -> 1100 | AC101: =K101*100/$D101 -> 925 | AD101: =L101*100/$D101 -> 950 | ... AM101: =U101*100/$D101 -> 775
B102: C20: Manufacture of chemicals and chemical products | C102: 0 - 9 | D102: 744 | E102: 719 | F102: 696 | G102: 664 | H102: 640 | I102: 535 | J102: 839 | K102: 827 | L102: 830 | M102: 770 | N102: 771 | O102: 787 | P102: 784 | Q102: 774 | R102: 801 | S102: 804 | T102: 817 | U102: 835 | V102: =100 -> 100 | W102: =E102*100/$D102 -> 96.639785 | X102: =F102*100/$D102 -> 93.548387 | Y102: =G102*100/$D102 -> 89.247312 | Z102: =H102*100/$D102 -> 86.021505 | AA102: =I102*100/$D102 -> 71.908602 | AB102: =J102*100/$D102 -> 112.76882 | AC102: =K102*100/$D102 -> 111.15591 | AD102: =L102*100/$D102 -> 111.55914 | ... AM102: =U102*100/$D102 -> 112.23118 | AN102: 1 | AO102: 1 | AP102: 1 | AQ102: 1 | AR102: 1 | AS102: 1 | AT102: 1 | AU102: 1 | AV102: 1 | AW102: 1 | AX102: 1 | AY102: 1 | AZ102: 1 | BA102: 1 | BB102: 1 | BC102: 1 | BD102: 6 | BE102: 7
C103: 10 - 49 | D103: 107 | E103: 110 | F103: 105 | G103: 96 | H103: 92 | I103: 91 | J103: 127 | K103: 111 | L103: 100 | M103: 115 | N103: 124 | O103: 121 | P103: 126 | Q103: 124 | R103: 127 | S103: 132 | T103: 119 | U103: 113 | V103: =100 -> 100 | W103: =E103*100/$D103 -> 102.80374 | X103: =F103*100/$D103 -> 98.130841 | Y103: =G103*100/$D103 -> 89.719626 | Z103: =H103*100/$D103 -> 85.981308 | AA103: =I103*100/$D103 -> 85.046729 | AB103: =J103*100/$D103 -> 118.69159 | AC103: =K103*100/$D103 -> 103.73832 | AD103: =L103*100/$D103 -> 93.457944 | ... AM103: =U103*100/$D103 -> 105.60748 | AN103: 1 | AO103: 1 | AP103: 1 | AQ103: 1 | AR103: 1 | AS103: 4 | AT103: 1 | AU103: 1 | AV103: 4 | AW103: 1 | AX103: 1 | AY103: 1 | AZ103: 1 | BA103: 1 | BB103: 1 | BC103: 1 | BD103: 6 | BE103: 7
...

Sheet EMP 1DGT
A1: This sheet contains data on the number of enterprises by section (1-digit industry level) and size class.
B3: Number of persons employed | S3: 2023 | T3: 2024 | U3: 2025
B4: =Translateupd!B7 -> Greece | S4: =(S11/R11-1)*100 -> 6.12449 | T4: =(T11/S11-1)*100 -> 6.4589236 | U4: =(U11/T11-1)*100 -> 10.26757 | V4: The table below shows the relative development for each section and size-class from 2008 onwards. | AN4: The table below provides additional information on the source of a specific data points.
B5: Unit: Number | F5: Eurostat SBS database | S5: =(S12/R12-1)*100 -> 0.78560554 | T5: =(T12/S12-1)*100 -> -1.6307299 | U5: =(U12/T12-1)*100 -> -0.87738233 | X5: if value ≥ 110 | AC5: if 80 < value < 100 | AN5: Source Code
F6: Data from national statistical office | S6: =(S13/R13-1)*100 -> 4.7310755 | T6: =(T13/S13-1)*100 -> -0.51459069 | U6: =(U13/T13-1)*100 -> -2.5720323 | X6: if 100 < value < 110 | AC6: if value < 80 | AN6: 1 = Data from Eurostat | AS6: 6 = Now-Cast
F7: Estimations, now-casts, forecasts | S7: =(S14/R14-1)*100 -> -2.3385487 | T7: =(T14/S14-1)*100 -> 0.15489461 | U7: =(U14/T14-1)*100 -> -5.0803008 | AN7: 2 = Data from NSO | AS7: 7 = Forecast
S8: =(S15/R15-1)*100 -> 3.1585078 | T8: =(T15/S15-1)*100 -> 2.4515186 | U8: =(U15/T15-1)*100 -> 3.4582785 | AN8: 4 = Estimation
S9: =(S16/R16-1)*100 -> 4.2509972 | T9: =(T16/S16-1)*100 -> 2.879101 | U9: =(U16/T16-1)*100 -> 5.0058854
B10: section NACE Rev. 2 | C10: size class | D10: 2008 | E10: 2009 | F10: 2010 | G10: 2011 | H10: 2012 | I10: 2013 | J10: 2014 | K10: 2015 | L10: 2016 | M10: 2017 | N10: 2018 | O10: 2019 | P10: 2020 | Q10: 2021 | R10: 2022 | S10: 2023 | T10: 2024 | U10: 2025 | V10: 2008 (=100) | W10: 2009 | X10: 2010 | Y10: 2011 | Z10: 2012 | AA10: 2013 | AB10: 2014 | AC10: 2015 | AD10: 2016 | AE10: 2017 | AF10: 2018 | AG10: 2019 | AH10: 2020 | AI10: 2021 | AJ10: 2022 | AK10: 2023 | AL10: 2024 | AM10: 2025 | AN10: 2008 | AO10: 2009 | AP10: 2010 | AQ10: 2011 | AR10: 2012 | AS10: 2013 | AT10: 2014 | AU10: 2015 | AV10: 2016 | AW10: 2017 | AX10: 2018 | AY10: 2019 | AZ10: 2020 | BA10: 2021 | BB10: 2022 | BC10: 2023 | BD10: 2024 | BE10: 2025 | BG10: 2023 | BH10: 2024 | BI10: 2025 | BJ10: 2023 | BK10: 2024 | BL10: 2025
B11: All sections (Total non-financial business economy) | C11: 0 - 9 | D11: 1578998 | E11: 1493066 | F11: 1412498 | G11: 1350559 | H11: 1288790 | I11: 1260841 | J11: 1376335 | K11: 1139451 | L11: 1299632 | M11: 1137735 | N11: 1220551 | O11: 1166615 | P11: 1192925 | Q11: 1257772 | R11: 1261901 | S11: 1339186 | T11: 1425683 | U11: 1572066 | V11: =100 -> 100 | W11: =E11*100/$D11 -> 94.557815 | X11: =F11*100/$D11 -> 89.455338 | Y11: =G11*100/$D11 -> 85.532661 | Z11: =H11*100/$D11 -> 81.620749 | AA11: =I11*100/$D11 -> 79.850703 | AB11: =J11*100/$D11 -> 87.165088 | AC11: =K11*100/$D11 -> 72.162916 | AD11: =L11*100/$D11 -> 82.307387 | ... AM11: =U11*100/$D11 -> 99.560987 | BG11: =S11/S$15*100 -> 45.031745 | BH11: =T11/T$15*100 -> 46.793168 | BI11: =U11/U$15*100 -> 49.872944 | BJ11: =S11/S$16*100 -> 53.415697 | BK11: =T11/T$16*100 -> 55.274371 | BL11: =U11/U$16*100 -> 58.044085
C12: 10 - 49 | D12: 487783 | E12: 500409 | F12: 474487 | G12: 398251 | H12: 374422 | I12: 348456 | J12: 395462 | K12: 409849 | L12: 444429 | M12: 508092 | N12: 598307 | O12: 664601 | P12: 591120 | Q12: 683710 | R12: 738284 | S12: 744084 | T12: 731950 | U12: 725528 | V12: =100 -> 100 | W12: =E12*100/$D12 -> 102.58845 | X12: =F12*100/$D12 -> 97.274198 | Y12: =G12*100/$D12 -> 81.645117 | Z12: =H12*100/$D12 -> 76.759953 | AA12: =I12*100/$D12 -> 71.436684 | AB12: =J12*100/$D12 -> 81.073346 | AC12: =K12*100/$D12 -> 84.022813 | AD12: =L12*100/$D12 -> 91.112031 | ... AM12: =U12*100/$D12 -> 148.73991 | BG12: =S12/S$15*100 -> 25.020722 | BH12: =T12/T$15*100 -> 24.023755 | BI12: =U12/U$15*100 -> 23.016983 | BJ12: =S12/S$16*100 -> 29.679048 | BK12: =T12/T$16*100 -> 28.37803 | BL12: =U12/U$16*100 -> 26.788067
C13: 50 - 249 | D13: 345625 | E13: 315425 | F13: 279704 | G13: 296517 | H13: 238643 | I13: 233516 | J13: 255455 | K13: 263244 | L13: 283260 | M13: 311248 | N13: 335942 | O13: 361964 | P13: 308190 | Q13: 346397 | R13: 404686 | S13: 423832 | T13: 421651 | U13: 410806 | V13: =100 -> 100 | W13: =E13*100/$D13 -> 91.262206 | X13: =F13*100/$D13 -> 80.927016 | Y13: =G13*100/$D13 -> 85.791537 | Z13: =H13*100/$D13 -> 69.046799 | AA13: =I13*100/$D13 -> 67.5634 | AB13: =J13*100/$D13 -> 73.911031 | AC13: =K13*100/$D13 -> 76.164629 | AD13: =L13*100/$D13 -> 81.955877 | ... AM13: =U13*100/$D13 -> 118.85888 | BG13: =S13/S$15*100 -> 14.251862 | BH13: =T13/T$15*100 -> 13.839252 | BI13: =U13/U$15*100 -> 13.032598 | BJ13: =S13/S$16*100 -> 16.905256 | BK13: =T13/T$16*100 -> 16.347599 | BL13: =U13/U$16*100 -> 15.167848
